Workbook

Sheet Jan 2018
A1: BACK-UP 01 Feb 18 @ 16:46
B2: PEAK | C2: ACSI | I2: OFF PEAK | M2: ACSI | R2: OFF PEAK | V2: ACSI | AA2: OFF PEAK | AD2: ACSI
A3: Pitch | B3: Mon | C3: Tue | D3: Wed | E3: Thu | F3: Fri | G3: Sat | H3: Sun | I3: Mon | J3: Tue | K3: Wed | L3: Thu | M3: Fri | N3: Sat | O3: Sun | P3: Mon | Q3: Tue | R3: Wed | S3: Thu | T3: Fri | U3: Sat | V3: Sun | W3: Mon | X3: Tue | Y3: Wed | Z3: Thu | AA3: Fri | AB3: Sat | AC3: Sun | AD3: Mon | AE3: Tues | AF3: Wed | AG3: Pitch
A4: No. | B4: 1 | C4: 2 | D4: 3 | E4: 4 | F4: 5 | G4: 6 | H4: 7 | I4: 8 | J4: 9 | K4: 10 | L4: 11 | M4: 12 | N4: 13 | O4: 14 | P4: 15 | Q4: 16 | R4: 17 | S4: 18 | T4: 19 | U4: 20 | V4: 21 | W4: 22 | X4: 23 | Y4: 24 | Z4: 25 | AA4: 26 | AB4: 27 | AC4: 28 | AD4: 29 | AE4: 30 | AF4: 31 | AG4: No.
A5: 1 | C5: Jenkins | G5: Silver | I5: Jenkins | M5: McAuley | N5: Nichoson | P5: Jenkins | U5: Pinfield | X5: Jenkins | AD5: Jenkins | AG5: 1
A6: 1a | AG6: 1a | AH6: Not here
A7: 2 | B7: Paid up to 6th Jan - move to pl 23 | H7: Back today | AG7: 2 | AH7: Tent
A8: 3 | F8: Elvery | AG8: 3 | AH8: Trailer tent
A9: 4 | AG9: 4 | AH9: Folding caravan
A10: 5 | AG10: 5 | AH10: Caravan
A11: 6 | AC11: Al | AG11: 6 | AH11: Camper van
A12: 7 | AG12: 7 | AH12: Motorhome
A13: 8 | E13: Schreiber | F13: Watters | G13: Mason | J13: Davies | K13: Pochin | M13: Edwards | N13: Smith | P13: + | R13: Stenton | S13: Hollows | V13: Berry | X13: Lewendon | Y13: Berry | Z13: Button - do not move | AD13: Wilkinson | AG13: 8 | AH13: RV
A14: 9 | B14: Staples | G14: Price | H14: Mclean | J14: Willey | L14: Cooper | N14: Beacham - no show | Q14: Stevenson | V14: Judd | X14: Duke | Y14: Armstrong | AA14: Berry | AB14: Briney | AG14: 9 | AH14: Free night
A15: 10 | O15: Nicholson | U15: 1 | AB15: 2 | AG15: 10 | AH15: Poss Extra / late stay
A16: 11 | B16: Bennett | F16: Hewson | J16: Oliver | K16: Bernstone | M16: Tomkins / Kinght | O16: Collyer | P16: Whiteman | T16: Berry | U16: Carney | X16: Yates | Y16: Cervini | AA16: Fisher | AG16: 11 | AH16: Hard Standing
A17: 12 | G17: Outhwaite | M17: Tomkins | O17: Purvis | U17: Atkinson | X17: Jamieson | AA17: Rishton | AB17: Cooper - poster boys | AG17: 12 | AH17: Not in use
A18: 13 | I18: Bernstone | J18: Reynolds | K18: Walsh - Lee | M18: Lee | O18: Darnley | P18: Darnley came in 14 Jan | V18: 1 | AC18: 2 | AE18: Cross | AF18: Halls | AG18: 13 | AH18: Off Peak
A19: 14 | B19: Almond here | C19: here | D19: here | E19: 1 | L19: 2 | S19: 3 | U19: here 1 night | Z19: 4 | AG19: 14 | AH19: Bank holiday
A20: 15 | J20: Walsh - Lee | AG20: 15 | AH20: Peak
A21: 16 | J21: Bernstone put on dead end road by 16 to plug into ehu | X21: Alton - on the road | AG21: 16 | AH21: Seasonal pitch
A22: 16a | J22: Moores placed by the anchor | AG22: 16a | AH22: Non arrival
A23: 17 | AG23: 17 | AH23: Refund
A24: 17a | AG24: 17a | AH24: Cancelled
A25: 18 | AG25: 18 | AH25: late stay
A26: 18a | AG26: 18a
A27: 19 | B27: cont… | D27: Dedman | G27: Farrel | H27: Brown - DO NOT MOVE | L27: Musgrove | M27: Lilley | N27: Tillotson | P27: Gill | Q27: Thomas | R27: Walters | S27: Fox | U27: Clough | X27: Cooper | Z27: Gill | AB27: Boulter | AE27: Finch | AG27: 19 | AH27: =ALERTS!E18 -> 0
A28: 20 | B28: Harvey cont… | E28: 1 | H28: visitor | L28: 2 | S28: 3 | AB28: Panplin do not move | AG28: 20 | AH28: =ALERTS!E19 -> 0
A29: 21 | B29: Conlon | H29: 1 | O29: 2 | V29: 3 | AC29: 4 | AD29: £700 due for following 4 wks if ex | AG29: 21 | AH29: =ALERTS!E20 -> 0
A30: 22 | AG30: 22
A31: Pitch | B31: Mon | C31: Tue | D31: Wed | E31: Thu | F31: Fri | G31: Sat | H31: Sun | I31: Mon | J31: Tue | K31: Wed | L31: Thu | M31: Fri | N31: Sat | O31: Sun | P31: Mon | Q31: Tue | R31: Wed | S31: Thu | T31: Fri | U31: Sat | V31: Sun | W31: Mon | X31: Tue | Y31: Wed | Z31: Thu | AA31: Fri | AB31: Sat | AC31: Sun | AD31: Mon | AE31: Tues | AF31: Wed | AG31: Pitch
A32: No. | B32: 1 | C32: 2 | D32: 3 | E32: 4 | F32: 5 | G32: 6 | H32: 7 | I32: 8 | J32: 9 | K32: 10 | L32: 11 | M32: 12 | N32: 13 | O32: 14 | P32: 15 | Q32: 16 | R32: 17 | S32: 18 | T32: 19 | U32: 20 | V32: 21 | W32: 22 | X32: 23 | Y32: 24 | Z32: 25 | AA32: 26 | AB32: 27 | AC32: 28 | AD32: 29 | AE32: 30 | AF32: 31 | AG32: No.
A33: 23 | H33: 1 Mclouglin | J33: Skelton | K33: McLoughlin | O33: 2 | V33: 3 | AC33: 4 | AG33: 23 | AH33: TODAY IS
A34: 23a | B34: Saunders RV pd up to 20 Jan | U34: Taylor | V34: Robbie | AB34: 1 | AG34: 23a | AH34: =TODAY() -> 43430
A35: 24 | B35: Kamienquz | S35: Riddell | V35: Paine | AB35: 1 | AG35: 24
A36: 25 | B36: Parker | G36: 2 | M36: girlfriend + car | N36: gf stayed | U36: 4 | AC36: Evan | AG36: 25
A37: 26 | B37: Halligan £250 due for 4 wks | H37: 1 | J37: Paid | O37: 2 | V37: 3 | AC37: 4 | AD37: £250 - 6744 | AG37: 26
A38: 27 | B38: DEAN | H38: Sue Sibley £600.00 per 4 wks | O38: 1 | V38: 2 | AC38: 3 | AG38: 27
A39: 28 | B39: Pip & Wayne | I39: off | J39: off | K39: off | P39: off | Q39: off | R39: off | V39: off | W39: off | X39: off | Y39: off | AC39: off | AD39: off | AE39: off | AF39: swap | AG39: 28
A40: 29 | B40: Nutt cont.. | C40: Ray & Morise | G40: 4 | N40: 1 | U40: 2 | Z40: away until 4th feb | AG40: 29 | AH40: NO DOGS
A41: 30 | B41: cont.. | F41: Taylor | H41: Chris Medway | N41: 1 | U41: 2 | AB41: 3 | AG41: 30 | AH41: NO DOGS
A42: 31 | B42: Bob Stuart | I42: Paid | AB42: Roffe | AG42: 31 | AH42: NO DOGS
A43: 32 | G43: Spicer | J43: Cleaver | M43: Gathern | P43: Hellstrom | W43: Cronan | AA43: Hiscock | AF43: Purvis | AG43: 32 | AH43: NO DOGS
A44: 33 | G44: mcintosh | H44: Balmer | M44: Dent | N44: Gordon | Q44: Hodkinson | U44: Brown | W44: £79 to pay for extra car | AA44: 1 | AG44: 33 | AH44: NO DOGS
A45: 34 | G45: willner | I45: Widdows | J45: Houghton | L45: Holton | M45: Tutt | O45: Montague | U45: Shearer | X45: Lewis | AA45: Rush | AD45: Brown | AE45: Harrison | AF45: Goodman | AG45: 34 | AH45: NO DOGS
A46: 35 | AG46: 35
A47: 36 | AG47: 36
A48: 37 | AG48: 37
A49: 38 | AG49: 38
A50: 39 | AG50: 39
A51: 40 | AG51: 40
A52: 41 | AG52: 41
A53: LAYBY | J53: Broom | Q53: Walters | U53: Saunders | AE53: Jennings
A54: Pitch | B54: Mon | C54: Tue | D54: Wed | E54: Thu | F54: Fri | G54: Sat | H54: Sun | I54: Mon | J54: Tue | K54: Wed | L54: Thu | M54: Fri | N54: Sat | O54: Sun | P54: Mon | Q54: Tue | R54: Wed | S54: Thu | T54: Fri | U54: Sat | V54: Sun | W54: Mon | X54: Tue | Y54: Wed | Z54: Thu | AA54: Fri | AB54: Sat | AC54: Sun | AD54: Mon | AE54: Tues | AF54: Wed | AG54: Pitch
A55: No. | B55: 1 | C55: 2 | D55: 3 | E55: 4 | F55: 5 | G55: 6 | H55: 7 | I55: 8 | J55: 9 | K55: 10 | L55: 11 | M55: 12 | N55: 13 | O55: 14 | P55: 15 | Q55: 16 | R55: 17 | S55: 18 | T55: 19 | U55: 20 | V55: 21 | W55: 22 | X55: 23 | Y55: 24 | Z55: 25 | AA55: 26 | AB55: 27 | AC55: 28 | AD55: 29 | AE55: 30 | AF55: 31 | AG55: No.
A56: Paddock | E56: Young | J56: Hepts | AB56: Stickland | AG56: Paddock
E57: Byfleet | J57: Billington | AC57: Balmer
A58: 7a | C58: Garrity | H58: Wyeth | I58: Wyeth | J58: £25.50 pn | O58: 1 | V58: 2 | AG58: 7a
A59: 8a | E59: Ricky McHugh | AG59: 8a
A60: 9a | AG60: 9a
A61: 10a | AG61: 10a
A62: 11a | AG62: 11a
A63: 12a | AG63: 12a
A64: 13a | AG64: 13a
A65: 14a | AG65: 14a
A67: Behind Barn | AG67: Behind Barn
A68: Storm | AG68: Storm
A69: compass | AG69: compass | AH69: £260 wk
A70: Senator | AG70: Senator
A71: STORAGE | F71: PLEASE NOTE: STORAGE IS PAID FOR A MINIMUM OF 12WKS - NO REFUND IF TAKEN OUT EARLY
A72: 0-1 | B72: Paskins | AG72: =A72 -> 0-1
A73: 0-2 | B73: Isaac | Y73: paid 12wks from 24 Jan | AE73: 1 | AG73: =A73 -> 0-2
A74: 0-3 | B74: Callaway | I74: Getting new caravan wont be moving his until after 7th Jan | AC74: 12wks | AD74: £120 due | AG74: =A74 -> 0-3
A75: 0-4 | B75: Salvage | AG75: =A75 -> 0-4
A76: 0-5 | B76: Richardson | H76: 10wks | O76: 11wka | V76: 12wks | W76: STORAGE DUE up to 28 Jan £130 | AC76: Coombes | AG76: =A76 -> 0-5
A77: 0-6 | B77: Walcroft | AG77: =A77 -> 0-6
A78: 0-7 | B78: Buck | D78: 5 | K78: 6 | R78: 7 | Y78: 8 | AF78: 9 | AG78: =A78 -> 0-7
A79: 0-8 | B79: Holloway-Moger - due back in on 1st Jan ok to put in front of Malcolms if going out again in the next few weeks | AG79: =A79 -> 0-8
A80: 0-9 | B80: Gleeson | E80: 2 | L80: 3 | S80: 4 | AC80: 2 | AG80: =A80 -> 0-9
A81: 0-10 | B81: Digby - Nelson | W81: rang | AG81: =A81 -> 0-10
A82: 0-11 | AC82: Hannah Gleeson | AG82: =A82 -> 0-11
A84: Pitch | B84: =B54 -> Mon | C84: =C54 -> Tue | D84: =D54 -> Wed | E84: =E54 -> Thu | F84: =F54 -> Fri | G84: =G54 -> Sat | H84: =H54 -> Sun | I84: =I54 -> Mon | ... AF84: =AF54 -> Wed | AG84: Pitch
A85: No. | B85: 1 | C85: 2 | D85: 3 | E85: 4 | F85: 5 | G85: 6 | H85: 7 | I85: 8 | J85: 9 | K85: 10 | L85: 11 | M85: 12 | N85: 13 | O85: 14 | P85: 15 | Q85: 16 | R85: 17 | S85: 18 | T85: 19 | U85: 20 | V85: 21 | W85: 22 | X85: 23 | Y85: 24 | Z85: 25 | AA85: 26 | AB85: 27 | AC85: 28 | AD85: 29 | AE85: 30 | AF85: 31 | AG85: No. | AH85: Bill work 16 to 22 Jan
A86: CAMPING NO ELECTRIC
A87: 42 | AG87: =A87 -> 42
A88: 43 | AG88: =A88 -> 43
A89: 44 | AG89: =A89 -> 44
A90: 45 | AG90: =A90 -> 45
A91: 46 | AG91: =A91 -> 46
A92: 47 | AG92: =A92 -> 47
A93: 48 | AG93: =A93 -> 48
A94: 49 | AG94: =A94 -> 49
A95: 50 | AG95: =A95 -> 50
A96: 51 | AG96: =A96 -> 51
A97: 52 | AG97: =A97 -> 52
A98: 53 | AG98: =A98 -> 53
... A103: 58 | AG103: =A103 -> 58

Sheet Feb 2018
A1: BACK-UP 28 FEB 18 @ 1700
E2: ACSI | K2: Half Term 10 to 18 Feb | O2: OFF PEAK STILL | V2: 0FF | W2: PEAK
A3: Pitch | B3: Thu | C3: Fri | D3: Sat | E3: Sun | F3: Mon | G3: Tue | H3: Wed | I3: Thu | J3: Fri | K3: Sat | L3: Sun | M3: Mon | N3: Tue | O3: Wed | P3: Thu | Q3: Fri | R3: Sat | S3: Sun | T3: Mon | U3: Tue | V3: Wed | W3: Thu | X3: Fri | Y3: Sat | Z3: Sun | AA3: Mon | AB3: Tues | AC3: Wed | AD3: Pitch
A4: No. | B4: 1 | C4: 2 | D4: 3 | E4: 4 | F4: 5 | G4: 6 | H4: 7 | I4: 8 | J4: 9 | K4: 10 | L4: 11 | M4: 12 | N4: 13 | O4: 14 | P4: 15 | Q4: 16 | R4: 17 | S4: 18 | T4: 19 | U4: 20 | V4: 21 | W4: 22 | X4: 23 | Y4: 24 | Z4: 25 | AA4: 26 | AB4: 27 | AC4: 28 | AD4: No.
A5: 1 | B5: Jenkins | C5: Slade on road plug into EHU 14 or 16 (said he does not need a pitch) | D5: Scholey | E5: Wiltshire | F5: Jenkins | J5: Baker | M5: Burnstone | N5: Luter | O5: Burnstone | Q5: Burnett | T5: Keeton | U5: Kift | X5: Ball | Y5: Mendis | Z5: Rawling late ferry arr 2130 | AB5: White | AC5: Ind | AD5: 1
A6: 2 | J6: Moore | M6: moved from plot 12 to be near toilets | R6: Jenkins | T6: Armstrong | V6: Bennett | AB6: 1 | AC6: £24 pn | AD6: 2 | AE6: Not here
A7: 2a | H7: REMINDER: NO ACSI WHEN 3 OR LESS PITCHES LEFT OR ON A TUESDAY | AD7: 2a | AE7: Tent
A8: 3 | AC8: PIP | AD8: 3 | AE8: Trailer tent
A9: 4 | R9: van parked by barn | AD9: 4 | AE9: Folding caravan
A10: 5 | AD10: 5 | AE10: Caravan
A11: 6 | H11: McDonald | AD11: 6 | AE11: Camper van
A12: 7 | P12: Blyth | U12: Browning | AD12: 7 | AE12: Motorhome
A13: 8 | B13: Beddow - with Gillespie | F13: Pippett | G13: Thompson | I13: Hallows | K13: Malcolm | P13: Allen | U13: Naylor | W13: Sibbons | AB13: Morton | AC13: Hollows | AD13: 8 | AE13: RV
A14: 9 | B14: Briney con | D14: Gillespie | G14: Horne | H14: Newey | W14: Wyatt | Y14: Spooner | AB14: O'Neil | AD14: 9 | AE14: Free night
A15: 10 | C15: cont | E15: Nicholson - | M15: Oakley | Y15: Pd 27 Feb | AD15: 10 | AE15: Poss Extra / late stay
A16: 11 | B16: O'Brian | E16: Clark | G16: Ding | H16: Rowland | J16: Langworthy | L16: Bull | N16: Ricketts | P16: Butcher | U16: Dustan | W16: Walton | AD16: 11 | AE16: Hard Standing
A17: 12 | B17: cont… | C17: Cooper | K17: Watts | N17: Stephenson | O17: Debono | R17: Grech | U17: Weake | W17: Truscott | AD17: 12 | AE17: Not in use
A18: 13 | B18: Stevens | C18: Pearce | E18: Balmer | G18: McGinty | J18: Holmes | L18: GRAHAM | P18: Mead | R18: Meacock | X18: Harvey | AB18: Kevey | AD18: 13 | AE18: Off Peak
A19: 14 | B19: Almond cont.. | G19: Griffin | Q19: here 2n | U19: Pratten | AD19: 14 | AE19: Bank holiday
A20: 15 | AD20: 15 | AE20: Peak
A21: 16 | C21: Tayler by end of road with EHU | G21: Jenkins | N21: Burnstone | R21: Thorn | AD21: 16 | AE21: Seasonal pitch
A22: 16a | I22: The road is only to be used for 1n bookings as we need access daily | AD22: 16a | AE22: Non arrival
A23: 17 | AD23: 17 | AE23: Refund
A24: 17a | AD24: 17a | AE24: Cancelled
A25: 18 | C25: Perkin - reserved | AD25: 18 | AE25: late stay
A26: 18a | C26: Perkin | N26: MacDonald | AD26: 18a
A27: 19 | C27: Towse | J27: Farmborough | N27: Beacham - no show | O27: Debono | Q27: Eades | U27: McBryer | X27: Pearson do not move | AB27: Eastick | AD27: 19 | AE27: =ALERTS!E21 -> 0
A28: 20 | B28: Panplin do not move | N28: Worden | P28: Mann | U28: Nethercott | W28: Reeve | Y28: Betty | Z28: Usher | AB28: Jehu | AD28: 20 | AE28: =ALERTS!E22 -> 0
A29: 21 | B29: Conlon cont… | E29: 1 | J29: WJ63 VLW | L29: 2 | S29: 3 | Z29: 4 | AD29: 21 | AE29: =ALERTS!E23 -> 0
A30: 22 | AD30: 22
A31: Pitch | B31: Thu | C31: Fri | D31: Sat | E31: Sun | F31: Mon | G31: Tue | H31: Wed | I31: Thu | J31: Fri | K31: Sat | L31: Sun | M31: Mon | N31: Tue | O31: Wed | P31: Thu | Q31: Fri | R31: Sat | S31: Sun | T31: Mon | U31: Tue | V31: Wed | W31: Thu | X31: Fri | Y31: Sat | Z31: Sun | AA31: Mon | AB31: Tues | AC31: Wed | AD31: Pitch
A32: No. | B32: 1 | C32: 2 | D32: 3 | E32: 4 | F32: 5 | G32: 6 | H32: 7 | I32: 8 | J32: 9 | K32: 10 | L32: 11 | M32: 12 | N32: 13 | O32: 14 | P32: 15 | Q32: 16 | R32: 17 | S32: 18 | T32: 19 | U32: 20 | V32: 21 | W32: 22 | X32: 23 | Y32: 24 | Z32: 25 | AA32: 26 | AB32: 27 | AC32: 28 | AD32: No. | AE32: Bill work 13 to 19th Feb
A33: 23 | B33: McLoughlin | E33: pd £600 due for 4wks | K33: 1 | R33: 2 | Y33: 3 | AD33: 23 | AE33: TODAY IS
A34: 23a | B34: Robbie cont.. | D34: 2 | H34: leaving | N34: Harries | Q34: Morris | U34: Marriner | Y34: Rose | Z34: Pearce - | AA34: Poster | AB34: Boys | AD34: 23a | AE34: =TODAY() -> 43430
A35: 24 | B35: Paine cont….. | D35: 2 | K35: 3 | M35: ex car | N35: ex person Tues & Wed | R35: 4 | V35: 4nx27=£108 | AB35: cleaver | AC35: Steel | AD35: 24
A36: 25 | B36: Evans | F36: pd for ex week | S36: pd from 18 to 25th feb | AB36: Longstaff | AD36: 25
A37: 26 | B37: Halligan cont… | E37: 1 | H37: here | I37: here | L37: here 2 | M37: here | S37: 3 | Z37: here 4 | AA37: here | AB37: here | AC37: here
A38: 27 | B38: Sibley cont | E38: 4 | L38: 1 | S38: 2 | Z38: 3 | AD38: 27
A39: 28 | E39: off | F39: off | G39: off | H39: off | M39: off | N39: off | O39: off | S39: off | T39: off | U39: off | V39: off | AA39: off | AB39: off | AC39: off | AD39: 28 | AG39: duty w
A40: 29 | B40: Nutt cont.. | D40: 4 | K40: 1 | R40: 2 | Y40: 3 | AD40: 29 | AE40: NO DOGS
A41: 30 | B41: Medway | E41: Paid up to 2 March | K41: 1 | R41: 2 | Y41: 3 | AD41: 30 | AE41: NO DOGS
A42: 31 | B42: Bob Stuart | C42: Bob off | D42: off | E42: off | J42: off | K42: off | L42: off | Q42: off | R42: off | S42: off | U42: hire car | X42: off | Y42: off | Z42: off | AD42: 31 | AE42: NO DOGS
A43: 32 | B43: Purvis | N43: laughton | Q43: Welden | X43: Brown | Y43: Barter | Z43: Clews | AD43: 32 | AE43: NO DOGS
A44: 33 | B44: Brown cont.. | C44: 2 | J44: 3 | K44: Soul | M44: Plant | P44: Kelly | U44: Windemere | V44: Orange-Thompson | AD44: 33 | AE44: NO DOGS
A45: 34 | B45: cont | E45: Spokes | G45: Morgan | K45: Foreman | U45: Bodenham | V45: Ashwell keep 33/34 together | AD45: 34 | AE45: NO DOGS
A46: 35 | AD46: 35
A47: 36 | AD47: 36
A48: 37 | AD48: 37
A49: 38 | AD49: 38
A50: 39 | AD50: 39
A51: 40 | AD51: 40
A52: 41 | AD52: 41
A53: LAYBY | G53: Atkins | N53: Clegg | U53: Roulstone | Z53: Briggs | AD53: LAB
A54: Pitch | B54: =B31 -> Thu | C54: =C31 -> Fri | D54: =D31 -> Sat | E54: =E31 -> Sun | F54: =F31 -> Mon | G54: =G31 -> Tue | H54: =H31 -> Wed | I54: =I31 -> Thu | ... AC54: =AC31 -> Wed | AD54: Pitch
A55: No. | B55: 1 | C55: 2 | D55: 3 | E55: 4 | F55: 5 | G55: 6 | H55: 7 | I55: 8 | J55: 9 | K55: 10 | L55: 11 | M55: 12 | N55: 13 | O55: 14 | P55: 15 | Q55: 16 | R55: 17 | S55: 18 | T55: 19 | U55: 20 | V55: 21 | W55: 22 | X55: 23 | Y55: 24 | Z55: 25 | AA55: 26 | AB55: 27 | AC55: 28 | AD55: No. | AE55: Bill work 13 to 19th Feb
A56: Paddock | H56: Smith | M56: Armstrong | X56: Bowden | AD56: Paddock
A58: 7a | AD58: 7a
A59: 8a | AD59: 8a
A60: 9a | AD60: 9a
A61: 10a | AD61: 10a
A62: 11a | AD62: 11a
A63: 12a | AD63: 12a
A64: 13a | AD64: 13a
A65: 14a | AD65: 14a
A67: Behind Barn | AD67: N
A68: Storm | AD68: O
A69: compass | AD69: N
A70: Senator
A71: STORAGE | AD71: E
A72: 0-1 | B72: Paskins | AD72: L
A73: 0-2 | B73: Isaac | G73: 2 | N73: 3 | U73: 4 | AB73: 5 | AD73: =A73 -> 0-2
A74: 0-3 | B74: Callaway | E74: 1 | L74: 2 | S74: 3 | Z74: 4 | AD74: =A74 -> 0-3
A75: 0-4 | B75: Salvage | H75: 1 | O75: 2 | V75: 3 | AC75: 4 | AD75: =A75 -> 0-4
A76: 0-5 | B76: Coombes | D76: 1 | K76: 2 | R76: 3 | Y76: 4 | AD76: =A76 -> 0-5
A77: 0-6 | B77: Walcroft | H77: 1 | J77: came to check up on their c/v | O77: 2 | V77: 3 | AC77: 4 | AD77: =A77 -> 0-6
A78: 0-7 | B78: Buck | H78: 10 | O78: 11 | V78: 12 | AC78: 1 | AD78: =A78 -> 0-7
A79: 0-8 | B79: Holloway-Moger | E79: 10 | L79: 11 | T79: £120 due for 12 wks | V79: AwAY | Z79: 1 | AD79: =A79 -> 0-8
A80: 0-9 | B80: Gleeson - dads caravan | AB80: 12wks | AD80: =A80 -> 0-9
A81: 0-10 | B81: Digby | H81: 1 | M81: HG07 GKA | O81: 2 | V81: 3 | AC81: 4 | AD81: =A81 -> 0-10
A82: 0-11 | B82: Gleeson | D82: 1 | K82: 2 | R82: 3 | Y82: 4 | AD82: 0-11
A83: 0-12 | J83: Williams 12 wks 9 Feb - 4 May 18 | P83: 1 | W83: 2
A84: Pitch | B84: =B54 -> Thu | C84: =C54 -> Fri | D84: =D54 -> Sat | E84: =E54 -> Sun | F84: =F54 -> Mon | G84: =G54 -> Tue | H84: =H54 -> Wed | I84: =I54 -> Thu | ... AC84: =AC54 -> Wed | AD84: Pitch
A85: No. | B85: 1 | C85: 2 | D85: 3 | E85: 4 | F85: 5 | G85: 6 | H85: 7 | I85: 8 | J85: 9 | K85: 10 | L85: 11 | M85: 12 | N85: 13 | O85: 14 | P85: 15 | Q85: 16 | R85: 17 | S85: 18 | T85: 19 | U85: 20 | V85: 21 | W85: 22 | X85: 23 | Y85: 24 | Z85: 25 | AA85: 26 | AB85: 27 | AC85: 28 | AD85: No.
A86: CAMPING NO ELECTRIC | AD86: Camping No elec
A87: 42 | AD87: =A87 -> 42
A88: 43 | AD88: =A88 -> 43
A89: 44 | AD89: =A89 -> 44
A90: 45 | AD90: =A90 -> 45
A91: 46 | AD91: =A91 -> 46
A92: 47 | AD92: =A92 -> 47
A93: 48 | AD93: =A93 -> 48
A94: 49 | AD94: =A94 -> 49
A95: 50 | AD95: =A95 -> 50
A96: 51 | AD96: =A96 -> 51
A97: 52 | AD97: =A97 -> 52
A98: 53 | AD98: =A98 -> 53
... A109: 58 | AD109: =A109 -> 58

Sheet Mar 2018
A1: Back up 31 March @ 17:15
B2: OFF PEAK | I2: OFF PEAK | Q2: OFF PEAK | X2: OFF PEAK | AE2: Bank Hol
A3: Pitch | B3: Thu | C3: Fri | D3: Sat | E3: Sun | F3: Mon | G3: Tue | H3: Wed | I3: Thu | J3: Fri | K3: Sat | L3: Sun | M3: Mon | N3: Tue | O3: Wed | P3: Thu | Q3: Fri | R3: Sat | S3: Sun | T3: Mon | U3: Tue | V3: Wed | W3: Thu | X3: Fri | Y3: Sat | Z3: Sun | AA3: Mon | AB3: Tues | AC3: Wed | AD3: Thur | AE3: Fri | AF3: Sat | AG3: Pitch
A4: No. | B4: 1 | C4: 2 | D4: 3 | E4: 4 | F4: 5 | G4: 6 | H4: 7 | I4: 8 | J4: 9 | K4: 10 | L4: 11 | M4: 12 | N4: 13 | O4: 14 | P4: 15 | Q4: 16 | R4: 17 | S4: 18 | T4: 19 | U4: 20 | V4: 21 | W4: 22 | X4: 23 | Y4: 24 | Z4: 25 | AA4: 26 | AB4: 27 | AC4: 28 | AD4: 29 | AE4: 30 | AF4: 31 | AG4: No.
A5: 1 | I5: Chipperton | J5: Baxter | M5: Darby | P5: Hollows | R5: Jenkins | S5: Davies | T5: Darby | W5: Keeton | X5: Kerr | Z5: Isaacs | AD5: Pearce | AG5: 1
A6: 2 | B6: Bennett cont… | G6: 2 | N6: 3 | U6: 4 | AB6: 5 | AG6: 2 | AH6: Not here
A7: 2a | B7: Stella to ring Mr Isaac about moving caravan 2 March | K7: appt 10am | N7: Stella & Bill's caravan we will move it for Easter if need pitch | AE7: Heppel | AG7: 2a | AH7: Tent
A8: 3 | F8: O'Dell | R8: Carter | AE8: Rackley | AG8: 3 | AH8: Trailer tent
A9: 4 | E9: REMINDER: NO ACSI WHEN 3 OR LESS PITCHES LEFT OR TUESDAY | AD9: Sheehan | AG9: 4 | AH9: Folding caravan
A10: 5 | P10: ` | V10: Yardley | AC10: Healey | AG10: 5 | AH10: Caravan
A11: 6 | G11: Callaway until Bill well enough to move it back into storage | AD11: Bodrell | AG11: 6 | AH11: Camper van
A12: 7 | AC12: Reast | AG12: 7 | AH12: Motorhome
A13: 8 | B13: cont.. | E13: Beardmore | I13: Dundon | J13: Lomax | L13: Holloway | P13: Barnes | Q13: Granell | S13: Sherwin | U13: Meacock | X13: Whitfield | AG13: 8 | AH13: RV
A14: 9 | I14: Summers | J14: Jerram | M14: Hollows | P14: Jones to move here Thurs - owes from 15th March | AA14: Hollows | AD14: Chapman | AG14: 9 | AH14: late stay
A15: 10 | B15: Oakley cont…… | C15: 1 | J15: 2 | Q15: 3 | X15: 4 | AD15: Chapman | AG15: 10 | AH15: Poss Extra / late stay
A16: 11 | G16: stella's M/H | L16: Wood | N16: Hewison | Q16: Stearns | X16: Fisher - Pam | AA16: Sudron | AD16: Chapman / Sullivan | AG16: 11 | AH16: Hard Standing
A17: 12 | E17: Brown | F17: Barrell | K17: Brock | R17: Mason | X17: Powell | AA17: Bates - DO NOT MOVE | AE17: Jackson | AG17: 12 | AH17: Not in use
A18: 13 | E18: Newsholme | I18: Jones - want ex week acsi | Q18: Armitstead | X18: 2 | AE18: 3 | AG18: 13 | AH18: Off Peak
A19: 14 | B19: Almond cont.. | I19: 2 | P19: 3 | W19: 4wks | X19: £198 due | AD19: 1 | AG19: 14 | AH19: Bank holiday
A20: 15 | AG20: 15 | AH20: Peak
A21: 16 | AE21: Hewett | AG21: 16 | AH21: Seasonal pitch
A22: 16a | AG22: 16a | AH22: Non arrival
A23: 17 | AE23: Hewett / Bishop | AG23: 17 | AH23: Refund
A24: 17a | AG24: 17a | AH24: Cancelled
A25: 18 | AG25: 18
A26: 18a | AE26: Wilmot | AF26: Harris | AG26: 18a
A27: 19 | E27: Bahlke | J27: Summersgill | K27: Anderson | AA27: Dayerman | AC27: Hughes | AE27: Masterton | AG27: 19 | AH27: =ALERTS!E24 -> 0
A28: 20 | E28: Carrie-Ann | L28: Colwill | M28: Middleton | P28: Headon | V28: Sanderson | W28: Collins | X28: Rawlings | Z28: Hendry do not move | AA28: Peckover | AE28: 30 | AF28: Hanson | AG28: 20 | AH28: =ALERTS!E25 -> 0
A29: 21 | B29: Conlon | E29: 1 | L29: 2 | S29: 3 | Z29: 4 | AG29: 21 | AH29: =ALERTS!E26 -> 0
A30: 22 | U30: CallawaY | W30: came in and took away for easter | AE30: Wilmot pl 20 | AG30: 22
A31: Pitch | B31: =B3 -> Thu | C31: =C3 -> Fri | D31: =D3 -> Sat | E31: =E3 -> Sun | F31: =F3 -> Mon | G31: =G3 -> Tue | H31: =H3 -> Wed | I31: =I3 -> Thu | ... AF31: =AF3 -> Sat | AG31: Pitch
A32: No. | B32: 1 | C32: 2 | D32: 3 | E32: 4 | F32: 5 | G32: 6 | H32: 7 | I32: 8 | J32: 9 | K32: 10 | L32: 11 | M32: 12 | N32: 13 | O32: 14 | P32: 15 | Q32: 16 | R32: 17 | S32: 18 | T32: 19 | U32: 20 | V32: 21 | W32: 22 | X32: 23 | Y32: 24 | Z32: 25 | AA32: 26 | AB32: 27 | AC32: 28 | AD32: 29 | AE32: 30 | AF32: 31 | AG32: No. | AH32: TODAY IS
A33: 23 | B33: McLoughlin | D33: 4wks | O33: Ellis - ACSI | AE33: Tutt | AG33: 23 | AH33: =TODAY() -> 43430
A34: 23a | B34: Cont.. | E34: Hunt | H34: Hunt | L34: stella's M/H - it can be moved | AD34: Watts | AE34: Carpenter | AG34: 23a
A35: 24 | B35: Cont.. | D35: dunn | K35: Armitstead | Q35: Paine | T35: Bank | U35: Raup | Z35: Charles | AC35: Marriner | AE35: Doe | AG35: 24
A36: 25 | C36: Paine cont….. | P36: Varney | R36: Taylor | Y36: 1 | AG36: 25
A37: 26 | B37: Halligan cont… | C37: 6nights on site to here | E37: 1 | F37: Still owes £20 from last month + £5 pr night for the extra car from 3 March | S37: 3 | Z37: 4wks | AG37: 26
A38: 27 | B38: cont.. | AD38: Nutt cont.. | AG38: 27
A39: 28 | E39: off | F39: off | G39: off | H39: off | M39: off | N39: off | O39: off | S39: off | T39: off | U39: off | V39: off | Z39: STELLA | AB39: off | AC39: off | AG39: 28
A40: 29 | B40: Nutt cont.. | D40: 4 | K40: 1 | R40: 2 | Y40: 3 | AE40: Guerandel | AG40: 29 | AH40: NO DOGS
A41: 30 | B41: Medway | I41: Lewis | K41: Sharp | M41: Redpath | N41: Charles | S41: Bates | T41: Bell | W41: Healy | Y41: Siegmund | AE41: Matthews | AG41: 30 | AH41: NO DOGS
A42: 31 | B42: Bob Stuart | AE42: Duff | AG42: 31 | AH42: NO DOGS
A43: 32 | B43: Clews cont.. | G43: Stansfield | J43: Clews back | L43: pd | R43: 1 | X43: Beckmann | AG43: 32 | AH43: NO DOGS
A44: 33 | D44: Strawbridge | G44: Mison | L44: Falconer | R44: Pearce | U44: Walker | W44: Hankin | X44: Reeves | Y44: Hammond | AA44: Weedon | AD44: Hatfield | AG44: 33 | AH44: NO DOGS
A45: 34 | J45: Stoker - Brian & Jenny | M45: Morgan | R45: Shorrock | X45: Burton | AD45: Stoker - Brian & Jenny | AG45: 34 | AH45: NO DOGS
A46: 35 | AE46: Kirwin | AG46: 35
A47: 36 | AG47: 36
A48: 37 | AE48: Palmer | AG48: 37
A49: 38 | AD49: Harvey | AG49: 38
A50: 39 | AE50: Neild | AG50: 39
A51: 40 | AG51: 40
A52: 41 | AG52: 41
A53: Late arrival bay | X53: webster | Z53: Houghton | AD53: Parry | AE53: Clifton | AG53: late arrival bay
A54: Pitch | B54: =B31 -> Thu | C54: =C31 -> Fri | D54: =D31 -> Sat | E54: =E31 -> Sun | F54: =F31 -> Mon | G54: =G31 -> Tue | H54: =H31 -> Wed | I54: =I31 -> Thu | ... AF54: =AF31 -> Sat | AG54: Pitch
A55: No. | B55: 1 | C55: 2 | D55: 3 | E55: 4 | F55: 5 | G55: 6 | H55: 7 | I55: 8 | J55: 9 | K55: 10 | L55: 11 | M55: 12 | N55: 13 | O55: 14 | P55: 15 | Q55: 16 | R55: 17 | S55: 18 | T55: 19 | U55: 20 | V55: 21 | W55: 22 | X55: 23 | Y55: 24 | Z55: 25 | AA55: 26 | AB55: 27 | AC55: 28 | AD55: 29 | AE55: 30 | AF55: 31 | AG55: No.
A56: Paddock | D56: Rampling | M56: Leslie | R56: Brock | S56: Nutcher | X56: Clews | Y56: 2 | AD56: Hanton | AG56: Paddock
E57: Armitstead | T57: James | AE57: Davidge
A58: 7a | AG58: 7a
A59: 8a
A60: 9a | AG60: 9a
A61: 10a | AG61: 10a
A62: 11a | AG62: 11a
A63: 12a | AG63: 12a
A64: 13a | AG64: 13a
A65: 14a | AG65: 14a
U66: Walker | W66: 6m M/H in car park for 25 nights whilst on cruise
A67: Behind Barn | AD67: Beaumont | AG67: Behind Barn
A68: Storm | AG68: Storm
A69: compass | AG69: compass
A70: Senator | AG70: Senator
A71: STORAGE | AF71: Wearne | AG71: STORAGE
AD72: Powell
A73: Pitch | B73: Thurs | C73: =C54 -> Fri | D73: =D54 -> Sat | E73: =E54 -> Sun | F73: =F54 -> Mon | G73: =G54 -> Tue | H73: =H54 -> Wed | I73: =I54 -> Thu | J73: =J54 -> Fri | ... AF73: =AF54 -> Sat | AG73: Pitch
A74: No. | B74: 1 | C74: 2 | D74: 3 | E74: 4 | F74: 5 | G74: 6 | H74: 7 | I74: 8 | J74: 9 | K74: 10 | L74: 11 | M74: 12 | N74: 13 | O74: 14 | P74: 15 | Q74: 16 | R74: 17 | S74: 18 | T74: 19 | U74: 20 | V74: 21 | W74: 22 | X74: 23 | Y74: 24 | Z74: 25 | AA74: 26 | AB74: 27 | AC74: 28 | AD74: 29 | AE74: 30 | AF74: 31 | AG74: No.
A75: CAMPING NO ELECTRIC | O75: Bill work week | AG75: CAMPING NO ELECTRIC
A76: 42 | AG76: 42
A77: 43 | AG77: 43
A78: 44 | AG78: 44
A79: 45 | AG79: 45
A80: 46 | AG80: 46
A81: 47 | AG81: 47
A82: 48 | AG82: 48
A83: 49 | AG83: 49
A84: 50 | AG84: 50
A85: 51 | AG85: 51
A86: 52 | AG86: 52
A87: 53 | AG87: 53
... A98: 58 | AG98: 58

Sheet April 2018
A1: Back Up - 30 April @ 1745
B2: B/Hol | C2: B/Hol | G2: PEAK | L2: P E A K | N2: . | S2: ACSI - 16 April to 3 May if available | Z2: OFF PEAK
A3: Pitch | B3: Sun | C3: Mon | D3: Tue | E3: Wed | F3: Thu | G3: Fri | H3: Sat | I3: Sun | J3: Mon | K3: Tue | L3: Wed | M3: Thu | N3: Fri | O3: Sat | P3: Sun | Q3: Mon | R3: Tue | S3: Wed | T3: Thu | U3: Fri | V3: Sat | W3: Sun | X3: Mon | Y3: Tue | Z3: Wed | AA3: Thur | AB3: Fri | AC3: Sat | AD3: Sun | AE3: Mon | AF3: Pitch
A4: No. | B4: 1 | C4: 2 | D4: 3 | E4: 4 | F4: 5 | G4: 6 | H4: 7 | I4: 8 | J4: 9 | K4: 10 | L4: 11 | M4: 12 | N4: 13 | O4: 14 | P4: 15 | Q4: 16 | R4: 17 | S4: 18 | T4: 19 | U4: 20 | V4: 21 | W4: 22 | X4: 23 | Y4: 24 | Z4: 25 | AA4: 26 | AB4: 27 | AC4: 28 | AD4: 29 | AE4: 30 | AF4: No.
A5: 1 | B5: cont | D5: Wrighton | F5: Downes | K5: Hopper | Q5: Gerrard | U5: Cheesman | X5: Hoogon | Y5: Stephenson | AB5: Thorne | AF5: 1
A6: 2 | B6: Bennett cont…. | D6: 6 | J6: Extended | X6: Extended 7n | AE6: ex 7n | AF6: 2 | AG6: Not here
A7: 2a | B7: Stella & Bill's | F7: Jackson | J7: O'Dell | V7: James | AB7: Parra | AF7: 2a | AG7: Tent
A8: 3 | B8: cont.. | D8: Suckling | U8: Comber | V8: Wood | X8: Armstrong | AF8: 3 | AG8: Trailer tent
A9: 4 | B9: Hill | C9: do not move | U9: knobloch | V9: Pinchbeck | AB9: Davey | AF9: 4 | AG9: Folding caravan
A10: 4a | B10: Turner keep with Hill pl 34 (father) | U10: Vaughan | V10: Winter | AC10: Surridge | AF10: 4a
A11: 5 | B11: cont…. | N11: Cunningham | S11: Allen | V11: Fortescue | AB11: Heppell | AF11: 5 | AG11: Caravan
A12: 6 | H12: Walker | U12: Bennett | V12: Bennett | AF12: 6 | AG12: Camper van
A13: 7 | B13: cont.. | Q13: NoMow | V13: de Rijcke | AF13: 7 | AG13: Motorhome
A14: 8 | B14: cont… | C14: cont.. | D14: car only | G14: Harris | K14: Gobbey | M14: heimann | O14: Telford | P14: Snowell | Q14: NoMow | T14: Burgess | Z14: Harvest | AD14: Harris DO NOT MOVE | AF14: 8 | AG14: RV
A15: 9 | B15: cont.. | C15: Hammond | I15: Jones | O15: 1 | V15: 2 | AC15: 1 | AF15: 9 | AG15: Free night
A16: 10 | B16: cont.. | C16: Reperarini | E16: Oakley £756 kess £56 as paying 4 wkly | P16: 1 | W16: 2 | AD16: 3 | AF16: 10 | AG16: Poss Extra / late stay
A17: 11 | B17: cont.. | C17: Neild DO NOT MOVE requires h/s | N17: Fright | P17: Hollows | V17: Phillips | Y17: Green | AA17: Barnatt - do not move | AF17: 11 | AG17: Hard Standing
A18: 12 | B18: cont… | E18: Siegmund | G18: Pervis BB4 | J18: B3 GOV here 6n moved it Sat 14th | U18: Extending by 2wks with 1 car | AC18: car | AD18: car | AE18: car | AF18: 12 | AG18: Not in use
A19: 13 | B19: Armitstead | G19: 4 | N19: 1 | U19: 2 | V19: extended | AB19: 1 | AF19: 13 | AG19: Off Peak
A20: 14 | B20: cont… | G20: Williams | L20: Archer | N20: Glover | Q20: Quartley | R20: Griffen | U20: Taylor | X20: Comben | AF20: 14 | AG20: Bank holiday
A21: 15 | AF21: 15 | AG21: Peak
A22: 16 | B22: Cont;.. | AF22: 16 | AG22: Seasonal pitch
A23: 16a | B23: Cont;.. | AF23: 16a | AG23: Non arrival
A24: 17 | AF24: 17 | AG24: Refund
A25: 17a | AF25: 17a | AG25: Cancelled
A26: 18 | AF26: 18 | AG26: late stay
A27: 18a | B27: cont… | AF27: 18a
A28: 19 | B28: cont.. | C28: Morrison | F28: Robbins | G28: Clulow | N28: Svensson | U28: Walkden | X28: Banks | AB28: Smith | AF28: 19 | AG28: =ALERTS!E27 -> 0
A29: 20 | B29: Hanson cont…… | E29: Lagdon | F29: Mason | N29: Holloway (asked for this plot as bb4) | Q29: Wall | S29: Berry - bad review | AB29: David | AC29: Waters | AD29: Porter | AF29: 20 | AG29: =ALERTS!E28 -> 0
A30: 21 | B30: Conlon cont…. | I30: 2 | P30: 3 | W30: 4 | AD30: 1 | AF30: 21 | AG30: =ALERTS!E29 -> 0
A31: 22 | B31: Matthews | AC31: Mason | AF31: 22
A32: Pitch | B32: =B3 -> Sun | C32: =C3 -> Mon | D32: =D3 -> Tue | E32: =E3 -> Wed | F32: =F3 -> Thu | G32: =G3 -> Fri | H32: =H3 -> Sat | I32: =I3 -> Sun | ... AE32: =AE3 -> Mon | AF32: Pitch
A33: No. | B33: 1 | C33: 2 | D33: 3 | E33: 4 | F33: 5 | G33: 6 | H33: 7 | I33: 8 | J33: 9 | K33: 10 | L33: 11 | M33: 12 | N33: 13 | O33: 14 | P33: 15 | Q33: 16 | R33: 17 | S33: 18 | T33: 19 | U33: 20 | V33: 21 | W33: 22 | X33: 23 | Y33: 24 | Z33: 25 | AA33: 26 | AB33: 27 | AC33: 28 | AD33: 29 | AE33: 30 | AF33: No. | AG33: TODAY IS
A34: 23 | B34: Tutt cont… | F34: 1 | M34: 2 | T34: 3 | AA34: 4 | AF34: 23 | AG34: =TODAY() -> 43430
A35: 23a | B35: cont… | D35: Henry | F35: Comben - C10 MBN | M35: 1 | T35: 2 | AB35: Linney | AC35: Barber | AE35: Thomson | AF35: 23a
A36: 24 | B36: cont.. | C36: Lingard | F36: Lewis | H36: Jenkins | N36: Stamp | Q36: Edwards | S36: House | AA36: Mumford | AF36: 24
A37: 25 | B37: Taylor cont.. | H37: 3 | O37: 4 | V37: 1 | AC37: 2 | AE37: 432 | AF37: 25
A38: 26 | B38: Halligan cont… | F38: Johnson | I38: 2wks | N38: HERE | S38: burgess | U38: Anderson | AB38: Schofield | AF38: 26
A39: 27 | B39: McDougall cont,,, | D39: Almond cont.. | AF39: 27
A40: 28 | B40: off | C40: off | D40: off | E40: off | I40: off | J40: off | K40: off | L40: off | P40: off | Q40: off | R40: off | S40: off | X40: off | Y40: off | Z40: off | AD40: off | AE40: off | AF40: 28
A41: 29 | B41: Cont.. | C41: visitor | D41: Cartwright | F41: Elteren | H41: Gauge | N41: Fisher | O41: Northen | R41: Clegg | S41: Wood | T41: Smith | U41: Rob&Dora DO NOT MOVE | V41: Imbery | X41: Page | AA41: Jones | AD41: Candy | AF41: 29 | AG41: NO DOGS
A42: 30 | B42: con.. | C42: Bardill | G42: Leeke req H/S | N42: Berg | O42: Smith | P42: Cooper | V42: wk | AB42: Donnelly | AC42: Clews | AD42: Platts | AF42: 30 | AG42: NO DOGS
A43: 31 | C43: Bob Stuart | AF43: 31 | AG43: NO DOGS
A44: 32 | B44: cont.. | L44: Goddard | N44: Clews | P44: Convon | Q44: Weaver | U44: Atkinson | X44: McKay | AA44: Marshall | AB44: Davison | AC44: van duin | AD44: Heppell | AF44: 32 | AG44: NO DOGS
A45: 33 | B45: cont.. | D45: Clements | F45: Gonzalez | G45: Bowler | I45: Armstrong | N45: Candy | Q45: Pettitt | R45: Armstrong | T45: Saunderson | W45: Martin | X45: Duguid | AD45: Von Hees | AF45: 33 | AG45: NO DOGS
A46: 34 | B46: cont.. | D46: Freeman | G46: Fitzgerald | J46: Skinner | M46: Friend | Q46: Candy | T46: Bowden | U46: Campoufer | V46: Walker | W46: Bennett / Chick | AE46: Jones | AF46: 34 | AG46: NO DOGS
A47: 35 | B47: cont | V47: Perry | AF47: 35
A48: 36 | U48: Holland | AF48: 36
A49: 37 | U49: Kelly | AF49: 37
A50: 38 | B50: cont.. | AF50: 38
A51: 39 | B51: Neild cont | U51: Thorpe | AF51: 39
A52: 40 | AA52: Pischwege | AF52: 40
A53: 41 | U53: Saunders | AE53: Lees | AF53: 41
A54: Late arrival bay | B54: Bodrell | D54: Smith | M54: Candy - Justin & Ann | N54: Rickard | O54: Tasker | Q54: Bromley | R54: Nickolls - asked for LAB | W54: Grundey | Y54: Cheadle | AB54: Harmon | AF54: Late arrival bay
A55: Pitch | B55: =B32 -> Sun | C55: =C32 -> Mon | D55: =D32 -> Tue | E55: =E32 -> Wed | F55: =F32 -> Thu | G55: =G32 -> Fri | H55: =H32 -> Sat | I55: =I32 -> Sun | ... AE55: =AE32 -> Mon | AF55: Pitch
A56: No. | B56: 1 | C56: 2 | D56: 3 | E56: 4 | F56: 5 | G56: 6 | H56: 7 | I56: 8 | J56: 9 | K56: 10 | L56: 11 | M56: 12 | N56: 13 | O56: 14 | P56: 15 | Q56: 16 | R56: 17 | S56: 18 | T56: 19 | U56: 20 | V56: 21 | W56: 22 | X56: 23 | Y56: 24 | Z56: 25 | AA56: 26 | AB56: 27 | AC56: 28 | AD56: 29 | AE56: 30 | AF56: No.
A57: Paddock | C57: Henry | F57: Overton | J57: Foster | P57: Pearce | Z57: Taylor | AF57: Paddock
B58: Bardill | D58: Vice Almond move into storage until 13 April Paid ref 7166 | O58: leave | P58: Pearce / Bell
A59: 7a | G59: Harris / Foley | U59: Darlow | AF59: 7a
A60: 8a | AF60: 8a
A61: 9a | U61: Weckowski | AF61: 9a
A62: 10a | AF62: 10a
A63: 11a | AF63: 11a
A64: 12a | AF64: 12a
A65: 13a | AF65: 13a
A66: 14a | AF66: 14a
B67: James Oakley will leave his caravan on pl 15a whilst at home for Easter back 3th April | F67: Mclean
B68: Walker | AF68: Behind Barn
A69: Storm | AF69: Storm
A70: compass | AF70: compass
A71: Senator | AF71: Senator
B72: CONT.. | O72: Wearn | R72: Moved him to the corner of plot 7 - he will have to move again so as not to kill grass | AD72: Wearn
A73: Pitch | B73: Sun | C73: =C55 -> Mon | D73: =D55 -> Tue | E73: =E55 -> Wed | F73: =F55 -> Thu | G73: =G55 -> Fri | H73: =H55 -> Sat | I73: =I55 -> Sun | J73: =J55 -> Mon | ... AE73: =AE55 -> Mon | AF73: Pitch
A74: No. | B74: 1 | C74: 2 | D74: 3 | E74: 4 | F74: 5 | G74: 6 | H74: 7 | I74: 8 | J74: 9 | K74: 10 | L74: 11 | M74: 12 | N74: 13 | O74: 14 | P74: 15 | Q74: 16 | R74: 17 | S74: 18 | T74: 19 | U74: 20 | V74: 21 | W74: 22 | X74: 23 | Y74: 24 | Z74: 25 | AA74: 26 | AB74: 27 | AC74: 28 | AD74: 29 | AE74: 30 | AF74: No.
A75: CAMPING NO ELECTRIC | B75: Beaumont | G75: Harris / Foley | L75: Bill work week | AF75: CAMPING NO ELECTRIC
A76: 46 | AF76: 46
A77: 47 | U77: Leedham | AF77: 47
A78: 48 | V78: Brodey | AF78: 48
A79: 49 | V79: Roberts | AF79: 49
A80: 50 | V80: Hanslope | AF80: 50
A81: 51 | U81: Lofthouse | V81: Brodey | AF81: 51
A82: 52 | V82: Brodey | AF82: 52
A83: 53 | V83: Brodey | AF83: 53
A84: 54 | AF84: 54
A85: 55 | V85: Hunt | AF85: 55
A86: 56 | AF86: 56
A87: 57 | AF87: 57
A88: 58 | AF88: 58
A89: 53 | AF89: 53
A90: 54 | AF90: 54
A91: 55 | AF91: 55
A92: 56 | AF92: 56
A93: 57 | AF93: 57
A94: 58 | AF94: 58

Sheet May 2018
A1: Back up 31 May @1800
B2: OFF | C2: PEAK | F2: BANK | G2: HOL | N2: River Jumble | P2: OFF PEAK | V2: OFF PEAK | X2: PEAK | Z2: Bank Holiday | AE2: PEAK
A3: Pitch | B3: Tue | C3: Wed | D3: Thu | E3: Fri | F3: Sat | G3: Sun | H3: Mon | I3: Tue | J3: Wed | K3: Thu | L3: Fri | M3: Sat | N3: Sun | O3: Mon | P3: Tue | Q3: Wed | R3: Thu | S3: Fri | T3: Sat | U3: Sun | V3: Mon | W3: Tue | X3: Wed | Y3: Thu | Z3: Fri | AA3: Sat | AB3: Sun | AC3: Mon | AD3: Tues | AE3: Wed | AF3: Thurs | AG3: Pitch
A4: No. | B4: 1 | C4: 2 | D4: 3 | E4: 4 | F4: 5 | G4: 6 | H4: 7 | I4: 8 | J4: 9 | K4: 10 | L4: 11 | M4: 12 | N4: 13 | O4: 14 | P4: 15 | Q4: 16 | R4: 17 | S4: 18 | T4: 19 | U4: 20 | V4: 21 | W4: 22 | X4: 23 | Y4: 24 | Z4: 25 | AA4: 26 | AB4: 27 | AC4: 28 | AD4: 29 | AE4: 30 | AF4: 31 | AG4: No. | AH4: Seasonal
A5: 1 | B5: Armstrong | C5: Thijssen | E5: Lodge | J5: Wilson | K5: Liversidge | L5: Spencer | M5: Hartnell | N5: Edwards | P5: Wood | Q5: Jones | R5: Day | V5: Hansen | Z5: Watson | AD5: Hall | AE5: Churchill | AF5: Anka | AG5: 1 | AH5: NOT PAID/extend
A6: 2 | B6: Bennett not sure if needed or not yet? | O6: Extended | V6: Bachellerie | X6: Burdett | Z6: Cook | AC6: Human | AD6: Pritchard | AE6: Foster | AF6: Bennett | AG6: 2 | AH6: Rally
A7: 3a | T7: Pohl | Z7: Thomas | AA7: Jones | AC7: Orr | AG7: 3a
A8: 3 | E8: Scott | H8: Sanintive | I8: Jones | M8: Stang | O8: Hewett | P8: Higson | Q8: Pengelly | T8: Rampling | W8: Scull | X8: Chadwick | Z8: Scott | AC8: Hatch | AD8: Sanderson | AG8: 3 | AH8: Tent
A9: 4 | H9: Bone | K9: Chadwick | S9: Sharpe | Z9: Argent with Parker | AC9: Keenan | AG9: 4 | AH9: Trailer tent
A10: 4a | E10: Goddard | I10: Benfiled | N10: Blake | S10: Goddard | Z10: Milward | AB10: Oliver Do not move | AD10: Hinsch | AG10: 4a
A11: 5 | E11: Vallely-leaving Sunday morning | N11: Blake / Hague | S11: Jacobs | Y11: Shirley | AD11: Gurr | AF11: Burns | AG11: 5 | AH11: Folding caravan
A12: 6 | E12: Morris | L12: Goddard DO NOT MOVE | P12: Heath | AA12: Lloyd - DO NOT MOVE | AG12: 6 | AH12: Caravan
A13: 7 | F13: Bull | I13: Schmitz | M13: Emmett | T13: Bullock | AB13: Smith | AG13: 7 | AH13: Camper van
A14: 8 | B14: Harris cont.. | G14: Hollows | M14: Warbrock | R14: Majid | Z14: Whitfield - Please DO NOT MOVE | AG14: 8 | AH14: Motorhome
A15: 9 | B15: cont… | E15: extended 10n | S15: Goodwin | Z15: Rayment | AD15: Hollows | AG15: 9 | AH15: RV
A16: 10 | B16: Oakley | G16: 4 | H16: Paid | N16: 1 | U16: 2 | AB16: 3 | AG16: 10 | AH16: Free night
A17: 11 | E17: German | H17: Green | J17: Sirdar | K17: Schckhuber | M17: Cooper | N17: Mitchell | S17: Chamberlain | Z17: Martin | AA17: West | AD17: Clarke | AG17: 11 | AH17: Poss Extra / late stay
A18: 12 | B18: cont… | D18: 2wks | G18: Pyke | I18: Beddow | M18: Quinn | Q18: Pembroke | S18: Birch | Y18: Taviner | AG18: 12 | AH18: Hard Standing
A19: 13 | B19: Armitstead | E19: 2 | L19: 3 | S19: 4 | T19: pd 22/5 | Z19: 1 | AG19: 13 | AH19: Not in use
A20: 14 | B20: Comben | D20: 4 | K20: 5 | R20: Dunbar | Z20: Ellerington | AC20: Garner | AD20: Mowlam | AE20: Kurt | AG20: 14 | AH20: Off Peak
A21: 15 | E21: No 1n bookings on elec unless available on arrival over BANK HOLIDAY as min of 3n bookings only | AG21: 15 | AH21: Bank holiday
A22: 16 | D22: Brownell | R22: Sparrow | AA22: Robinson/ Punjabi | AD22: Van Pepreseraaen | AG22: 16 | AH22: Peak
A23: 16a | Z23: Campbell | AB23: Litchfield | AG23: 16a | AH23: late stay
A24: 17 | E24: Didsbury | S24: Stowers | AA24: Robinson/Chris | AE24: Peters | AG24: 17 | AH24: Non arrival
A25: 17a | AA25: Robinson/Eliz | AG25: 17a | AH25: Refund
A26: 18 | E26: Bell | Z26: Pickett | AA26: DO NOT MOVE | AC26: Holmes - with King | AG26: 18 | AH26: Cancelled
A27: 18a | V27: NO ELECTRIC 18A | AA27: Smith | AD27: King - with Holmes | AG27: 18a | AH27: NO ELECTRIC ON 18A
A28: 19 | E28: Daniels | F28: Smalley | H28: Clarke | K28: Mathis | L28: Wilkinson | T28: Kaujles | V28: Herring | Z28: Furnell | AA28: DO NOT MOVE | AC28: Settings | AF28: North | AG28: 19
A29: 20 | E29: Birtles | H29: Henning | M29: Rigby | N29: McMaster | P29: Kelly | R29: Garner | T29: Beck | U29: Fry | AA29: Tranter | AG29: 20 | AH29: =ALERTS!E30 -> 0
A30: 21 | B30: Conlon | G30: 2 | N30: 3 | U30: 4 | AB30: 1 | AG30: 21 | AH30: =ALERTS!E31 -> 0
A31: 22 | B31: Harvey | L31: North | Y31: O'Neil | AF31: Frog | AG31: 22 | AH31: =ALERTS!E32 -> 0
A32: Pitch | B32: Tue | C32: Wed | D32: Thu | E32: Fri | F32: Sat | G32: Sun | H32: Mon | I32: Tue | J32: Wed | K32: Thu | L32: Fri | M32: Sat | N32: Sun | O32: Mon | P32: Tue | Q32: Wed | R32: Thu | S32: Fri | T32: Sat | U32: Sun | V32: Mon | W32: Tue | X32: Wed | Y32: Thu | Z32: Fri | AA32: Sat | AB32: Sun | AC32: Mon | AD32: Tues | AE32: Wed | AF32: Thurs | AG32: Pitch
A33: No. | B33: 1 | C33: 2 | D33: 3 | E33: 4 | F33: 5 | G33: 6 | H33: 7 | I33: 8 | J33: 9 | K33: 10 | L33: 11 | M33: 12 | N33: 13 | O33: 14 | P33: 15 | Q33: 16 | R33: 17 | S33: 18 | T33: 19 | U33: 20 | V33: 21 | W33: 22 | X33: 23 | Y33: 24 | Z33: 25 | AA33: 26 | AB33: 27 | AC33: 28 | AD33: 29 | AE33: 30 | AF33: 31 | AG33: No.
A34: 23 | B34: Tutt cont… | D34: 1 | J34: Visitor | K34: 2 | R34: 3 | Y34: 4 | Z34: Tutt | AF34: 1 | AG34: 23 | AH34: TODAY IS
A35: 23a | G35: Robbins | M35: Ender | N35: Hill | O35: Kolsch | Q35: Ebner | S35: Thomson | Z35: Burrows | AC35: Tiahze | AD35: VandenOever | AG35: 23a | AH35: =TODAY() -> 43430
A36: 24 | B36: cont.. | D36: Hume | F36: Rollings | G36: Gardener | H36: Schuring | J36: Lymch | L36: Robinson | N36: Roberts | P36: Johann | S36: Quinn | V36: Youlton | Z36: Wanklyn | AD36: Ackroyd | AF36: Crang | AG36: 24
A37: 25 | B37: Taylor cont…. | G37: 1 | N37: 2 | O37: pd on 9th May | X37: . | AB37: 2wks | AC37: pd 4n | AG37: 25
A38: 26 | E38: Kelleher | G38: Parkinson | M38: Goossen | O38: France | Q38: Grugger | S38: Allen | V38: Stephens | W38: Stone | Y38: Dammasch | Z38: Podobnik | AB38: Jones | AD38: Ryan | AG38: 26
A39: 27 | AA39: May | AD39: Hansen | AG39: 27
A40: 28 | B40: off | C40: off | H40: off | I40: off | J40: off | N40: off | O40: off | P40: off | Q40: off | V40: off | W40: off | X40: off | AB40: off | AC40: off | AD40: off | AE40: off | AG40: 28
A41: 29 | B41: Haskins | E41: Healey - PLEASE DO NOT MOVE | O41: Donavan | P41: Weiger | R41: Smith | S41: Sinclair | U41: WALDHAEM | X41: Human | Z41: Michaux | AA41: Hurren | AG41: 29 | AH41: NO DOGS
A42: 30 | B42: Slade | F42: Holder | I42: Druwald | K42: Anslow | L42: Common | M42: Chadwick | P42: Slate | R42: Rickard | V42: Shepherd | X42: Barrington | Z42: Wilkinson | AC42: Bye | AD42: Warrack | AF42: Reilly | AG42: 30 | AH42: NO DOGS
A43: 31 | B43: Bob Stuart cont… | Z43: Hart | AG43: 31 | AH43: NO DOGS
A44: 32 | E44: Waldhaem | I44: Samwys | K44: Keitch | M44: Brown | N44: Orton | Q44: Leech | S44: Hogerworf | Z44: Rice | AC44: Petters | AE44: Card | AG44: 32 | AH44: NO DOGS
A45: 33 | B45: cont… | E45: Green | I45: Oates | J45: Hanson | K45: Keene | L45: Mc Clean | P45: Norbury | Y45: Thornton | AB45: Redding | AG45: 33 | AH45: NO DOGS
A46: 34 | B46: cont.. | C46: Limbach | E46: Van Der Meulen | I46: Gill | K46: Pratt | M46: Betts | T46: Ward | Z46: Stoker - Brian & Jenny | AC46: Scott | AD46: Rogers | AG46: 34 | AH46: NO DOGS
A47: 35 | E47: Lid Sins Broms | S47: Coates | Z47: Swincoe | AF47: Over | AG47: 35
A48: 36 | D48: Hanton | G48: Hefele | P48: Asbury | Z48: Lewis | AG48: 36
A49: 37 | E49: Johnson | S49: Knight | AA49: Chapman | AG49: 37
A50: 38 | E50: Blewden | M50: Clews | Q50: Whittaker | AA50: Chapman | AE50: Wharton - do not move | AG50: 38
A51: 39 | E51: Norris | R51: Hunziker | Y51: Crockford | AC51: Ottaway | AG51: 39
A52: 40 | E52: Orsaria | J52: Dost | P52: 7n | Q52: extended wk | Z52: Husaunnee | AG52: 40
A53: 41 | B53: Vande Vilbet | I53: Grainger | L53: Leib | T53: Brice | V53: Gemerer | AA53: Dixey | AC53: visitors | AG53: 41
A54: Late arrival bay | G54: Ebbs | N54: Wray | AG54: LATE ARRIVAL BAY
B55: =B32 -> Tue | C55: =C32 -> Wed | D55: =D32 -> Thu | E55: =E32 -> Fri | F55: =F32 -> Sat | G55: =G32 -> Sun | H55: =H32 -> Mon | I55: =I32 -> Tue | ... AF55: =AF32 -> Thurs
B56: 1 | C56: 2 | D56: 3 | E56: 4 | F56: 5 | G56: 6 | H56: 7 | I56: 8 | J56: 9 | K56: 10 | L56: 11 | M56: 12 | N56: 13 | O56: 14 | P56: 15 | Q56: 16 | R56: 17 | S56: 18 | T56: 19 | U56: 20 | V56: 21 | W56: 22 | X56: 23 | Y56: 24 | Z56: 25 | AA56: 26 | AB56: 27 | AC56: 28 | AD56: 29 | AE56: 30 | AF56: 31
A57: Paddock | J57: Bill work week | P57: White | T57: Gair | V57: Hamnett | AA57: May | AG57: Paddock
A58: Tents with electric | K58: Petters | Q58: Mattock | Z58: Parker | AG58: Tents with electric
A59: 7a | D59: Ebdersby | F59: Woliter | R59: James | T59: Saunderson | AA59: Bunker DO NOT MOVE | AG59: 7a
A60: 8a | G60: Salmon | AA60: Billin | AG60: 8a
A61: 9a | F61: Gowland | S61: Cunningham | Z61: Watson | AC61: Wells | AG61: 9a
A62: 10a | AA62: Cannon | AE62: Walker | AG62: 10a
A63: 11a | F63: Hubbuck | AA63: Ford | AE63: Mallinson | AG63: 11a
A64: 12a | T64: Vaughan/Woodford | Z64: Handley | AC64: Beckingham | AG64: 12a
A65: 13a | F65: Creedon | T65: Vaughan | Z65: Mitchell | AB65: visitors | AD65: Fawl | AG65: 13a
A66: 14a | G66: Tulloch | T66: Buxey | Z66: Chidgey keep with Mitchell 13a | AD66: Fawl | AG66: 14a
T67: Morris | AA67: Lloyd/ Davies - do not move
A68: Behind Barn | AG68: Behind Barn
A69: Storm | AG69: Storm
A70: compass | AB70: Kinlock | AG70: compass
A71: Senator | AG71: Senator
B72: Wearne | M72: 2wks | U72: 8days
A73: Pitch | B73: =B55 -> Tue | C73: =C55 -> Wed | D73: =D55 -> Thu | E73: =E55 -> Fri | F73: =F55 -> Sat | G73: =G55 -> Sun | H73: =H55 -> Mon | I73: =I55 -> Tue | ... AF73: =AF55 -> Thurs | AG73: Pitch
A74: No. | B74: 1 | C74: 2 | D74: 3 | E74: 4 | F74: 5 | G74: 6 | H74: 7 | I74: 8 | J74: 9 | K74: 10 | L74: 11 | M74: 12 | N74: 13 | O74: 14 | P74: 15 | Q74: 16 | R74: 17 | S74: 18 | T74: 19 | U74: 20 | V74: 21 | W74: 22 | X74: 23 | Y74: 24 | Z74: 25 | AA74: 26 | AB74: 27 | AC74: 28 | AD74: 29 | AE74: 30 | AF74: 31 | AG74: No.
A75: CAMPING NO ELECTRIC | K75: Bill work week | S75: Hams | AA75: Smalley - DO NOT MOVE plot 45 | AG75: CAMPING NO ELECTRIC | AH75: splitter plug
A76: 46 | V76: o'Hara | AA76: Wort/Tim | AE76: Crichton | AG76: 46
A77: 47 | V77: Magden | AA77: Wort/Anthony | AD77: Watson | AG77: 47
A78: 48 | F78: Whitworth | L78: Jeynes | S78: Bellinger | Z78: Peach | AC78: Atkin | AG78: 48
A79: 49 | G79: Bennett | Z79: Latham | AD79: Hogg | AG79: 49
A80: 50 | F80: Nica | T80: Bull | Z80: Ashton | AC80: Jackson | AG80: 50
A81: 51 | G81: Hunt | S81: Stanley | AA81: Warren | AG81: 51
A82: 52 | G82: Logue | T82: Smith | Z82: Macdonald | AB82: Hinks | AG82: 52
A83: 53 | G83: Hunt | T83: Jackson | Z83: Davies | AG83: 53
A84: 54 | T84: Dixey | Z84: Johnson | AG84: 54
A85: 55 | T85: Ivanov | Z85: Musson | AG85: 55
A86: 56 | Z86: Hartwill | AG86: 56
A87: 57 | AB87: Bolton | AE87: Thomas
A88: 58 | AB88: Hamilton
A89: 53 | W89: Top camping field | AB89: Smith
A90: 54 | Y90: Barrington - storage 2n
A91: 55 | Z91: Ball
A92: 56 | Y92: Hams
A93: 57 | AA93: Radburn
A94: 58 | AA94: Paoloni
V95: 6 persons
W96: 6 | X96: 6 | Y96: 6 | Z96: 26 | AA96: 26 | AB96: 26 | AC96: 6
W97: At the moment only 26 maximum
W98: This may change they will let us know
W99: £12 per person Peppermint will be paying for them
W101: Paid £100 deposit - Ref 7236
...

Sheet June 2018
A1: BACK-UP 30 June @0800
B2: PEAK | D2: PEAK | F2: ACSI - 4 June to 19 July | Q2: OFF PEAK | U2: ACSI 04 JUNE - 19 July | Y2: OFF PEAK
A3: Pitch | B3: Fri | C3: Sat | D3: Sun | E3: Mon | F3: Tue | G3: Wed | H3: Thu | I3: Fri | J3: Sat | K3: Sun | L3: Mon | M3: Tue | N3: Wed | O3: Thu | P3: Fri | Q3: Sat | R3: Sun | S3: Mon | T3: Tue | U3: Wed | V3: Thu | W3: Fri | X3: Sat | Y3: Sun | Z3: Mon | AA3: Tues | AB3: Wed | AC3: Thur | AD3: Fri | AE3: Sat | AF3: Pitch
A4: No. | B4: 1 | C4: 2 | D4: 3 | E4: 4 | F4: 5 | G4: 6 | H4: 7 | I4: 8 | J4: 9 | K4: 10 | L4: 11 | M4: 12 | N4: 13 | O4: 14 | P4: 15 | Q4: 16 | R4: 17 | S4: 18 | T4: 19 | U4: 20 | V4: 21 | W4: 22 | X4: 23 | Y4: 24 | Z4: 25 | AA4: 26 | AB4: 27 | AC4: 28 | AD4: 29 | AE4: 30 | AF4: No.
A5: 1 | B5: cont.. | C5: Russell | F5: James | H5: Cairns | J5: Vennegeent | N5: Scott | P5: Knight | R5: Markham | T5: Grief | U5: Heath | W5: Talbat | X5: Telford | Y5: Wood | AB5: Berrow | AC5: do not move | AE5: Hawkins | AF5: 1 | AG5: Not Paid
A6: 2 | B6: Bennett cont.. | H6: pd | N6: 1 | U6: 2 | AB6: 3 | AF6: 2 | AG6: Rally
A7: 2a | K7: Peeters Weem | T7: Nash | AF7: 2a | AG7: Seasonal
A8: 3 | F8: Koch | G8: Chadwick | J8: Tate | P8: Christopher DO NOT MOVE | S8: Harper | T8: Pawlowski | Y8: Mitchell | AB8: Hamilton | AD8: McMaster | AE8: Puytrigaud | AF8: 3 | AG8: Tent
A9: 4 | C9: Hughes | G9: Davis | I9: Gelsthorpe | M9: Paskins | Q9: Levers | V9: Chadwick | AB9: Turner | AC9: Watson | AD9: McMaster | AE9: Puyrigaud | AF9: 4 | AG9: Trailer tent
A10: 4a | B10: Pearce | J10: Cryer | S10: V Goff | T10: Smith | W10: Lawrence | X10: Sabo | Y10: do not move | AD10: Macleod | AF10: 4a
A11: 5 | B11: LS | E11: Morrison | F11: Freeman | I11: Branthwoite | L11: Radcliffe | S11: M Goff | T11: Hilton | W11: Killshaw | X11: Sebo/do not move | AA11: Hayes | AB11: Beech | AD11: Scott | AF11: 5 | AG11: Folding caravan
A12: 6 | B12: Eikelenboom | F12: Kuger | K12: Roukema | M12: Crabbe | S12: Bakkes | U12: J Criddle | V12: Mugli | X12: Gould | AD12: Lane | AF12: 6 | AG12: Caravan
A13: 7 | B13: Roukema | E13: Lieftink | H13: Horst | I13: Haden | L13: Armstrong | P13: Emmett | U13: M Criddle | X13: Martin - Please Do not move | AF13: 7 | AG13: Camper van
A14: 8 | B14: cont… | G14: Anderson | H14: Barnard | I14: Blackburn | K14: Copeland | L14: Springham | O14: Cooper | S14: Murray | Z14: Regan | AB14: Wolfgang | AE14: Cambell | AF14: 8 | AG14: Motorhome
A15: 9 | B15: Hollows cont | M15: Smith | P15: Kelly | S15: Clay | Y15: Smith | AA15: Macartney | AC15: Sahota | AE15: Bacon | AF15: 9 | AG15: RV
A16: 10 | B16: cont… | D16: 4wks | E16: Paid | K16: 1 | R16: 2 | Y16: 3 | AF16: 10 | AG16: Free night
A17: 11 | B17: O'Brian | C17: Crowson | D17: Walker/Miller | H17: Godfrey | I17: McCann | O17: Darpsch | P17: Allen | W17: Thompson | AB17: Braithwaite | AD17: rogan | AF17: 11 | AG17: Poss Extra / late stay
A18: 12 | B18: Moulton | D18: Walker -do not move | H18: berrow | P18: Allen/ Kent | W18: Moore | Y18: Pratt | AF18: 12 | AG18: Hard Standing
A19: 13 | B19: Armitstead cont….. | F19: away | I19: 3 | P19: 4wks | Q19: £700 due | X19: 1 | AE19: 2 | AF19: 13 | AG19: Not in use
A20: 14 | B20: Keeping | D20: Moulton | E20: Comben | P20: Potisch | S20: Axon-Logan | T20: Milne | V20: Hollows | AF20: 14 | AG20: Off Peak
A21: 15 | AF21: 15 | AG21: Bank holiday
A22: 16 | B22: Cont.. | D22: Greenwood | P22: Mekelburger | R22: Buerriera | T22: Zoeren | V22: Williams | AE22: Mele | AF22: 16 | AG22: Peak
A23: 16a | W23: Overton | AF23: 16a
A24: 17 | B24: cont… | Q24: Noyce | W24: Mayers | AD24: Packer | AF24: 17 | AG24: Non arrival
A25: 17a | AC25: Palmer | AF25: 17a | AG25: Refund
A26: 18 | B26: cont | W26: Nichols | AD26: Barchle | AF26: 18 | AG26: Cancelled
A27: 18a | Z27: Baudre | AF27: 18a | AG27: late stay
A28: 19 | B28: Fisher | F28: McHardy | G28: Vhizacklea | X28: Merrigan | AC28: Dennett | AE28: Park | AF28: 19
A29: 20 | B29: Earles | E29: Ward | G29: Green | N29: Wagemaker | Q29: Van Hecke | U29: Masterton | W29: Marshall | X29: Kite | AA29: Gathern | AF29: 20 | AG29: =ALERTS!E33 -> 0
A30: 21 | B30: Conlon cont.. | D30: 2 | K30: 3 | R30: 4wks | S30: £700 paid | Y30: 1 | AF30: 21 | AG30: =ALERTS!E34 -> 0
A31: 22 | B31: cont.. | G31: Gibb | I31: Moller | R31: Rainer | X31: Anderson | Z31: Harvey | AF31: 22 | AG31: =ALERTS!E35 -> 0
A32: Pitch | B32: Fri | C32: Sat | D32: Sun | E32: Mon | F32: Tue | G32: Wed | H32: Thu | I32: Fri | J32: Sat | K32: Sun | L32: Mon | M32: Tue | N32: Wed | O32: Thu | P32: Fri | Q32: Sat | R32: Sun | S32: Mon | T32: Tue | U32: Wed | V32: Thu | W32: Fri | X32: Sat | Y32: Sun | Z32: Mon | AA32: Tues | AB32: Wed | AC32: Thur | AD32: Fri | AE32: Sat | AF32: Pitch
A33: No. | B33: 1 | C33: 2 | D33: 3 | E33: 4 | F33: 5 | G33: 6 | H33: 7 | I33: 8 | J33: 9 | K33: 10 | L33: 11 | M33: 12 | N33: 13 | O33: 14 | P33: 15 | Q33: 16 | R33: 17 | S33: 18 | T33: 19 | U33: 20 | V33: 21 | W33: 22 | X33: 23 | Y33: 24 | Z33: 25 | AA33: 26 | AB33: 27 | AC33: 28 | AD33: 29 | AE33: 30 | AF33: No.
A34: 23 | B34: Tutt cont | H34: 2 | O34: 3 | R34: Mertens | V34: Tutt | AC34: 1 | AF34: 23 | AG34: TODAY IS
A35: 23a | E35: Shirtcliffe | K35: 1wk | R35: 2wks | U35: Rathke | V35: Schriner | AA35: Van-Mora | AD35: DIGRAUD | AF35: 23a | AG35: =TODAY() -> 43430
A36: 24 | B36: cont | D36: Featherstone | J36: 1wk | Q36: Van Ryan | U36: Bigot | V36: Veldkamp | AA36: Lants | AC36: Evans | AF36: 24
A37: 25 | E37: DeJonge | I37: Meyer | J37: Clarke | L37: Walters | N37: Wearny | P37: Burland | R37: Starke | T37: Sabine | U37: Panuratz | W37: Rigby | X37: Bitnead | AA37: Johnson | AB37: Fransden | AD37: Down | AE37: White | AF37: 25
A38: 26 | D38: Cooper | K38: Woodhard | N38: Juerson | Q38: O'Neill | U38: Schimanek | Z38: Colledge | AE38: Tolle | AF38: 26
A39: 27 | I39: VanMarle | L39: Whitaker | R39: on | V39: M Cusveller | Y39: off | AD39: Rickard | AF39: 27
A40: 28 | E40: off | F40: off | G40: off | J40: off | K40: off | L40: off | M40: off | N40: off | O40: off | P40: off | S40: Stella away 18 to 25th June | AA40: off | AB40: off | AF40: 28
A41: 29 | B41: cont.. | C41: Hawker | E41: Harding | G41: Roeser | I41: Beattie | L41: Watts | M41: Johnson-Mair | N41: Scarth | S41: David | T41: Wilson | X41: Walker | Y41: Rutherford | AB41: Kennett | AD41: Mason-Lodge | AE41: Bannister | AF41: 29 | AG41: NO DOGS
A42: 30 | B42: Marris | C42: Gohmann | G42: White | H42: Tweed | J42: Bateman | K42: Parks-Crick DO NOT MOVE | T42: Hobson | W42: Bristow | Y42: Maxwell | Z42: Horst | AB42: Jenkins | AD42: Hepburn | AE42: Smith | AF42: 30 | AG42: NO DOGS
A43: 31 | B43: Stuart | AF43: 31 | AG43: NO DOGS
A44: 32 | B44: Clews | D44: Morris | I44: Sutton | K44: Browning | Q44: Bateman | X44: Clews | Y44: Donaldon | AA44: Fay | AD44: Clarke | AF44: 32 | AG44: NO DOGS
A45: 33 | B45: Woods | C45: Rudd | D45: Eichhorn | I45: Chapman | K45: Holmes | V45: Hube | X45: Firth | Y45: Beech | AD45: ladder | AF45: 33 | AG45: NO DOGS
A46: 34 | B46: Ellis | E46: Maiei | I46: Mitchell | L46: Carr | P46: Stoker - Brian & Jenny | T46: Clark | U46: Huber | V46: Korczakowski | AC46: Gathern BB4 | AF46: 34 | AG46: NO DOGS
A47: 35 | B47: cont | S47: Bol | U47: Shelton | Y47: Schaub | AF47: 35
A48: 36 | B48: cont… | J48: Jackson | Q48: Ricketts-Cole | U48: Reysenback | X48: O'Rielly | Y48: Walsh | AD48: Walicka | AF48: 36
A49: 37 | J49: Eales | W49: Munro-Price | AD49: Brennan | AF49: 37
A50: 38 | K50: Down | L50: Mellor | R50: Owen | AF50: 38
A51: 39 | G51: Duckett | H51: Ursem | K51: Butterfield | N51: Arnold | Q51: MURRAY | X51: Cass | AC51: Talbot | AF51: 39
A52: 40 | F52: Aze | H52: Prawitt | M52: Tattersall | Q52: Cartwright | U52: Pinces | X52: Knox | Y52: Rutherford | Z52: Harris | AB52: Verschuur | AD52: Hurcombe | AE52: Morgan | AF52: 40
A53: 41 | G53: Hardt | L53: Woltil | T53: Winter wnts to stay hooked… early am ferry | X53: Gerbracht | AE53: Newbon | AF53: 41
A54: late arrival | R54: Hill | U54: Jones | V54: Kelly do not move - midnight arrival | AF54: Late Arrival Bay
A55: Pitch | B55: Fri | C55: Sat | D55: Sun | E55: Mon | F55: Tue | G55: Wed | H55: Thu | I55: Fri | J55: Sat | K55: Sun | L55: Mon | M55: Tue | N55: Wed | O55: Thu | P55: Fri | Q55: Sat | R55: Sun | S55: Mon | T55: Tue | U55: Wed | V55: Thu | W55: Fri | X55: Sat | Y55: Sun | Z55: Mon | AA55: Tues | AB55: Wed | AC55: Thur | AD55: Fri | AE55: Sat | AF55: Pitch
A56: No. | B56: 1 | C56: 2 | D56: 3 | E56: 4 | F56: 5 | G56: 6 | H56: 7 | I56: 8 | J56: 9 | K56: 10 | L56: 11 | M56: 12 | N56: 13 | O56: 14 | P56: 15 | Q56: 16 | R56: 17 | S56: 18 | T56: 19 | U56: 20 | V56: 21 | W56: 22 | X56: 23 | Y56: 24 | Z56: 25 | AA56: 26 | AB56: 27 | AC56: 28 | AD56: 29 | AE56: 30 | AF56: No.
A57: Paddock | E57: SM | F57: SM | G57: SM | J57: Hol | K57: off | L57: SM | M57: SM | N57: SM | Q57: SM | R57: SM | S57: Stella away 18 to 25th June | AA57: SM | AB57: SM | AF57: Paddock
A58: camping pitches with electric | U58: Hollows | Z58: Humpries | AB58: Evans | AF58: camping with electric
A59: 7a | B59: cont.. | K59: Wernes | O59: Cole | W59: Handley | AD59: O'Brien | AF59: 7a
A60: 8a | B60: Moore | P60: Kirby | X60: Hawkin | AD60: Emma Curnow | AF60: 8a | AG60: Pip A/L
A61: 9a | K61: Fry | T61: Robins | X61: Evans | AD61: Chris Curnow | AF61: 9a | AG61: Stella A/L
A62: 10a | B62: cont | P62: Campbell | W62: Moore | AF62: 10a
A63: 11a | B63: cont | N63: Lockyer | P63: McClean | W63: Blair | AD63: Gallacher | AF63: 11a
A64: 12a | W64: Hardy | AD64: Shorts | AF64: 12a
A65: 13a | P65: Ruddle | X65: Mugli | AD65: Cambell | AF65: 13a
A66: 14a | N66: Smith | P66: Ellie Sholl | X66: way | Z66: Quinn | AD66: Coles | AF66: 14a
A67: 15a | P67: Scholl | AD67: Bolton
A68: Behind Barn | P68: Packer | AF68: Behind Barn
A69: Storm | AF69: Storm
A70: compass | C70: Bateman | AF70: compass
A71: Senator | AF71: Senator
B72: Wearne CONT.. | AA72: Bowden
A73: Pitch | C73: Jones | AF73: Pitch
A74: No. | C74: Jones | AF74: No.
A75: CAMPING NO ELECTRIC | AF75: CAMPING NO ELECTRIC | AG75: No electric unless splitter
B77: =B55 -> Fri | C77: =C55 -> Sat | D77: =D55 -> Sun | E77: =E55 -> Mon | F77: =F55 -> Tue | G77: =G55 -> Wed | H77: =H55 -> Thu | I77: =I55 -> Fri | ... AE77: =AE55 -> Sat
B78: 1 | C78: 2 | D78: 3 | E78: 4 | F78: 5 | G78: 6 | H78: 7 | I78: 8 | J78: 9 | K78: 10 | L78: 11 | M78: 12 | N78: 13 | O78: 14 | P78: 15 | Q78: 16 | R78: 17 | S78: 18 | T78: 19 | U78: 20 | V78: 21 | W78: 22 | X78: 23 | Y78: 24 | Z78: 25 | AA78: 26 | AB78: 27 | AC78: 28 | AD78: 29 | AE78: 30 | AG78: Bill wrk 5-11 June
G79: Bill Annual leave | S79: Croatia
A80: 46 | B80: Kendall | D80: Fthwrrz | M80: Leiper | X80: jones | AE80: Eve | AF80: 46
A81: 47 | B81: Alderman | K81: Crawford | P81: Kkenburg | W81: Urropia | AC81: Lacey | AF81: 47
A82: 48 | B82: Fairclough | L82: Vienenki | M82: Dunn | P82: Catterson | R82: Abraham | W82: J Fry | AE82: Jones | AF82: 48
A83: 49 | B83: Busby | Q83: Cole | W83: L Fry | AD83: LARIGRASSE | AE83: Dowsett | AF83: 49
A84: 50 | C84: Linnegal | P84: Corby | T84: Lancaster | AE84: Dowsett | AF84: 50
A85: 51 | B85: Green | D85: Thurlow | X85: Law | AE85: Dodson | AF85: 51
A86: 52 | W86: Lloyd | AE86: Irina | AF86: 52
A87: 53 | X87: Day | AE87: Wrainwright | AF87: 53
A88: 54 | AE88: Phillips | AF88: 54
A89: 55 | P89: Cunnison | W89: Goodman | AE89: Ralf | AF89: 55
A90: 56 | V90: Duke of Edinburght Expition | AE90: Brown | AF90: 56
A91: 57 | V91: Duke of Edinburght Expition | AF91: 57 | AG91: plots 57 onwards
A92: 58 | V92: Duke of Edinburght Expition | AF92: 58 | AG92: to go where Peppermin went
A93: 53 | V93: Duke of Edinburght Expition | AF93: 53
A94: 54 | V94: Duke of Edinburght Expition | AF94: 54
A95: 55 | V95: Duke of Edinburght Expition | AF95: 55
A96: 56 | V96: Duke of Edinburght Expition | AF96: 56
A97: 57 | V97: Duke of Edinburght Expition | AE97: Carrava | AF97: 57
A98: 58 | V98: Duke of Edinburght Expition | AF98: 58
B101: Callachan

Sheet July 2018
A1: BACK-UP 31 July @2015
D2: ACSI UP TO 19 July | H2: LET's Rock | J2: ACSI ONLY UP TO 20 July - only on pl 23 to 27 | Y2: PEAK | AD2: PEAK | AE2: OI
A3: Pitch | B3: Sun | C3: Mon | D3: Tue | E3: Wed | F3: Thu | G3: Fri | H3: Sat | I3: Sun | J3: Mon | K3: Tue | L3: Wed | M3: Thu | N3: Fri | O3: Sat | P3: Sun | Q3: Mon | R3: Tue | S3: Wed | T3: Thu | U3: Fri | V3: Sat | W3: Sun | X3: Mon | Y3: Tue | Z3: Wed | AA3: Thu | AB3: Fri | AC3: Sat | AD3: Sun | AE3: Mon | AF3: Tue | AG3: Pitch
A4: No. | B4: 1 | C4: 2 | D4: 3 | E4: 4 | F4: 5 | G4: 6 | H4: 7 | I4: 8 | J4: 9 | K4: 10 | L4: 11 | M4: 12 | N4: 13 | O4: 14 | P4: 15 | Q4: 16 | R4: 17 | S4: 18 | T4: 19 | U4: 20 | V4: 21 | W4: 22 | X4: 23 | Y4: 24 | Z4: 25 | AA4: 26 | AB4: 27 | AC4: 28 | AD4: 29 | AE4: 30 | AF4: 31 | AG4: No.
A5: 1 | B5: Wrigley | C5: Lamkin | E5: Bevan | G5: Beech | H5: Jackson DO NOT MOVE | K5: Marshall | L5: Feehily - in a wheelchair | N5: Stuart | P5: Cox | Q5: Pack | S5: Podmore | T5: Tore | U5: Telford - req plot 1 BB4 | X5: Ruedisueli | Y5: Abbott | AB5: Wilson | AE5: Shannon | AG5: 1 | AH5: Rally
A6: 2 | B6: cont… | E6: 4wks | L6: 1 | S6: 2 | Z6: 3 | AG6: 2 | AH6: Seasonal
A7: 2a | B7: Nash cont… | F7: extended | M7: Marrier | O7: Gregson | Q7: Nash - Need to be near toilets please do not move | AG7: 2a
A8: 3 | C8: Robinson | E8: Nutt | F8: Hutcheson | K8: Beaton | N8: sc heffler | O8: Brown | Q8: Puyrigaud | V8: Hopkins | X8: Thomas | AB8: Thomas | AC8: Kavanagh | AD8: Vaughan | AE8: Dewis | AG8: 3 | AH8: Tent
A9: 4 | G9: Parker | L9: Chadwick | M9: Haines | T9: Birch - ETA 1800 | AA9: Crook | AG9: 4 | AH9: Trailer tent
A10: 4a | I10: Hobson | N10: Smith-Hamblin | U10: Birch | X10: Lane | AB10: Gautier | AG10: 4a
A11: 5 | D11: Rossel | G11: Egerton / Stevenson | I11: Connolly | J11: Brodie - please do not move see notes | V11: Hall | AA11: Wells | AD11: Hennessy | AG11: 5 | AH11: Folding caravan
A12: 6 | D12: Graham | G12: Egerton | I12: Faultless | J12: Roebuck/Dunn | L12: Mellor | N12: Hungerford | U12: Paulton | X12: Emmett | AF12: Reilly | AG12: 6 | AH12: Caravan
A13: 7 | C13: Held | G13: Day-DO NOT MOVE | J13: Roebuck | O13: Price | U13: Palfrey | V13: Martin - do not move thanks | AD13: Keiser | AE13: Murphy | AG13: 7 | AH13: Camper van
A14: 8 | B14: Binaux | C14: Hood | G14: Rayment | I14: Hicklin | U14: Haden | W14: Schneller | X14: Hicklin | Z14: Clark | AB14: Exton | AD14: Burton | AE14: Hickson | AG14: 8 | AH14: Motorhome
A15: 9 | B15: cont… | D15: Luetchford | F15: ICFR rally up to 15 units | K15: Betteridge | O15: Parfitt | R15: Binaux | T15: Jeffs | X15: Brierley | Z15: Ford | AB15: Van Zyll | AD15: Habert | AG15: 9 | AH15: RV
A16: 10 | B16: 4 | C16: pd | F16: ICFR rally up to 15 units | K16: James back 10 July | Q16: 1 | X16: 2 | AE16: 3 | AG16: 10 | AH16: Free night
A17: 11 | B17: Hillick | F17: ICFR rally up to 15 units | L17: Hammond | O17: Morrison | P17: Wallstrom | T17: Lomas | Z17: Seaman | AB17: Hickman | AE17: Hodson | AG17: 11 | AH17: Poss Extra / late stay
A18: 12 | B18: 1cont | I18: 2 | O18: 3 | U18: prinsloo | W18: Brown | X18: Tolle | Y18: Keeley | AB18: Longdon | AC18: Foreman | AE18: Clark | AG18: 12 | AH18: Hard Standing
A19: 13 | B19: cont.. | O19: 4 | AC19: 2 | AG19: 13 | AH19: Not in use
A20: 14 | B20: Cont | E20: ICFR rally up to 15 units | O20: Hollows - DO NOT MOVE THANKS - she knows she is on this pitch | AG20: 14 | AH20: Off Peak
A21: 15 | AG21: 15 | AH21: Bank holiday
A22: 16 | B22: cont | E22: ICFR rally up to 15 units | O22: Griffiths | P22: keep | Q22: together | V22: Rowbotham | Y22: Goldsach | AA22: Hoey | AB22: Rennie | AF22: Eccleshaw | AG22: 16 | AH22: Peak
A23: 16a | F23: ICFR rally up to 15 units | O23: Evans | P23: keep | Q23: together | V23: Rowbotham/Hewitt | AB23: Webb-Haines | AF23: Christian | AG23: 16a
A24: 17 | F24: ICFR rally up to 15 units | N24: Dunn / Taylor | V24: Deakin | AB24: Thompson do not move | AF24: Milnick | AG24: 17 | AH24: Non arrival
A25: 17a | B25: cont | F25: ICFR rally up to 15 units | N25: Dunn | V25: Deakin/Coker | AB25: Daveney | AG25: 17a | AH25: Refund
A26: 18 | B26: cont | G26: Blackham | M26: Toyne | V26: Deakin/Mahoney | Y26: Bushford | AG26: 18 | AH26: Cancelled
A27: 18a | G27: Hattersley | O27: Elvin | Y27: Bushford | AG27: 18a | AH27: late stay
A28: 19 | B28: 2 cont | I28: 3 | P28: 4 | Q28: McMaster | S28: Keirby | V28: Lawson | W28: Lawson | Y28: Feris | AC28: Weslowski | AE28: Shaw | AG28: 19
A29: 20 | D29: Seed | F29: Collins | G29: Davies | H29: Sumpter | I29: Lawson | N29: Sumpter | P29: McMaster | Q29: Green | T29: leaving 3 days early now as sold M/H | AC29: Weslowski | AD29: Noble | AF29: Conlon | AG29: 20 | AH29: =ALERTS!E36 -> 0
A30: 21 | B30: Conlon cont… | I30: 3 | P30: 4 | W30: 1 | AB30: Weckowski | AF30: Fowle | AG30: 21 | AH30: =ALERTS!E37 -> 0
A31: 22 | B31: Darlow | D31: Seasonal Pitch July to Sep | G31: LEAVING 6/7 - BACK ON 20TH | O31: Keim | U31: Darlow back today?? | Y31: LD62XAR | AG31: 22 | AH31: =ALERTS!E38 -> 0
A32: Pitch | B32: Sun | C32: Mon | D32: Tue | E32: Wed | F32: Thu | G32: Fri | H32: Sat | I32: Sun | J32: Mon | K32: Tue | L32: Wed | M32: Thu | N32: Fri | O32: Sat | P32: Sun | Q32: Mon | R32: Tue | S32: Wed | T32: Thu | U32: Fri | V32: Sat | W32: Sun | X32: Mon | Y32: Tue | Z32: Wed | AA32: Thu | AB32: Fri | AC32: Sat | AD32: Sun | AE32: Mon | AF32: Tue | AG32: Pitch
A33: No. | B33: 1 | C33: 2 | D33: 3 | E33: 4 | F33: 5 | G33: 6 | H33: 7 | I33: 8 | J33: 9 | K33: 10 | L33: 11 | M33: 12 | N33: 13 | O33: 14 | P33: 15 | Q33: 16 | R33: 17 | S33: 18 | T33: 19 | U33: 20 | V33: 21 | W33: 22 | X33: 23 | Y33: 24 | Z33: 25 | AA33: 26 | AB33: 27 | AC33: 28 | AD33: 29 | AE33: 30 | AF33: 31 | AG33: No.
A34: 23 | B34: Tutt cont… | F34: 2 | M34: 3 | T34: 4 | AB34: Gough | AC34: Van-Pelt | AG34: 23
A35: 23a | B35: cont | C35: Constante | E35: Frey | G35: Blow | H35: Roberts | J35: Jeaffrdy | N35: O'Callahan | O35: Grimwood | AB35: Day | AG35: 23a
A36: 24 | C36: Dewis | E36: Schmitz | G36: Mayers | J36: Blandin | L36: Roberts | AB36: Chamberlain | AG36: 24 | AH36: TODAY IS
A37: 25 | B37: cont… | E37: Schoolar | G37: Golding | H37: Winshield | J37: Parry | L37: Dubery - house flooded | X37: Dubery - house flooded | Y37: 2 | AF37: 3 | AG37: 25 | AH37: =TODAY() -> 43430
A38: 26 | B38: cont.. | E38: spackler | G38: Foster | H38: Booth | I38: Bessant | N38: Gobbey | O38: Koehler | AB38: Feibold | AG38: 26
A39: 27 | B39: on | H39: Pritchard | I39: Luetchford | M39: Johnson | AG39: 27
A40: 28 | C40: off | D40: off | E40: off | I40: off | J40: off | K40: off | L40: off | Q40: off | R40: off | S40: off | W40: off | X40: off | Y40: off | Z40: off | AE40: off | AF40: off | AG40: 28
A41: 29 | B41: cont.. | D41: Wilson | F41: Baars | G41: Wilton | H41: Crowfoot | K41: Evans | L41: King | N41: Higman | P41: Millard | Q41: Ripper | R41: Mattinson | U41: Gilley | V41: Coombes | X41: Rudin | Y41: Cairns | Z41: Eldridge | AB41: Booth | AC41: Meers | AD41: Hitchings | AE41: Pendlington | AF41: Rudin | AG41: 29 | AH41: NO DOGS
A42: 30 | B42: Stoneham | H42: Kneller | N42: Ranner | O42: Southwell | Q42: Hammond | U42: Leonard | X42: Neild - Please do not move | AD42: 1 | AG42: 30 | AH42: NO DOGS
A43: 31 | B43: Bob Stuart | G43: Niclols | J43: Bob back | O43: Allan | Q43: Jytte | X43: Bob Stuart | AG43: 31 | AH43: NO DOGS
A44: 32 | B44: Steele | C44: Guy | F44: Rodwell | I44: Patman | J44: Cox - do not move | N44: MacKenzie | V44: Tombling | Y44: Burrell - requested h/s | AE44: Vendenbham | AF44: Triccas | AG44: 32 | AH44: NO DOGS
A45: 33 | B45: cont.. | G45: Parsons | I45: Rutter | J45: Cook - do not move | M45: Hopper | Q45: Houben | V45: Galloway - do not move with pl 34 | AA45: Swart | AC45: Coe | AG45: 33 | AH45: NO DOGS
A46: 34 | B46: Wallucks | D46: Fries | G46: Cullen | I46: Beard | K46: Fergus | M46: Stocks | R46: Fett | U46: Meusirth | V46: Burch - do not move with pl 33 | AC46: Cobbing | AE46: Eout | AG46: 34 | AH46: NO DOGS
A47: 35 | B47: cont… | F47: ICFR rally 11 (2 IN PADDOCK)units | L47: Carrie-Ann | O47: Clews | P47: Van Avezaath | U47: Rhodes | V47: Colclough | X47: Devereux | AF47: cont | AG47: 35
A48: 36 | B48: cont | F48: ICFR rally up to 11 units | M48: Church | O48: Peake | T48: Farrell | W48: Birch moved from plt 4 due to leaves | AD48: £10 LS | AG48: 36
A49: 37 | B49: cont | G49: Waej | L49: Morgan | M49: with Morgan do not move | P49: Wood | W49: Birch moved from plt 4a due to leaves | AD49: £10 LS | AG49: 37
A50: 38 | B50: Ogelsby | H50: Stewart | K50: Brode | M50: Morgan - do not move | U50: King | AB50: Cotter/ Norman | AD50: Moulson | AE50: Moore | AG50: 38
A51: 39 | B51: cont.. | C51: Duckett | G51: Hillebrandt | I51: Jones | K51: Behrmann | M51: Vicary | U51: Haynes | W51: Parker | AB51: Cotter / Smith | AD51: Bunn | AF51: Jacksch | AG51: 39
A52: 40 | C52: James | G52: Deacon | H52: Cook | K52: Schmidtke | N52: Wharton | Q52: Aze | R52: Croft | S52: Price | U52: Shelton | V52: Ashby | Z52: Blackman | AD52: Gortz | AG52: 40
A53: 41 | G53: Hollyhomes with Deacon | H53: Westphal - German caravan | O53: Bennett | R53: Cullen | S53: Holman | AB53: Tom Green rib rally | AF53: Bainbridge | AG53: 41
A54: Late arrival bay | C54: Cartwright | D54: Findlay | E54: Parr | O54: Johnson | Y54: Alexander | AH54: Late arrival bay
B55: =B32 -> Sun | C55: =C32 -> Mon | D55: =D32 -> Tue | E55: =E32 -> Wed | F55: =F32 -> Thu | G55: =G32 -> Fri | H55: =H32 -> Sat | I55: =I32 -> Sun | ... AF55: =AF32 -> Tue | AG55: Pitch
B56: 1 | C56: 2 | D56: 3 | E56: 4 | F56: 5 | G56: 6 | H56: 7 | I56: 8 | J56: 9 | K56: 10 | L56: 11 | M56: 12 | N56: 13 | O56: 14 | P56: 15 | Q56: 16 | R56: 17 | S56: 18 | T56: 19 | U56: 20 | V56: 21 | W56: 22 | X56: 23 | Y56: 24 | Z56: 25 | AA56: 26 | AB56: 27 | AC56: 28 | AD56: 29 | AE56: 30 | AF56: 31 | AG56: No.
A57: Paddock | G57: Bevan | H57: Murphy | N57: Murphy this is on plot 20 | AB57: Conlon | AD57: 2 | AE57: Hollows | AG57: Paddock
A58: Camping with electric | O58: Simpson | AB58: Fabes | AG58: Camping with electric
A59: 7a | G59: Williams | O59: Figgins | Q59: Stubings | U59: Hawkins | W59: Williams | AA59: Crilly | AB59: Davies | AE59: Slikkerveer | AG59: 7a
A60: 8a | H60: Armstrong | Q60: Koops | S60: Brown | U60: Hardy | Z60: Walters | AE60: Harbinson | AG60: 8a
A61: 9a | G61: Tang | N61: Obeney | Q61: Coach | U61: Newbrook | X61: Seebe | AG61: 9a
A62: 10a | C62: Tschirner | L62: Bazley | Q62: Coach | T62: Ruby | AA62: Ruby | AG62: 10a
A63: 11a | F63: Smith | M63: Jacob | T63: Gracner | X63: Sharp | AG63: 11a
A64: 12a | G64: Hosford | M64: Betts | N64: Kincaid | U64: Stuifburgen | V64: Hibberd | AB64: Glennie | AG64: 12a
A65: 13a | G65: Balmer | H65: Dillon | N65: Kincaid/Mayes | V65: Davis | Y65: Hooper | AC65: Morrison | AF65: Lindon | AG65: 13a
A66: 14a | G66: Duff | H66: Storm | N66: Fry / Short | Y66: Hooper | AC66: Morrison | AF66: Lindon/Clarke | AG66: 14a
A67: 15a | B67: No elec | G67: Duff | N67: Fry | AC67: Morrison | AG67: 15a no elec
A68: Behind Barn | AB68: Hamelink | AG68: Behind Barn
A69: Storm | AG69: Storm
A70: compass | D70: Jacob | K70: Jacob | AB70: A | AG70: compass
A71: Senator | AA71: June Holdsworth | AG71: Senator
G72: Kilburn | W72: Tombling - back from cruise 29 July
A73: Pitch | L73: Bob Stuart pd from 11 July to 2 Aug - £378 - 8404 | AB73: Brunink | AG73: Pitch
A74: No. | AB74: Brunink | AG74: No.
A75: CAMPING NO ELECTRIC | AC75: De laCorurt | AG75: CAMPING NO ELECTRIC | AH75: No Electric
N76: Kempssord
B77: =B55 -> Sun | C77: =C55 -> Mon | D77: =D55 -> Tue | E77: =E55 -> Wed | F77: =F55 -> Thu | G77: =G55 -> Fri | H77: =H55 -> Sat | I77: =I55 -> Sun | ... AF77: =AF55 -> Tue
B78: 1 | C78: 2 | D78: 3 | E78: 4 | F78: 5 | G78: 6 | H78: 7 | I78: 8 | J78: 9 | K78: 10 | L78: 11 | M78: 12 | N78: 13 | O78: 14 | P78: 15 | Q78: 16 | R78: 17 | S78: 18 | T78: 19 | U78: 20 | V78: 21 | W78: 22 | X78: 23 | Y78: 24 | Z78: 25 | AA78: 26 | AB78: 27 | AC78: 28 | AD78: 29 | AE78: 30 | AF78: 31 | AH78: Bill wrk 3-9 July cover I think?
W79: Heathcote | AB79: Taylor | AC79: Rouco
A80: 46 | B80: Sandys | H80: Boniface | K80: Alimkinas | O80: Parfitt | P80: Catterson | Q80: HARMAN | T80: Dyer | U80: Bushby | W80: Dunan | AC80: Atyeo | AG80: 46
A81: 47 | B81: cont | G81: Cartridge | M81: Hill | O81: Williamson | S81: Hirst | V81: Palmer | W81: Dunan | X81: McCarthy | AB81: Miller | AE81: Ziguertcham | AG81: 47
A82: 48 | E82: Bowden | G82: Corrigan | K82: Jenkins | M82: Boyce | O82: Langford | P82: heylen | S82: Sexton | V82: Woods | AB82: Lebas | AE82: Alen | AG82: 48
A83: 49 | B83: Brook | G83: Norton | M83: harman | N83: Rapizo | S83: Dirk | V83: Tevesz | AB83: Nicholson | AF83: Verstegen | AG83: 49
A84: 50 | C84: Lloyd | H84: Scanlon | M84: Titley | N84: Klizat | P84: Gog | S84: Konstantin | U84: Davison | X84: Flache | AB84: Parish | AF84: Clarke | AG84: 50
A85: 51 | B85: Lindner | F85: Butler | M85: Mcloed | P85: Gog | S85: Roehrich | U85: Dent | V85: Jacob | AB85: De laCorurt | AC85: Pace | AF85: Whitten | AG85: 51
A86: 52 | B86: Lindner | G86: Murray | H86: Lee | M86: Couwelier | O86: Wormsley | U86: Wood | X86: Schall | AA86: Sohal | AG86: 52
A87: 53 | B87: Lindner | H87: Burden | M87: Bryce | O87: Nichols | S87: Wignants | T87: Beauquesne | AC87: Seyler | AG87: 53
A88: 54 | B88: Lindner | G88: Warburton | M88: Bryce | O88: Bioska | V88: Twelvetree | AB88: Parnell | AE88: Coates | AG88: 54
A89: 55 | B89: Lindner | G89: Warburton/Clapham | M89: Bryce | O89: Ives | V89: Lacy | AB89: Aldridge | AG89: 55
A90: 56 | G90: Foster | N90: Williams | V90: Lacy | AB90: Aldridge/Wheeland | AG90: 56
A91: Peppermint CAMPING FIELD | L91: LeMarshall | N91: Wychadanczuk | AB91: TOP CAMPING FIELD ON LEFT
N92: Vivivane | AB92: Clark
H93: Burttrow | W93: Griffiths | AB93: Spelthorne Football Club
AB94: Clark
F95: Kirkpatrick | AB95: Pyle
F96: Cornford | AB96: Frary
G97: Maxey | AC97: Patel
G98: Maxey/Martin | U98: Newman | AC98: Tomkins
G99: Hollifield | N99: RALLY | U99: Newman / Warren | AC99: Carroll/Stan
G100: Easton | V100: MacDonald | AC100: Carroll / Lenny
...

Sheet Aug 2018
A1: BACK-UP 31 Aug @1800
F2: P E A K | K2: P E A K | Q2: P E A K | AC2: CRICKET
A3: Pitch | B3: Wed | C3: Thu | D3: Fri | E3: Sat | F3: Sun | G3: Mon | H3: Tue | I3: Wed | J3: Thu | K3: Fri | L3: Sat | M3: Sun | N3: Mon | O3: Tue | P3: Wed | Q3: Thu | R3: Fri | S3: Sat | T3: Sun | U3: Mon | V3: Tue | W3: Wed | X3: Thu | Y3: Fri | Z3: Sat | AA3: Sun | AB3: Mon | AC3: Tues | AD3: Wed | AE3: Thur | AF3: Fri | AG3: Pitch
A4: No. | B4: 1 | C4: 2 | D4: 3 | E4: 4 | F4: 5 | G4: 6 | H4: 7 | I4: 8 | J4: 9 | K4: 10 | L4: 11 | M4: 12 | N4: 13 | O4: 14 | P4: 15 | Q4: 16 | R4: 17 | S4: 18 | T4: 19 | U4: 20 | V4: 21 | W4: 22 | X4: 23 | Y4: 24 | Z4: 25 | AA4: 26 | AB4: 27 | AC4: 28 | AD4: 29 | AE4: 30 | AF4: 31 | AG4: No.
A5: 1 | B5: cont | D5: Madou | E5: caldwell | G5: Hooker | H5: Enrico | I5: Kinsley | J5: theurig | K5: Dewdhory | L5: Crawshaw | O5: Hamm | Q5: Capel | R5: Howe | S5: Couzens | V5: Holland | W5: Colgate | X5: Fowler | AA5: Tilke | AD5: Canham | AF5: Mower | AG5: 1 | AH5: Tent
A6: 2 | B6: Bennett cont… | I6: 5 | P6: 6 | W6: 7 | AD6: 8 | AG6: 2
A7: 2a | B7: Nash cont….. | AG7: 2a | AH7: Not here
A8: 3 | D8: Werner | E8: Blayne | K8: Parker | M8: Fliedauf | O8: Pross | S8: Harris | T8: Hopkins | Z8: Butler | AG8: 3 | AH8: Trailer tent
A9: 4 | B9: Norton | G9: Whiteley | S9: Potter | W9: Krengel | X9: Pickup | AF9: Parker - DNM | AG9: 4 | AH9: Folding caravan
A10: 4a | D10: Ruby | Y10: Giddings | AD10: Neatherway | AG10: 4a
A11: 5 | D11: Vaughan | G11: Buchanan | O11: Martin | Q11: clarke | U11: Gregory | X11: Lucus | Z11: JASPER | AE11: Hobden | AF11: Motton | AG11: 5 | AH11: Caravan
A12: 6 | B12: cont… | D12: McCall | J12: Mason | L12: Fitzgerald | R12: stanley | T12: Jones | W12: Keenan | AC12: Brassel | AG12: 6 | AH12: Camper van
A13: 7 | B13: cont… | E13: Dougherty - plse do not move | P13: Boten | R13: hills | T13: White requested this pitch - do not move | AE13: Waters | AG13: 7 | AH13: Motorhome
A14: 8 | B14: Colwell | D14: Prinn | F14: Suttee | H14: Santam | J14: Boeing | N14: Fright | O14: Lewis | P14: DeKlerk | U14: Newbrook | V14: Mason | X14: Edwards | Y14: Grieve | AB14: Foard | AC14: Mank | AE14: Stevens | AF14: Morgan | AG14: 8 | AH14: RV
A15: 9 | B15: Fickle | E15: Rudd | F15: Burton | J15: Beddow | N15: Smith | P15: Arlt | Q15: Boudlr | R15: Lecornu | S15: BUSBY | U15: Groves | V15: Theaker | W15: Walker | Y15: Gale | AB15: Dubery - house flooded | AC15: 7 | AG15: 9 | AH15: Free night
A16: 10 | B16: Oakley cont… | G16: 4 | H16: Paid up to 23 Aug - agreed to see me for refund if he finishes early | Y16: Lawler | AE16: Wareing | AG16: 10 | AH16: Poss Extra / late stay
A17: 11 | B17: West | I17: Smith | J17: Pidwell - do not move req hard stand | Q17: Santner | R17: Kurowski | U17: Tennant | V17: Latham | Y17: Bales | AC17: Brandneir | AD17: Tunmore | AE17: Hansen | AF17: Jeffs | AG17: 11 | AH17: Hard Standing
A18: 12 | B18: cont | E18: Liston | F18: Archer | I18: Santan | R18: O'Hara | S18: Munro | X18: Beck | AB18: Snoeren | AC18: Clements | AD18: Morris | AG18: 12 | AH18: Not in use
A19: 13 | B19: Armitstead cont….. | E19: 3 | L19: 4wks | M19: pd from 12 Aug to 8 Sep | S19: 1 | Z19: 2 | AG19: 13 | AH19: Off Peak
A20: 14 | D20: Grayson | G20: Mason | K20: Mewse | L20: Hoole | W20: Harris | AG20: 14 | AH20: Bank holiday
A21: 15 | AG21: 15 | AH21: Peak
A22: 16 | B22: Twigger | H22: Weidnhagen | K22: Cassidy | L22: Crawshaw | R22: Tracey/Jo Pickett - DNM | U22: Gough /Wallace tgther | Z22: Mundy | AE22: Crossley | AG22: 16 | AH22: Seasonal pitch
A23: 16a | B23: Harden | G23: Cussons | H23: Weidnhagen | K23: Cassidy | L23: Rollke | U23: Gough | Z23: Mundy/Meansworth | AB23: Culcin | AG23: 16a | AH23: Non arrival
A24: 17 | C24: Sanderson | G24: Cussons - do not move | J24: Simms | R24: Jo/Tracey Pickett - DNM | Y24: McTaggard | AC24: Irvine | AG24: 17 | AH24: Refund
A25: 17a | C25: Sanderson | K25: Cassidy | Y25: McTaggard/ Ford | AG25: 17a | AH25: Cancelled
A26: 18 | C26: Baker | J26: Vercammen | W26: Doig/Smith - do not move | AF26: Purdy | AG26: 18 | AH26: late stay
A27: 18a | C27: Perkins | X27: Doig/Smith-do not move | AF27: Purdy | AG27: 18a
A28: 19 | B28: cont.. | I28: Lole | K28: Jackson | P28: Farrington | V28: 1wk | AC28: 2wks | AF28: quantick | AG28: 19
A29: 20 | B29: conlon | C29: 2 | D29: Due to pay today £25.00 PER NIGHT | AG29: 20 | AH29: =ALERTS!E39 -> 0
A30: 21 | D30: Dainty | K30: Holdcroft | L30: Clarke | P30: Hillman | U30: Mowmann | V30: Hanewald | W30: Ohms | Y30: Clarke | AA30: Gough | AG30: 21 | AH30: =ALERTS!E40 -> 0
A31: 22 | B31: Darlow | AG31: 22 | AH31: =ALERTS!E41 -> 0
A32: Pitch | B32: Wed | C32: Thu | D32: Fri | E32: Sat | F32: Sun | G32: Mon | H32: Tue | I32: Wed | J32: Thu | K32: Fri | L32: Sat | M32: Sun | N32: Mon | O32: Tue | P32: Wed | Q32: Thu | R32: Fri | S32: Sat | T32: Sun | U32: Mon | V32: Tue | W32: Wed | X32: Thu | Y32: Fri | Z32: Sat | AA32: Sun | AB32: Mon | AC32: Tues | AD32: Wed | AE32: Thur | AF32: Fri | AG32: Pitch
A33: No. | B33: 1 | C33: 2 | D33: 3 | E33: 4 | F33: 5 | G33: 6 | H33: 7 | I33: 8 | J33: 9 | K33: 10 | L33: 11 | M33: 12 | N33: 13 | O33: 14 | P33: 15 | Q33: 16 | R33: 17 | S33: 18 | T33: 19 | U33: 20 | V33: 21 | W33: 22 | X33: 23 | Y33: 24 | Z33: 25 | AA33: 26 | AB33: 27 | AC33: 28 | AD33: 29 | AE33: 30 | AF33: 31 | AG33: No.
A34: 23 | D34: Felix | E34: glaser | G34: Tutt | M34: 1 | T34: 2 | AA34: 3 | AG34: 23
A35: 23a | C35: Spaansen | G35: Santam | J35: griamettim | K35: Rudge | M35: Schubert | Y35: Mills | AD35: Bradley | AG35: 23a
A36: 24 | C36: Sannat | E36: Nantreansaleod | G36: Zufferey | J36: ravaio | K36: Bassoli | L36: Leto-Barone | M36: Rinsma | Y36: Withers | AE36: Potts | AF36: Skeer | AG36: 24 | AH36: TODAY IS
A37: 25 | B37: Dubery - house flooded | H37: 4 | O37: 5 | V37: 6 | AE37: Eales | AG37: 25 | AH37: =TODAY() -> 43430
A38: 26 | C38: Willis | I38: Gurton | Y38: Franks | AC38: Pitt | AG38: 26
A39: 27 | B39: Van Gompl | E39: Hausheer | L39: Mattes | X39: Full | AG39: 27
A40: 28 | B40: off | F40: off | G40: off | H40: off | I40: off | N40: off | O40: off | P40: off | T40: off | U40: off | V40: off | W40: off | AB40: off | AC40: off | AD40: off | AG40: 28
A41: 29 | C41: McLean | D41: Henley | E41: Kelly | G41: Banks | H41: Talman | I41: Dennis | J41: King - DNM | L41: Mitchell | M41: Holeller | O41: Parry | P41: Powell | T41: Mower | V41: wahl | W41: Tutjahr | X41: Hughes | AC41: Beattie | AD41: Macfarland | AG41: 29 | AH41: NO DOGS
A42: 30 | B42: cont… | G42: Hancox | H42: Schever | K42: Barton | L42: Horsfield | M42: Coombes | N42: Kagewski | O42: Morris | R42: Ram | T42: Groves | Y42: Gardiner | AC42: King | AD42: Foster | AG42: 30 | AH42: NO DOGS
A43: 31 | B43: Bob Stuart | Y43: Cooke | AC43: Bob Stuart back | AG43: 31 | AH43: NO DOGS
A44: 32 | C44: Baker | F44: Minnema | G44: Brown | K44: Dupont | L44: Dorloechter | M44: Humpries | R44: Jans | U44: McKay with Ridge pl 30 | Y44: Taylor - DNM | AC44: Ridge | AE44: Shannon | AG44: 32 | AH44: NO DOGS
A45: 33 | B45: Reilly | E45: Green | M45: Humpries | N45: Maruny | O45: Allan | Q45: Matley-Jones | R45: Clews | S45: Harrison | Y45: Goodenough - DNM | AC45: McKay with Ridge pl 30 | AE45: Tidd | AG45: 33 | AH45: NO DOGS
A46: 34 | C46: Haddon - keep with A & M Price | D46: Phelps | F46: Foreman - do not move | L46: Cope | P46: Chalk | R46: Knight | T46: Crout - DNM | AG46: 34 | AH46: NO DOGS
A47: 35 | B47: Cont… | C47: A Price | D47: Alsford | I47: Lorrmans | R47: Ritzema | S47: Majid | Y47: Lissenden | AF47: Gurr | AG47: 35
A48: 36 | C48: M Price | D48: Tate | K48: Ellis | Q48: Williams | U48: Terino | X48: Marchant DNM | AD48: Weldon | AG48: 36
A49: 37 | D49: Abbott | F49: Overdevs | K49: Kimber | Y49: Galloway | AG49: 37
A50: 38 | D50: tejada | F50: est | L50: Dunkerley | U50: Lewis | X50: Ager | AD50: Stott | AG50: 38
A51: 39 | E51: Wouters | G51: Trapp | I51: Nolan | K51: Morgan | P51: Bos - DO NOT MOVE | Y51: Young | AF51: Austin | AG51: 39
A52: 40 | B52: 0 | D52: Venn | E52: Scott | F52: Archer | I52: Akers | K52: Newman | L52: Jones | R52: Turner | S52: Davies-Hill | T52: Milburn | W52: Houlgrave | Y52: Haylor | AC52: Waldosh | AE52: Burn | AG52: 40
A53: 41 | G53: Lockyer | I53: Boyce | K53: Colclough | L53: Hampshire | S53: Wood | T53: Hampshire | Z53: O'Brien | AB53: Hamnett | AC53: Waldosh/Stockdale | AD53: Bartels | AG53: 41
A54: Late arrival bay | E54: Redeker | Y54: Edwards | AF54: Mitchell | AG54: LAB
B55: =B32 -> Wed | C55: =C32 -> Thu | D55: =D32 -> Fri | E55: =E32 -> Sat | F55: =F32 -> Sun | G55: =G32 -> Mon | H55: =H32 -> Tue | I55: =I32 -> Wed | ... AF55: =AF32 -> Fri
B56: 1 | C56: 2 | D56: 3 | E56: 4 | F56: 5 | G56: 6 | H56: 7 | I56: 8 | J56: 9 | K56: 10 | L56: 11 | M56: 12 | N56: 13 | O56: 14 | P56: 15 | Q56: 16 | R56: 17 | S56: 18 | T56: 19 | U56: 20 | V56: 21 | W56: 22 | X56: 23 | Y56: 24 | Z56: 25 | AA56: 26 | AB56: 27 | AC56: 28 | AD56: 29 | AE56: 30 | AF56: 31
A57: Paddock | D57: Brant | U57: Hollows - DO NOT MOVE | AG57: Paddock
A58: Camping with electric | W58: Bos | AG58: Camping with electric
A59: 7a | B59: cont.. | M59: 2wks | T59: 3wks | X59: Thomas | AC59: Roberts | AG59: 7a
A60: 8a | B60: cont | D60: Derrick | F60: Frieel | G60: Buckman | M60: Atcherley | R60: Cox | T60: Gobes | Y60: Berry | AD60: Hunt | AG60: 8a
A61: 9a | B61: cont.. | D61: Martin | J61: Cox - keep with 10a | N61: King | Q61: Fontanel | S61: Vaughan | Y61: Winter | AG61: 9a
A62: 10a | D62: Kindermann | H62: Hayes | J62: Cox / Ralff | O62: Weight | Q62: Tilbury | W62: Boscnh | Z62: Byrne | AD62: Jardine | AG62: 10a
A63: 11a | C63: Bevis | J63: Smith | Q63: Dorset | X63: Sewell | AG63: 11a
A64: 12a | D64: Lorch | E64: Stokes | K64: Dear | R64: Simpson | X64: Shaw | AB64: Mcbean | AG64: 12a
A65: 13a | B65: cont.. | D65: Ford | K65: Clay | R65: Gayton | U65: England | Y65: Deamer/Charlie | AB65: Mcbean | AG65: 13a
A66: 14a | B66: cont.. | E66: Richards | H66: Vijverberg | K66: Newbrook | R66: Aldridge | Y66: Deamer/Janet | AB66: Newbrook | AG66: 14a
D67: Parker | K67: Newbrook/Chris | AB67: Newbrook
A68: Behind Barn | K68: Newbrook/Matt | O68: Brookshaw | AG68: Behind Barn
K69: Newbrook/Nathan 1n Kirsty 1n | AG69: Storm
A70: Storm | L70: Siudak | X70: maybe | Y70: Watson
A71: compass | I71: Pollard | M71: Siudak | S71: may stay so will us tent booking pl 50 | AG71: compass
A72: Senator | B72: cont.. | G72: White | J72: Parker | AG72: Senator
A73: Pitch | I73: Marshall | AG73: Pitch
A74: No. | K74: Pilling | M74: Kidd | AG74: No.
A75: CAMPING NO ELECTRIC | M75: Newbrook | N75: Hollows - DO NOT MOVE | AG75: CAMPING NO ELECTRIC
B76: Hollows | M76: Parker | R76: Parker
B77: =B55 -> Wed | C77: =C55 -> Thu | D77: =D55 -> Fri | E77: =E55 -> Sat | F77: =F55 -> Sun | G77: =G55 -> Mon | H77: =H55 -> Tue | I77: =I55 -> Wed | ... AF77: =AF55 -> Fri
B78: 1 | C78: 2 | D78: 3 | E78: 4 | F78: 5 | G78: 6 | H78: 7 | I78: 8 | J78: 9 | K78: 10 | L78: 11 | M78: 12 | N78: 13 | O78: 14 | P78: 15 | Q78: 16 | R78: 17 | S78: 18 | T78: 19 | U78: 20 | V78: 21 | W78: 22 | X78: 23 | Y78: 24 | Z78: 25 | AA78: 26 | AB78: 27 | AC78: 28 | AD78: 29 | AE78: 30 | AF78: 31
B79: Bill work week | Y79: Telford | AD79: Wheeler | AG79: 45
A80: 46 | B80: cont… | E80: Rouco | F80: White | H80: Sutton | Q80: Harding | U80: Sohall | W80: Scielmann | Y80: Vewlrei | AA80: Gerrard | AD80: Seelos | AG80: 46
A81: 47 | E81: McGenn | K81: Hancock | O81: Lloyd | Q81: Robinson | U81: Losuvloe | X81: Dunstan | AF81: Mc Neil | AG81: 47
A82: 48 | E82: Bloxham | I82: Smith | L82: Brown | Q82: Fuhlberg | R82: aston | W82: Wyld | Y82: Pearce | AD82: Rayworth | AG82: 48
A83: 49 | B83: Verstegen | D83: Simone | E83: Davis | K83: Worthington | S83: Taylor | T83: Skingley | W83: Wilson | Y83: Connolly | AD83: Muir | AG83: 49
A84: 50 | B84: cont.. | D84: Hope | G84: Bardainne | L84: Crickton | S84: Canham | W84: Barnes | Y84: Jacobs | AC84: Larkin | AG84: 50
A85: 51 | B85: Zahir | J85: Tribble | S85: Cameron | U85: Smell | X85: Smith-keep with Groves | AF85: Collins | AG85: 51
A86: 52 | B86: James | C86: Pitman | G86: Cooke | J86: rallfs | R86: Fitzgerald | U86: Thirketle | X86: Groves | AF86: Collins | AG86: 52
A87: 53 | E87: Townsend | J87: Van Keeken | S87: K Brown | T87: R Irvine | Y87: Addlesee | AE87: Harvey | AG87: 53
A88: 54 | E88: Stow | J88: Herchet | K88: Newbrook | S88: S Brown | T88: L Ivvine | Y88: Curry | AF88: Dixon | AG88: 54
A89: 55 | E89: Twelvetree | L89: Elsacker | Z89: Coventry | AF89: Dixon | AG89: 55
A90: 56 | E90: Hubble | L90: Duardyn | Y90: DiCrescienzo | AD90: Watson | AF90: Fleck | AG90: 56
A91: 57 | S91: Siudak | Y91: Peppermint Field
A92: 58 | D92: Kevin Buxey | Y92: Coakley
D93: Karate Club | G93: Smith | X93: Rattley
Y94: Mugford
Y95: Morgan | Z95: Grainger
Z96: Putko
Z97: Vandermeer
Y98: all big tents | AG98: 58
B99: cont… | D99: Kev Buxey | Y99: Mick Wait | AD99: Ryan Murphy - Security
D100: PEPPERMINT CAMPING FIELD | Y100: Patila | AD100: 100 ?
...

Sheet Sept 2018
A1: BACK-UP 30 Sept 1830
B2: PEAK | E2: ACSI - 3 to 12 Sep | Q2: BOAT SHOW
A3: Pitch | B3: Sat | C3: Sun | D3: Mon | E3: Tue | F3: Wed | G3: Thu | H3: Fri | I3: Sat | J3: Sun | K3: Mon | L3: Tue | M3: Wed | N3: Thu | O3: Fri | P3: Sat | Q3: Sun | R3: Mon | S3: Tue | T3: Wed | U3: Thu | V3: Fri | W3: Sat | X3: Sun | Y3: Mon | Z3: Tue | AA3: Wed | AB3: Thur | AC3: Fri | AD3: Sat | AE3: Sun | AF3: Pitch
A4: No. | B4: 1 | C4: 2 | D4: 3 | E4: 4 | F4: 5 | G4: 6 | H4: 7 | I4: 8 | J4: 9 | K4: 10 | L4: 11 | M4: 12 | N4: 13 | O4: 14 | P4: 15 | Q4: 16 | R4: 17 | S4: 18 | T4: 19 | U4: 20 | V4: 21 | W4: 22 | X4: 23 | Y4: 24 | Z4: 25 | AA4: 26 | AB4: 27 | AC4: 28 | AD4: 29 | AE4: 30 | AF4: No.
A5: 1 | B5: Walker DNM | C5: LefevreDNM | D5: Thomas | F5: Kratzeisen | H5: MacDonald | J5: mollet | M5: Prouten | N5: Brown | P5: Judd | Q5: Chalmers | W5: Telford | X5: Ransome | Y5: Scott - DNM | AA5: Williams | AF5: 1
A6: 2 | B6: Bennett cont.. | F6: 9 | L6: 10 | S6: 11 | Z6: 12 | AF6: 2
A7: 2a | B7: Nash cont…. | R7: Armstrong | S7: Eccles | U7: Paton | AC7: Bull | AF7: 2a | AG7: Not here
A8: 3 | B8: Maplesden | D8: Ashthorpe | H8: Spierenburg | N8: Austin | Y8: Oxer | AF8: 3 | AG8: Tent
A9: 4 | B9: cont.. | E9: Forden | F9: Cleverly | N9: Pickin | O9: Vickery- DNM | R9: Higgs | S9: Spicer | U9: Halliwell | W9: Salmons DNM | AD9: Connell | AF9: 4 | AG9: Trailer tent
A10: 4a | B10: Eames | E10: Jackson | G10: nijdeken | N10: Maddocks | P10: Vickery | Q10: Wescote | S10: Rees | U10: Goldsmith | AF10: 4a
A11: 5 | B11: cont.. | D11: Schmidt | G11: Doody | I11: Tennant | N11: Morgan | P11: Norman | R11: Hansen | U11: Inch ??? | V11: Collins | AC11: goodchild | AF11: 5 | AG11: Folding caravan
A12: 6 | B12: Hearsey | I12: Dupont | K12: James Burt here every year - DO NOT MOVE NEEDS TO PLUMB IN | AD12: Mintram | AF12: 6 | AG12: Caravan
A13: 7 | B13: cont.. | H13: Naylor - DNM | J13: Day | K13: DO NOT MOVE Req plot 7 BB4 | Q13: Dryden | U13: Standen DNM | AD13: Gurr | AF13: 7 | AG13: Camper van
A14: 8 | C14: Mauk | D14: Hurcombe - Do Not Move | O14: Jones-dnm | R14: honeyford | U14: Briers DNM | Y14: Mellor | AC14: Flint | AF14: 8 | AG14: Motorhome
A15: 9 | B15: Dubery cont.. | E15: 8 | L15: 1 | S15: 2 | Z15: 3 | AF15: 9 | AG15: RV
A16: 10 | B16: Cont… | D16: Griffiths | N16: Williams - DOL FOR BOATS Ltd - working Boat Show | AB16: Vallance | AF16: 10 | AG16: Free night
A17: 11 | B17: cont…. | C17: Kohler | E17: Potts | G17: Davis | H17: Burke | I17: GRIMES | J17: Haven | N17: Restrick | AC17: Faid | AF17: 11 | AG17: Poss Extra / late stay
A18: 12 | B18: cont…. | H18: COLMAN | J18: Bessant | AF18: 12 | AG18: Hard Standing
A19: 13 | B19: Armitstead cont… | I19: 4wks | P19: Embleton | S19: Light | V19: Barritt | X19: Pegg | AC19: Williams | AF19: 13 | AG19: Not in use
A20: 14 | B20: Coe | D20: Priewich | F20: Burrows | I20: Coe | O20: Jones | Q20: Wickham | S20: Hollows - DO NOT MOVE | AF20: 14 | AG20: Off Peak
A21: 15 | AF21: 15 | AG21: Bank holiday
A22: 16 | B22: cont… | E22: Twentse | H22: Gurr - DNM | M22: Wilson | AC22: Neill/Chance | AF22: 16 | AG22: Peak
A23: 16a | E23: Twentse | H23: Mintram - DNM | O23: Mack | AF23: 16a | AG23: Seasonal pitch
A24: 17 | B24: cont.. | E24: Twentse | O24: Noyes-DNM | Q24: Andrews | S24: Melia | V24: Warren | AC24: Neill | AF24: 17 | AG24: Non arrival
A25: 17a | E25: Twentse | O25: Emberson | AF25: 17a | AG25: Refund
A26: 18 | B26: Purdey | E26: Twentse | G26: Ketley | M26: Robert | AF26: 18 | AG26: Cancelled
A27: 18a | B27: Purdey | E27: Twentse | M27: Robert | AF27: 18a | AG27: late stay
A28: 19 | B28: Bull | F28: Rushton - Do Not Move | U28: McGuinness | X28: Coe | Z28: Epps | AD28: Bryant | AE28: Hoggs | AF28: 19
A29: 20 | B29: CONLON | AF29: 20 | AG29: =ALERTS!E42 -> 0
A30: 21 | C30: Darlow - do not move pl 22 brother | AF30: 21 | AG30: =ALERTS!E43 -> 0
A31: 22 | B31: Darlow cont… | N31: Love | P31: Winter | Q31: Wanstall - move to here Sunday from behindPlot 6 | AC31: Donnaruma | AF31: 22
A32: Pitch | B32: Sat | C32: Sun | D32: Mon | E32: Tue | F32: Wed | G32: Thu | H32: Fri | I32: Sat | J32: Sun | K32: Mon | L32: Tue | M32: Wed | N32: Thu | O32: Fri | P32: Sat | Q32: Sun | R32: Mon | S32: Tue | T32: Wed | U32: Thu | V32: Fri | W32: Sat | X32: Sun | Y32: Mon | Z32: Tue | AA32: Wed | AB32: Thur | AC32: Fri | AD32: Sat | AE32: Sun | AF32: Pitch
A33: No. | B33: 1 | C33: 2 | D33: 3 | E33: 4 | F33: 5 | G33: 6 | H33: 7 | I33: 8 | J33: 9 | K33: 10 | L33: 11 | M33: 12 | N33: 13 | O33: 14 | P33: 15 | Q33: 16 | R33: 17 | S33: 18 | T33: 19 | U33: 20 | V33: 21 | W33: 22 | X33: 23 | Y33: 24 | Z33: 25 | AA33: 26 | AB33: 27 | AC33: 28 | AD33: 29 | AE33: 30 | AF33: No.
A34: 23 | B34: Tutt | C34: 4wls | D34: pd for 4wks 3-30 Sep | J34: 1 | Q34: 2 | X34: 3 | AE34: 4 | AF34: 23 | AG34: TODAY IS
A35: 23a | B35: cont.. | G35: Prin | M35: McCurdy | AD35: Rudd | AF35: 23a | AG35: =TODAY() -> 43430
A36: 24 | D36: Farrington | J36: 1 | Q36: 2 | X36: 3 | AE36: 4 | AF36: 24
A37: 25 | H37: Frost | N37: Robinson | X37: Sido | Z37: Barnes DNM | AF37: 25
A38: 26 | B38: Turner | D38: Kohler | F38: Wever | J38: Guenther | L38: Steele | N38: Sido boat show | T38: Sido | X38: Walters | AE38: 1 | AF38: 26
A39: 27 | N39: Toth/Pinter | R39: boat show | S39: show | T39: Sido pl 26 booked it | AF39: 27
A40: 28 | C40: off | D40: off | E40: off | F40: off | K40: off | L40: off | M40: off | Q40: off | R40: off | S40: off | T40: off | Y40: off | Z40: off | AA40: off | AD40: off | AE40: Lewis | AF40: 28 | AG40: NO DOGS
A41: 29 | B41: Barker | C41: Fivian | F41: Scott | G41: Cummins | K41: Munslow | M41: Schulz | N41: 68 Marine Solutions-Andrew Frost | Y41: Thompson | Z41: Taylor | AB41: Davis | AC41: Knight | AF41: 29 | AG41: NO DOGS
A42: 30 | B42: Morris | D42: Shattock | H42: Oberhaensli | J42: Newbery-requested hard standing | Q42: Beattie | R42: Gough | U42: Wise-req h/s | W42: Oliver | X42: Coe | Z42: Dunstan | AB42: Bassett | AC42: Stevenson | AF42: 30 | AG42: NO DOGS
A43: 31 | B43: Bob Stuart | AF43: 31 | AG43: NO DOGS
A44: 32 | B44: cont | E44: Field | J44: Troi - req hard standing | W44: WILHELM | X44: Chambers | Y44: Burholt | AD44: Richardson | AF44: 32 | AG44: NO DOGS
A45: 33 | B45: cont.. | E45: Twentse | I45: Jeldsen | N45: Offord | O45: Liska | Q45: Price | T45: Crowley | V45: Game | X45: Sturz | Y45: Platt | Z45: Lake | AC45: Samuals | AF45: 33 | AG45: NO DOGS
A46: 34 | E46: Twentse | G46: Dunbar | K46: Harris | M46: Layton | N46: Stoker - Brian & Jenny | R46: Price | V46: Gunstone | W46: Blondell-DNM | AC46: Musgrove | AF46: 34
A47: 35 | B47: CONT | I47: Sanders | P47: Clark -DNM | R47: Latoska | U47: O'Hara | W47: Hunt-dnm | AD47: Brewer | AF47: 35
A48: 36 | B48: cont | E48: Cox | K48: Johnson | N48: Mohr | P48: Hanson=DNM | V48: Madden | W48: Ott | AF48: 36
A49: 37 | J49: Mohr | O49: Hancock | Q49: BURCH | U49: Goodwin | W49: Simms | AF49: 37
A50: 38 | H50: Owen | O50: Hudson | Q50: Fairhurst-DNM | W50: Astle | AF50: 38
A51: 39 | C51: Ryder | F51: Brown | H51: Winter | O51: Lucas | V51: Chalk | AF51: 39
A52: 40 | C52: White | H52: Grant | N52: Mitchell | AC52: waldash | AE52: Chapman | AF52: 40
A53: 41 | B53: Mason | C53: Bainbridge | F53: Molbo | N53: Young | U53: Molbo | AC53: stockdale | AF53: 41
A54: Late arrival bay | C54: Bainbridge | Q54: Skeer | AA54: Motton - DNM | AF54: Late arrival bay
B55: Sat | C55: Sun | D55: Mon | E55: Tue | F55: Wed | G55: Thu | H55: Fri | I55: Sat | J55: Sun | K55: Mon | L55: Tue | M55: Wed | N55: Thu | O55: Fri | P55: Sat | Q55: Sun | R55: Mon | S55: Tue | T55: Wed | U55: Thu | V55: Fri | W55: Sat | X55: Sun | Y55: Mon | Z55: Tue | AA55: Wed | AB55: Thur | AC55: Fri | AD55: Sat | AE55: Sun
B56: 1 | C56: 2 | D56: 3 | E56: 4 | F56: 5 | G56: 6 | H56: 7 | I56: 8 | J56: 9 | K56: 10 | L56: 11 | M56: 12 | N56: 13 | O56: 14 | P56: 15 | Q56: 16 | R56: 17 | S56: 18 | T56: 19 | U56: 20 | V56: 21 | W56: 22 | X56: 23 | Y56: 24 | Z56: 25 | AA56: 26 | AB56: 27 | AC56: 28 | AD56: 29 | AE56: 30
A57: Paddock | C57: bill work | R57: Webb | S57: Smith | V57: Holland boat show | Z57: Bill holiday week | AF57: Paddock
A58: Camping with electric | J58: Nutcher | Q58: Cook | U58: Lipton | AF58: Camping with electric
A59: 7a | B59: Smallman | E59: Moorhouse | J59: Oxer | O59: White | AF59: 7a
A60: 8a | B60: Taylor | H60: Bowler | N60: Whiteley | P60: Filby | AF60: 8a
A61: 9a | C61: Spake | D61: Mark | P61: Artham | AF61: 9a
A62: 10a | H62: Neilson | P62: tansley | R62: Oxer | V62: Gunn | AF62: 10a
A63: 11a | G63: White - DNM | N63: Pakalniskis | V63: Aitchison | AF63: 11a
A64: 12a | N64: Constantine | AF64: 12a
A65: 13a | O65: Wood | AF65: 13a
A66: 14a | P66: Nimmo-Scott | AF66: 14a
P67: Nimmo-Scott | X67: Shelton
A68: Behind Barn | P68: Brown | S68: Holder - boat show | AF68: Behind Barn
A69: Storm | AF69: Storm
A70: compass | AF70: compass
A71: Senator | AF71: Senator
K72: Harvey - stored for9 nights
A73: Pitch | AF73: Pitch
A74: No. | AF74: No.
A75: CAMPING NO ELECTRIC | O75: Dickens | AF75: CAMPING NO ELECTRIC
B76: Sat | C76: Sun | D76: Mon | E76: Tue | F76: Wed | G76: Thu | H76: Fri | I76: Sat | J76: Sun | K76: Mon | L76: Tue | M76: Wed | N76: Thu | O76: Fri | P76: Sat | Q76: Sun | R76: Mon | S76: Tue | T76: Wed | U76: Thu | V76: Fri | W76: Sat | X76: Sun | Y76: Mon | Z76: Tue | AA76: Wed | AB76: Thur | AC76: Fri | AD76: Sat | AE76: Sun
B77: 1 | C77: 2 | D77: 3 | E77: 4 | F77: 5 | G77: 6 | H77: 7 | I77: 8 | J77: 9 | K77: 10 | L77: 11 | M77: 12 | N77: 13 | O77: 14 | P77: 15 | Q77: 16 | R77: 17 | S77: 18 | T77: 19 | U77: 20 | V77: 21 | W77: 22 | X77: 23 | Y77: 24 | Z77: 25 | AA77: 26 | AB77: 27 | AC77: 28 | AD77: 29 | AE77: 30
A79: 45 | AF79: 45
A80: 46 | B80: cont.. | F80: Leende | G80: Loong | N80: Brooks | P80: Smith | R80: Flinders | V80: Whitehouse | AF80: 46
A81: 47 | B81: cont… | C81: Oxer | I81: Sadgrove | P81: Parfitt | V81: Buhr | W81: Wheeler | Z81: Sohall | AF81: 47
A82: 48 | B82: Hathaway | G82: Davison | I82: Decon | O82: West | R82: Bernert | AF82: 48
A83: 49 | B83: contin… | E83: Smallbone | I83: Green | O83: Bridges | AF83: 49
A84: 50 | B84: cont | I84: Harwood | O84: Sutton | AF84: 50
A85: 51 | B85: Gregorywith 52 | C85: Appleby | J85: Moore | O85: McMurry | AF85: 51
A86: 52 | B86: Gregory | P86: Reeve | AF86: 52
A87: 53 | B87: cont…. | P87: Garrard | AF87: 53
A88: 54 | B88: Hawkins | AF88: 54
A89: 55 | B89: Chapman | AF89: 55
A90: 56 | B90: cont | O90: Armistad | AF90: 56
A91: 57 | AF91: 57
A92: 58 | AF92: 58
A93: 53 | AF93: 53
A94: 54 | AF94: 54
A95: 55 | AF95: 55
A96: 56 | AF96: 56
A97: 57 | AF97: 57
A98: 58 | AF98: 58
A100: P' Camping Field
F101: Dyer

Sheet Oct 2018
A1: BACK-UP 31 Oct 18 @ 1730
K2: ACSI - 25 Sep to 20 Oct | W2: PEAK | AC2: acsi | AE2: ACSI
A3: Pitch | B3: Mon | C3: Tue | D3: Wed | E3: Thu | F3: Fri | G3: Sat | H3: Sun | I3: Mon | J3: Tue | K3: Wed | L3: Thu | M3: Fri | N3: Sat | O3: Sun | P3: Mon | Q3: Tue | R3: Wed | S3: Thu | T3: Fri | U3: Sat | V3: Sun | W3: Mon | X3: Tue | Y3: Wed | Z3: Thu | AA3: Fri | AB3: Sat | AC3: Sun | AD3: Mon | AE3: Tues | AF3: Wed | AG3: Pitch
A4: No. | B4: 1 | C4: 2 | D4: 3 | E4: 4 | F4: 5 | G4: 6 | H4: 7 | I4: 8 | J4: 9 | K4: 10 | L4: 11 | M4: 12 | N4: 13 | O4: 14 | P4: 15 | Q4: 16 | R4: 17 | S4: 18 | T4: 19 | U4: 20 | V4: 21 | W4: 22 | X4: 23 | Y4: 24 | Z4: 25 | AA4: 26 | AB4: 27 | AC4: 28 | AD4: 29 | AE4: 30 | AF4: 31 | AG4: No.
A5: 1 | C5: Woodley | F5: Mark | H5: Haywood | J5: Bartlett | K5: Gonzalez | N5: Hazell | O5: Forester | T5: Inch | AA5: Soul | AF5: German? | AG5: 1
A6: 2 | B6: Bennett cont.. | J6: 2wks | K6: Extended | X6: Bennett back | AD6: 1 | AG6: 2 | AH6: Not here
A7: 2a | AG7: 2a | AH7: Tent
A8: 3 | B8: cont | K8: Chetcuti | R8: Osborne | W8: Oxer | AG8: 3 | AH8: Trailer tent
A9: 4 | B9: Glastonbury | AG9: 4 | AH9: Folding caravan
A10: 5 | I10: Oxer | AG10: 5 | AH10: Caravan
A11: 6 | R11: Galley | U11: Lewer | AG11: 6 | AH11: Camper van
A12: 7 | D12: Scholze | H12: Day | AG12: 7 | AH12: Motorhome
A13: 8 | E13: german | G13: Meissner | L13: Wehmeier | M13: Barnes | Q13: Thal | R13: Harding | T13: Kathy & Reg | Y13: Grand | AE13: Edwards | AG13: 8 | AH13: RV
A14: 9 | E14: Mimcz | M14: Hammond | Q14: Spohr | T14: Bill & Stella | AF14: Coe | AG14: 9 | AH14: Free night
A15: 10 | B15: cont.. | H15: Newton | J15: Payne - do not move need to plumb in | T15: Gaudion | Y15: Johnson | AA15: Arun | AC15: Marsh | AG15: 10 | AH15: Poss Extra / late stay
A16: 11 | N16: Roberts | U16: Segar | V16: Ayres - James | AA16: Horridge | AE16: Rhode | AG16: 11 | AH16: Hard Standing
A17: 12 | J17: Terrell (Rev) | N17: Gatenby | R17: Waddicor | T17: Lyndon | U17: Coe | W17: Waddicor | AA17: Quantice | AD17: Goncalves | AF17: Fisher - Pam & Simon | AG17: 12 | AH17: Not in use
A18: 13 | N18: Helmy | S18: Broekmans | AA18: Mundy? | AG18: 13 | AH18: Off Peak
A19: 14 | B19: cont | D19: continued 3-13 Oct late stay see 28 Sept | N19: Moss | R19: Gustafsson | AD19: Montgomery | AG19: 14 | AH19: Bank holiday
A20: 15 | AG20: 15 | AH20: Peak
A21: 16 | AG21: 16 | AH21: Seasonal pitch
A22: 16a | AG22: 16a | AH22: Non arrival
A23: 17 | AG23: 17 | AH23: Refund
A24: 17a | AG24: 17a | AH24: Cancelled
A25: 18 | AG25: 18 | AH25: late stay
A26: 18a | AG26: 18a
A27: 19 | M27: Edwards | Q27: Lomax | U27: Gaff | AB27: Watts | AD27: Stocks | AE27: Hollows - DO NOT MOVE | AG27: 19 | AH27: =ALERTS!E45 -> 0
A28: 20 | B28: cont | M28: Launder | N28: Hickie | Q28: David | T28: Juttner | AD28: Toulouse | AG28: 20 | AH28: =ALERTS!E46 -> 0
A29: 21 | E29: Tortsch | H29: Glover | R29: Lomax | V29: Williams | AA29: Farrance | AG29: 21 | AH29: =ALERTS!E47 -> 0
A30: 22 | N30: Dietrich | R30: Hillard - 10m RV house flooded so will need about month | AE30: 2WKS | AF30: £250 wk
A31: Pitch | B31: Mon | C31: Tue | D31: Wed | E31: Thu | F31: Fri | G31: Sat | H31: Sun | I31: Mon | J31: Tue | K31: Wed | L31: Thu | M31: Fri | N31: Sat | O31: Sun | P31: Mon | Q31: Tue | R31: Wed | S31: Thu | T31: Fri | U31: Sat | V31: Sun | W31: Mon | X31: Tue | Y31: Wed | Z31: Thu | AA31: Fri | AB31: Sat | AC31: Sun | AD31: Mon | AE31: Tues | AF31: Wed | AG31: Pitch
A32: No. | B32: 1 | C32: 2 | D32: 3 | E32: 4 | F32: 5 | G32: 6 | H32: 7 | I32: 8 | J32: 9 | K32: 10 | L32: 11 | M32: 12 | N32: 13 | O32: 14 | P32: 15 | Q32: 16 | R32: 17 | S32: 18 | T32: 19 | U32: 20 | V32: 21 | W32: 22 | X32: 23 | Y32: 24 | Z32: 25 | AA32: 26 | AB32: 27 | AC32: 28 | AD32: 29 | AE32: 30 | AF32: 31 | AG32: No.
A33: 23 | B33: Tutt ocnt… | H33: 1 | O33: 2 | P33: YK09 VAX | V33: 3 | AC33: 4wks | AD33: Paid up to 25 Nov | AG33: 23
A34: 23a | F34: Duffus | Q34: Plaga | W34: 1wk | AD34: 2wks | AE34: £168 due | AG34: 23a | AH34: TODAY IS
A35: 24 | F35: Bessant | L35: wk | T35: wk | U35: extra 4n | AG35: 24 | AH35: =TODAY() -> 43430
A36: 25 | F36: Osman | N36: no work vans or sign written vans on site | W36: ex person | AD36: due to leave | AG36: 25
A37: 26 | B37: Walters | H37: 2 | O37: 3 | V37: 4 | W37: Pd up to 18 Nov | AC37: 1 | AG37: 26
A38: 27 | H38: Young | AG38: 27
A39: 28 | B39: Cont | J39: Church | S39: Proudley | T39: Orr | W39: Plackett | Y39: Kelly | AB39: Walker | AG39: 28 | AH39: NO DOGS
A40: 29 | B40: Candy - Justin & Ann | G40: Thompson | I40: Candy - Justin & Ann | R40: Cameron | V40: Brint | W40: Gunstone | Y40: Tuplin | Z40: Plackett | AA40: Jardine | AB40: King | AG40: 29 | AH40: NO DOGS
A41: 30 | C41: Tailcott | D41: Allwright | J41: Mulvihill | L41: Rawlings | P41: Tillman | V41: Avery | AA41: Chamberlain | AC41: Duce | AG41: 30 | AH41: NO DOGS
A42: 31 | B42: Bob Stuart | Y42: Pd | AG42: 31 | AH42: NO DOGS
A43: 32 | C43: Robertson-Bryant | G43: Wells | H43: Newton | J43: Pipes | M43: Cranford | P43: Gladwin | T43: Heley | AD43: Ventura | AG43: 32 | AH43: NO DOGS
A44: 33 | C44: Slaski | H44: Rickard | K44: Dolla | P44: Davies | Q44: Rees | U44: Granby | Z44: Belle | AE44: Bissell | AG44: 33 | AH44: NO DOGS
A45: 34 | M45: Walters | O45: Newsom | R45: Candy - Justin & Ann | T45: Stoker - Brian & Jenny | AG45: 34
A46: 35 | AG46: 35
A47: 36 | AG47: 36
A48: 37 | AG48: 37
A49: 38 | AG49: 38
A50: 39 | AG50: 39
A51: 40 | F51: Hanett | AG51: 40
A52: 41 | AG52: 41
A53: Late arrival bay | P53: Brown - DNM | AC53: Locke | AG53: Late arrival bay
B54: =B31 -> Mon | C54: =C31 -> Tue | D54: =D31 -> Wed | E54: =E31 -> Thu | F54: =F31 -> Fri | G54: =G31 -> Sat | H54: =H31 -> Sun | I54: =I31 -> Mon | ... AF54: =AF31 -> Wed
B55: 1 | C55: 2 | D55: 3 | E55: 4 | F55: 5 | G55: 6 | H55: 7 | I55: 8 | J55: 9 | K55: 10 | L55: 11 | M55: 12 | N55: 13 | O55: 14 | P55: 15 | Q55: 16 | R55: 17 | S55: 18 | T55: 19 | U55: 20 | V55: 21 | W55: 22 | X55: 23 | Y55: 24 | Z55: 25 | AA55: 26 | AB55: 27 | AC55: 28 | AD55: 29 | AE55: 30 | AF55: 31
A56: Paddock | S56: Gladwin | X56: Bill work week | AG56: Paddock
A57: Camping with electric | T57: Bills | AA57: Brown - car only cruise & stay | AG57: Camping with electric
A58: 7a | T58: Manning | AB58: Winters | AG58: 7a
A59: 8a | AB59: Helicopter | AG59: 8a
A60: 9a | AB60: Helicopter | AG60: 9a
A61: 10a | AG61: 10a
A62: 11a | AG62: 11a
A63: 12a | AG63: 12a
A64: 13a | AG64: 13a
A65: 14a | AG65: 14a
A67: Behind Barn | AG67: Behind Barn
A68: Storm | AD68: Glenister | AG68: Storm
A69: compass | AD69: Oxer | AG69: compass
A70: Senator | AG70: Senator
A71: STORAGE | AG71: STORAGE
A72: 0-1 | AG72: 0-1
A73: 0-2 | AG73: 0-2
A74: 0-3 | AG74: 0-3
A75: 0-4 | AG75: 0-4
A76: 0-5 | AG76: 0-5
A77: 0-6 | AG77: 0-6
A78: 0-7 | AG78: 0-7
A79: 0-8 | AG79: 0-8
A80: 0-9 | AG80: 0-9
A81: 0-10 | AG81: 0-10
... A86: CAMPING NO ELECTRIC | AG86: CAMPING NO ELECTRIC
B87: =B54 -> Mon | C87: =C54 -> Tue | D87: =D54 -> Wed | E87: =E54 -> Thu | F87: =F54 -> Fri | G87: =G54 -> Sat | H87: =H54 -> Sun | I87: =I54 -> Mon | ... AF87: =AF54 -> Wed
B88: 1 | C88: 2 | D88: 3 | E88: 4 | F88: 5 | G88: 6 | H88: 7 | I88: 8 | J88: 9 | K88: 10 | L88: 11 | M88: 12 | N88: 13 | O88: 14 | P88: 15 | Q88: 16 | R88: 17 | S88: 18 | T88: 19 | U88: 20 | V88: 21 | W88: 22 | X88: 23 | Y88: 24 | Z88: 25 | AA88: 26 | AB88: 27 | AC88: 28 | AD88: 29 | AE88: 30 | AF88: 31
A91: 46 | AG91: 46
A92: 47 | AG92: 47
A93: 48 | AG93: 48
A94: 49 | AG94: 49
A95: 50 | AG95: 50
A96: 51 | AG96: 51
A97: 52 | AG97: 52
A98: 53 | AG98: 53
A99: 54 | AG99: 54
A100: 55 | AG100: 55
A101: 56 | AG101: 56
A102: 57 | AG102: 57
... A109: 58 | AG109: 58

Sheet Nov 2018
A1: BACK-UP 26 Nov @ 1600
A2: BACK-UP 17 Nov @ 17:00 | I2: OFF PEAK | N2: ACSI ALL MONTH | R2: OFF PEAK | Z2: OFF PEAK
A3: Pitch | B3: Thu | C3: Fri | D3: Sat | E3: Sun | F3: Mon | G3: Tue | H3: Wed | I3: Thu | J3: Fri | K3: Sat | L3: Sun | M3: Mon | N3: Tue | O3: Wed | P3: Thu | Q3: Fri | R3: Sat | S3: Sun | T3: Mon | U3: Tue | V3: Wed | W3: Thu | X3: Fri | Y3: Sat | Z3: Sun | AA3: Mon | AB3: Tues | AC3: Wed | AD3: Thur | AE3: Fri | AF3: Pitch | AG3: caravan
A4: No. | B4: 1 | C4: 2 | D4: 3 | E4: 4 | F4: 5 | G4: 6 | H4: 7 | I4: 8 | J4: 9 | K4: 10 | L4: 11 | M4: 12 | N4: 13 | O4: 14 | P4: 15 | Q4: 16 | R4: 17 | S4: 18 | T4: 19 | U4: 20 | V4: 21 | W4: 22 | X4: 23 | Y4: 24 | Z4: 25 | AA4: 26 | AB4: 27 | AC4: 28 | AD4: 29 | AE4: 30 | AF4: No. | AG4: Motorhome
A5: 1 | G5: Fitzpatrick | K5: Simmons | M5: Fairweather | U5: Read | Z5: Inch | AA5: 1 | AB5: Norton | AF5: 1 | AG5: Camper van
A6: 2 | B6: Bennett cont.. | F6: 2 | M6: 3 | T6: 4wks | X6: Stewardson | AA6: Grainger | AF6: 2 | AG6: RV
A7: 2a | AF7: 2a | AG7: Tent
A8: 3 | AF8: 3
A9: 4 | AF9: 4 | AG9: Not here
A10: 5 | AF10: 5
A11: 6 | AF11: 6 | AG11: Trailer tent
A12: 7 | AF12: 7 | AG12: late stay
A13: 8 | B13: Freeman | G13: Loudon | I13: Smith | J13: Colegate | N13: Harrison | R13: Carrie-Ann - do not move | AB13: Shore | AE13: Barnett | AF13: 8 | AG13: Cancelled
A14: 9 | B14: cont.. | D14: Port | F14: Bramley | G14: Stuart | M14: Jenkins | R14: Withnall | S14: Brackley | V14: Goldie | Z14: Key | AF14: 9
A15: 10 | B15: cont… | F15: Jenkins | J15: Spillar | Q15: Birch | T15: Tolson | X15: Wilson | AA15: Chipperton | AF15: 10 | AG15: Poss Extra / late stay
A16: 11 | C16: Cubbin | J16: extended stay | X16: Walker | AB16: Oakes | AF16: 11 | AG16: Hard Standing
A17: 12 | B17: cont… | G17: Stewardson | J17: Lamb | N17: Smith | R17: Bonner-Dunham | AF17: 12 | AG17: Not in use
A18: 13 | Q18: Yea | X18: Slaughter | AF18: 13
A19: 14 | B19: Montgomery cont… | E19: 1wk | L19: 2wks | S19: 3wk | Z19: 4wks | AF19: 14 | AG19: Bank holiday
A20: 15 | AF20: 15
A21: 16 | AF21: 16 | AG21: Seasonal pitch
A22: 16a | AF22: 16a | AG22: Non arrival
A23: 17 | AF23: 17
A24: 17a | AF24: 17a
A25: 18 | X25: Barnes | Y25: on plot 22 | AF25: 18
A26: 18a | X26: Barnes | Y26: on plot 22 | AF26: 18a
A27: 19 | B27: Judith Hollows cont…. | G27: £28.50 credit as only 10n | L27: late stay | N27: Sanderson | R27: Webb | S27: Ellison | X27: Kemp | Z27: Thornton | AF27: 19 | AG27: =ALERTS!E48 -> 0
A28: 20 | B28: Makin | F28: Eves | M28: Davey | R28: Webb | S28: Holloway | AA28: Wardleworth | AF28: 20 | AG28: =ALERTS!E49 -> 0
A29: 21 | B29: Perry | G29: Gardner | I29: Norrish | L29: Walker | P29: Cudlip | W29: Anderson | X29: Bosworth | Y29: Perry | AA29: Grundy | AF29: 21 | AG29: =ALERTS!E50 -> 0
A30: 22 | C30: Werner | R30: Gurr | X30: Barnes | AB30: Tholl | AD30: Hyett | AF30: 22
A31: Pitch | B31: Thu | C31: Fri | D31: Sat | E31: Sun | F31: Mon | G31: Tue | H31: Wed | I31: Thu | J31: Fri | K31: Sat | L31: Sun | M31: Mon | N31: Tue | O31: Wed | P31: Thu | Q31: Fri | R31: Sat | S31: Sun | T31: Mon | U31: Tue | V31: Wed | W31: Thu | X31: Fri | Y31: Sat | Z31: Sun | AA31: Mon | AB31: Tues | AC31: Wed | AD31: Thur | AE31: Fri | AF31: Pitch
A32: No. | B32: 1 | C32: 2 | D32: 3 | E32: 4 | F32: 5 | G32: 6 | H32: 7 | I32: 8 | J32: 9 | K32: 10 | L32: 11 | M32: 12 | N32: 13 | O32: 14 | P32: 15 | Q32: 16 | R32: 17 | S32: 18 | T32: 19 | U32: 20 | V32: 21 | W32: 22 | X32: 23 | Y32: 24 | Z32: 25 | AA32: 26 | AB32: 27 | AC32: 28 | AD32: 29 | AE32: 30 | AF32: No.
A33: 23 | B33: Tutt - Barry cont… | E33: 1 | L33: 2 | S33: 3 | Z33: 4 | AA33: £700 due | AF33: 23 | AG33: TODAY IS
A34: 23a | B34: Plaga | G34: pd up to 12 Nov | N34: pd up to 19 Nov | U34: £96 Paid | AF34: 23a | AG34: =TODAY() -> 43430
A35: 24 | N35: Booth | AB35: Stewart CLIFF | AF35: 24
A36: 25 | B36: Ashley Osman - Stella dealing with this - I have text him to say it will be towed off! | AF36: 25
A37: 26 | B37: Walters | E37: 2 | L37: 3wks | M37: Allen | P37: Bessant | U37: Korczakowski | AF37: 26
A38: 27 | AF38: 27
A39: 28 | I39: Yvonne & Jamie | L39: off | M39: off | N39: off | O39: off | T39: off | U39: off | V39: off | W39: off | X39: off | Y39: off | Z39: off | AA39: off | AB39: off | AC39: off | AF39: 28 | AG39: NO DOGS
A40: 29 | B40: Crago | C40: Davies | E40: Spencer | M40: Laughton | N40: Whiteley | Q40: Bridges | U40: Edmondson | W40: Taylor | AB40: Jebson | AE40: Sutton | AF40: 29 | AG40: NO DOGS
A41: 30 | B41: Judd | G41: Reynolds | H41: Down | J41: Bunting | N41: Bailey | Q41: Maisey | S41: Rattray | U41: Robinson | W41: Burnett | AB41: Hall | AF41: 30 | AG41: NO DOGS
A42: 31 | B42: Bob Stuart | AF42: 31 | AG42: NO DOGS
A43: 32 | D43: Barren | G43: Thomason | J43: Regan | M43: Hoyes | T43: Cameron | W43: Glanville | AF43: 32 | AG43: NO DOGS
B44: Razey | G44: Tina | J44: Regan/Cooper | M44: Ward | N44: Kelly | P44: Springate | T44: Armstrong | W44: Simpson | Z44: Key | AC44: Ridyard | AF44: 33 | AG44: NO DOGS
A45: 34 | D45: Sutcliffe | F45: Burrows | Q45: Wanglyn | S45: Church | U45: Clifton | Y45: Barker | AB45: Perrins | AF45: 34
A46: 35 | AF46: 35
A47: 36 | AF47: 36
A48: 37 | AF48: 37
A49: 38 | AF49: 38
A50: 39 | AF50: 39
A51: 40 | AF51: 40
A52: 41 | AF52: 41
A53: Late arrival bay | E53: Crawley | AF53: Late arrival bay
B54: =B31 -> Thu | C54: =C31 -> Fri | D54: =D31 -> Sat | E54: =E31 -> Sun | F54: =F31 -> Mon | G54: =G31 -> Tue | H54: =H31 -> Wed | I54: =I31 -> Thu | ... AE54: =AE31 -> Fri
B55: 1 | C55: 2 | D55: 3 | E55: 4 | F55: 5 | G55: 6 | H55: 7 | I55: 8 | J55: 9 | K55: 10 | L55: 11 | M55: 12 | N55: 13 | O55: 14 | P55: 15 | Q55: 16 | R55: 17 | S55: 18 | T55: 19 | U55: 20 | V55: 21 | W55: 22 | X55: 23 | Y55: 24 | Z55: 25 | AA55: 26 | AB55: 27 | AC55: 28 | AD55: 29 | AE55: 30
A56: Paddock | B56: Brown - cruise and stay not staying though | K56: Cheesman | U56: BILL WORK WEEK | AF56: Paddock
A57: Camping with electric | H57: Barnett | P57: Phet | X57: Beaulieu | Y57: Cooper - M/Home stored for 9 days | AF57: Camping with electric
A58: 7a | AF58: 7a
A59: 8a | AF59: 8a
A60: 9a | AF60: 9a
A61: 10a | AF61: 10a
A62: 11a | AF62: 11a
A63: 12a | AF63: 12a
A64: 13a | AF64: 13a
A65: 14a | AF65: 14a
A67: Behind Barn | AF67: Behind Barn
A68: Storm | AF68: Storm
A69: compass | F69: Oxer | T69: Oxer | AA69: Oxer | AF69: compass
A70: Senator | AF70: Senator
A71: STORAGE | AF71: STORAGE
A72: 0-1 | AF72: 0-1
A73: 0-2 | AF73: 0-2
A74: 0-3 | AF74: 0-3
A75: 0-4 | AF75: 0-4
A76: 0-5 | AF76: 0-5
A77: 0-6 | AF77: 0-6
A78: 0-7 | AF78: 0-7
A79: 0-8 | AF79: 0-8
A80: 0-9 | AF80: 0-9
A81: 0-10 | AF81: 0-10
... A86: CAMPING NO ELECTRIC | AF86: CAMPING NO ELECTRIC
B87: =B54 -> Thu | C87: =C54 -> Fri | D87: =D54 -> Sat | E87: =E54 -> Sun | F87: =F54 -> Mon | G87: =G54 -> Tue | H87: =H54 -> Wed | I87: =I54 -> Thu | ... AE87: =AE54 -> Fri
B88: 1 | C88: 2 | D88: 3 | E88: 4 | F88: 5 | G88: 6 | H88: 7 | I88: 8 | J88: 9 | K88: 10 | L88: 11 | M88: 12 | N88: 13 | O88: 14 | P88: 15 | Q88: 16 | R88: 17 | S88: 18 | T88: 19 | U88: 20 | V88: 21 | W88: 22 | X88: 23 | Y88: 24 | Z88: 25 | AA88: 26 | AB88: 27 | AC88: 28 | AD88: 29 | AE88: 30
A91: 46 | AF91: 46
A92: 47 | AF92: 47
A93: 48 | AF93: 48
A94: 49 | AF94: 49
A95: 50 | AF95: 50
A96: 51 | AF96: 51
A97: 52 | AF97: 52
A98: 53 | AF98: 53
A99: 54 | AF99: 54
A100: 55 | AF100: 55
A101: 56 | AF101: 56
A102: 57 | AF102: 57
... A106: 58 | AF106: 58

Sheet Dec 2018
A1: BACK-UP RECORD HERE
I2: OFF PEAK | R2: OFF PEAK | Y2: P E A K | AD2: P E A K
A3: Pitch | B3: Sat | C3: Sun | D3: Mon | E3: Tue | F3: Wed | G3: Thu | H3: Fri | I3: Sat | J3: Sun | K3: Mon | L3: Tue | M3: Wed | N3: Thu | O3: Fri | P3: Sat | Q3: Sun | R3: Mon | S3: Tue | T3: Wed | U3: Thu | V3: Fri | W3: Sat | X3: Sun | Y3: Mon | Z3: Tue | AA3: Wed | AB3: Thur | AC3: Fri | AD3: Sat | AE3: Sun | AF3: Mon | AG3: Pitch
A4: No. | B4: 1 | C4: 2 | D4: 3 | E4: 4 | F4: 5 | G4: 6 | H4: 7 | I4: 8 | J4: 9 | K4: 10 | L4: 11 | M4: 12 | N4: 13 | O4: 14 | P4: 15 | Q4: 16 | R4: 17 | S4: 18 | T4: 19 | U4: 20 | V4: 21 | W4: 22 | X4: 23 | Y4: 24 | Z4: 25 | AA4: 26 | AB4: 27 | AC4: 28 | AD4: 29 | AE4: 30 | AF4: 31 | AG4: No. | AH4: caravan
A5: 1 | D5: Reeves | K5: Holdem | Q5: Schoales | AG5: 1 | AH5: Motorhome
A6: 2 | U6: Sharpe | AG6: 2 | AH6: Camper van
A7: 2a | AC7: Tidman | AG7: 2a | AH7: RV
A8: 3 | AG8: 3 | AH8: Not here
A9: 4 | AG9: 4 | AH9: Tent
A10: 5 | AG10: 5 | AH10: Trailer tent
A11: 6 | AG11: 6 | AH11: late stay
A12: 7 | AG12: 7 | AH12: Cancelled
A13: 8 | B13: cont.. | M13: Bye | X13: Grayson | AC13: Carrie-Ann - do not move | AG13: 8
A14: 9 | B14: cont | I14: Rowe | AB14: David | AF14: Sowrey | AG14: 9
A15: 10 | AG15: 10 | AH15: Poss Extra / late stay
A16: 11 | N16: Smith | AG16: 11 | AH16: Hard Standing
A17: 12 | AG17: 12 | AH17: Not in use
A18: 13 | U18: Walker - John | X18: away on cruise for 17 nights | AG18: 13 | AH18: Off Peak
A19: 14 | B19: Montgomery cont… | AG19: 14 | AH19: Bank holiday
A20: 15 | AG20: 15 | AH20: Peak
A21: 16 | AG21: 16 | AH21: Seasonal pitch
A22: 16a | AG22: 16a | AH22: Non arrival
A23: 17 | AG23: 17
A24: 17a | AG24: 17a
A25: 18 | AG25: 18
A26: 18a | AG26: 18a
A27: 19 | B27: Rampling | H27: Moore | AG27: 19 | AH27: =ALERTS!E51 -> 0
A28: 20 | AG28: 20 | AH28: =ALERTS!E52 -> 0
A29: 21 | G29: Jennings | S29: Rose | AG29: 21 | AH29: =ALERTS!E53 -> 0
A30: 22 | D30: Terry Quinn BB4 - 5th wheel | AG30: 22
A31: Pitch | B31: Sat | C31: Sun | D31: Mon | E31: Tue | F31: Wed | G31: Thu | H31: Fri | I31: Sat | J31: Sun | K31: Mon | L31: Tue | M31: Wed | N31: Thu | O31: Fri | P31: Sat | Q31: Sun | R31: Mon | S31: Tue | T31: Wed | U31: Thu | V31: Fri | W31: Sat | X31: Sun | Y31: Mon | Z31: Tue | AA31: Wed | AB31: Thur | AC31: Fri | AD31: Sat | AE31: Sun | AF31: Mon | AG31: Pitch
A32: No. | B32: 1 | C32: 2 | D32: 3 | E32: 4 | F32: 5 | G32: 6 | H32: 7 | I32: 8 | J32: 9 | K32: 10 | L32: 11 | M32: 12 | N32: 13 | O32: 14 | P32: 15 | Q32: 16 | R32: 17 | S32: 18 | T32: 19 | U32: 20 | V32: 21 | W32: 22 | X32: 23 | Y32: 24 | Z32: 25 | AA32: 26 | AB32: 27 | AC32: 28 | AD32: 29 | AE32: 30 | AF32: 31 | AG32: No.
A33: 23 | B33: Tutt cont.. | AG33: 23
A34: 23a | AG34: 23a | AH34: TODAY IS
A35: 24 | B35: Stewart CLIFF | D35: 1 | K35: 2 | R35: 3 | Y35: 4wks | AG35: 24 | AH35: =TODAY() -> 43430
A36: 25 | AG36: 25
A37: 26 | AG37: 26
A38: 27 | AG38: 27
A39: 28 | B39: Yvonne & Jamie Colley | D39: off | E39: off | F39: off | J39: off | L39: off | M39: off | R39: off | S39: off | T39: off | X39: off | Y39: off | Z39: off | AA39: off | AG39: 28 | AH39: NO DOGS
A40: 29 | D40: Tuplin | H40: Boalch | AB40: Shephard | AG40: 29 | AH40: NO DOGS
A41: 30 | B41: MCLEAN | E41: Koerper | N41: McCallum | AE41: Taylor | AG41: 30 | AH41: NO DOGS
A42: 31 | B42: Bob Stuart | K42: Due to pay | AG42: 31 | AH42: NO DOGS
A43: 32 | O43: Burgess | AG43: 32 | AH43: NO DOGS
A44: 33 | J44: Tear | P44: Skinner | AD44: Leyland | AG44: 33 | AH44: NO DOGS
A45: 34 | D45: Sibson | F45: Chadeurn | AG45: 34
A46: 35 | AG46: 35
A47: 36 | AG47: 36
A48: 37 | AG48: 37
A49: 38 | AG49: 38
A50: 39 | AG50: 39
A51: 40 | AG51: 40
A52: 41 | AG52: 41
A53: Late arrival bay | AB53: Cunnington | AG53: Late arrival bay
B54: =B31 -> Sat | C54: =C31 -> Sun | D54: =D31 -> Mon | E54: =E31 -> Tue | F54: =F31 -> Wed | G54: =G31 -> Thu | H54: =H31 -> Fri | I54: =I31 -> Sat | ... AF54: =AF31 -> Mon
B55: 1 | C55: 2 | D55: 3 | E55: 4 | F55: 5 | G55: 6 | H55: 7 | I55: 8 | J55: 9 | K55: 10 | L55: 11 | M55: 12 | N55: 13 | O55: 14 | P55: 15 | Q55: 16 | R55: 17 | S55: 18 | T55: 19 | U55: 20 | V55: 21 | W55: 22 | X55: 23 | Y55: 24 | Z55: 25 | AA55: 26 | AB55: 27 | AC55: 28 | AD55: 29 | AE55: 30 | AF55: 31
A56: Paddock | T56: BILL WORK WEEK | AG56: Paddock
A57: Camping with electric | AG57: Camping with electric
A58: 7a | AG58: 7a
A59: 8a | D59: Booking for 2019 - Mr Rackley 19 April Hard standing near toilets Paid £25 deposit ref 7158 | AG59: 8a
A60: 9a | AG60: 9a
A61: 10a | AG61: 10a
A62: 11a | AG62: 11a
A63: 12a | AG63: 12a
A64: 13a | AG64: 13a
A65: 14a | AG65: 14a
A67: Behind Barn | AG67: Behind Barn
A68: Storm | AG68: Storm
A69: compass | AG69: compass
A70: Senator | AG70: Senator
A71: STORAGE | AG71: STORAGE
A72: 0-1 | AG72: 0-1
... A85: No. | AG85: No.
A86: CAMPING NO ELECTRIC | N86: CAMPING FIELD | AG86: CAMPING NO ELECTRIC
A87: 42 | B87: =B54 -> Sat | C87: =C54 -> Sun | D87: =D54 -> Mon | E87: =E54 -> Tue | F87: =F54 -> Wed | G87: =G54 -> Thu | H87: =H54 -> Fri | I87: =I54 -> Sat | ... AF87: =AF54 -> Mon | AG87: 42
A88: 43 | B88: 1 | C88: 2 | D88: 3 | E88: 4 | F88: 5 | G88: 6 | H88: 7 | I88: 8 | J88: 9 | K88: 10 | L88: 11 | M88: 12 | N88: 13 | O88: 14 | P88: 15 | Q88: 16 | R88: 17 | S88: 18 | T88: 19 | U88: 20 | V88: 21 | W88: 22 | X88: 23 | Y88: 24 | Z88: 25 | AA88: 26 | AB88: 27 | AC88: 28 | AD88: 29 | AE88: 30 | AF88: 31 | AG88: 43
A89: 44 | AG89: 44
A90: 45 | AG90: 45
A91: 46 | AG91: 46
A92: 47 | AG92: 47
A93: 48 | AG93: 48
A94: 49 | AG94: 49
A95: 50 | AG95: 50
A96: 51 | AG96: 51
A97: 52 | AG97: 52
A98: 53 | AG98: 53
A99: 54 | AG99: 54
A100: 55 | AG100: 55
... A106: 58 | AG106: 58

Sheet NOISY moan
A1: Adderson | C1: PIP - When Adderson left they emptied their BLACK waste down the GREY waste outlet. Mygind on the next plot (20) phoned to let us know on the 18/9/17
A2: Adderson cont… | C2: Wayne went out to clear and disinfect the drain at 08.30 on 19/9/17
A3: Ayres | B3: 07959-750056 | C3: It appears that Ayres was the problem or at least someone with them?
A4: Banhan - Josie | B4: josie Burson & Nathan - NO NOT BACK | C4: Were fighting first time around in July (under name Burson). When they came this time MS told them we weren't happy about last time, as we're not here to police campers.
A5: Berry Jill | C5: Jill has put horrible review on google - cant find any record of her booking which was approx July 2013
A6: Bull M | C6: Arrived without booking Sat of b/hol was very arrogant has gone staright up to camping field Carrie-Ann saw lady trying to get in toilets without code
A7: Burfield-Wallis | C7: Then few weeks late Burfield- wallis done the same damaged bollard on plot 28
A8: Campion | B8: 41510 | C8: They moaned before even getting out of the car because not happy about the picnic table - refused refund and started taking photo's of the aggregate heaps and tractors
A9: Chappell | B9: 07718 074664 | C9: Whinger who brought a dog and extra car and didn't want to pay for either
A10: Clegg | B10: 07884 496 134 | C10: Damaged bollard on plot 28 drove off plugged in or ripped out too hard!
A11: Coppini | C11: Coppini & Conway: Arguing in front of the whole top field. Using foul language. Been told to pack up & leave. | D11: LOCALS
A12: Dixon - Nile | B12: 7968906809 | C12: stayed 14 June 14 - emailed to complain about LAB and not put on pitch! Said no room to unhitch and far too expensive to be put in a bay (we were fully booked)
A13: Drew | B13: 7921214736 | C13: HK10XOS eta 1700 Caravan 7m with dogs and left dog poo all over their pitch and didn't declare or pay for dog
A14: Dury | C14: Here for the boat show 2017 Very aggressive responses to Pip and Stella
A15: Evans | B15: 41194 | C15: booked in as 6m when arrived it was a lot longer - did not want to pay ex so gave refund to get rid of them in the rain
A16: Evans | C16: complaints from pitch 8 that they were VERY noisy after 11.00pm | D16: 42958
A17: Henderson | C17: Kelly was ok but Irish partner aggressive when drinking, they also had ex people in without saying
A18: Holmes | C18: rock up on Sat - tel call from Police Sunday as looking for them Older guy grey hair younger dark hair dress in skirt & boots put fairy lights around caravan
A19: Ingles | B19: with Griffin | C19: Dogs very yappy, kept people awake until 2am Friday, Stella had a word Sat morning then then at 1130pm warden was knocked up with complaint from same couple on plot 18. Spoke to several people near by said they heard talking but was not distured by it.
A20: Ingles/Griffin | B20: with Ingles | C20: booked on pl16 & 16a with sister Ingles - moaned on arrival did not want to back onto tents as noisy last year! Could not move as booked with sister.
A21: Jefferies cont.. | C21: with Craig Evans when left early on thurs 6 Aug 15 tipped BBQ into hedge which caught fire after they left! Man on next pitch 51 (Mr Hussey)had to put it out - also left a mess
A22: Lauermann Eva | C22: She sent a very rude email as decided not to come due to bad weather and decided we would not give her a refund so sent horrible email!
A23: Lea | C23: only booked day before - then sent email (28 July) running site down and said too expensive
A24: Lowther - Jack | C24: Booked as dad in one caravan & son in other - on arrival son with wife and 2 children | D24: TRAVELLERS for sure
A25: Lowther - Joseph | C25: Very rude to Malcolm and threatened that would get his gypsy friends to come into site | D25: TRAVELLERS for sure
A26: Lynch | C26: Grandchildren playing ball around caravans - Carrie-ann told her to play away from caravans did not like it - also put line up and girls made mess in ladies
A27: Martin | B27: 07841 681286 | C27: Group of 16 & 17 year olds - July 2017. Noisy and open fire - left a lot of litter.
A28: Midgeley & Perrett | B28: 789100997 | C28: 11/04/14: MHx2. Rung up whilst on way here. Insisting fully paid & was quite rude. Couldn't find paperwork or ref.nr. Turned out wasn't booked at all! On arrival booked m on pitch 9&10, 1 elec.point out of order and mrs Midgley said well, move us to that pitch, why don't you. Not a plesant lady at all!
A29: Minnett | C29: when here whitson B/H in 2015 someone told us they were very noisy still at midnight even the kids so if re-book need to be told to keep noise down after 10pm
A30: Mitchell | C30: Fine when they arrived - and until brother arrived for 2b see below, Mr Campion,
A31: Moile | C31: came back March 15 - young couple learning difficulties normally have carer with them came on own girl said it was there honeymoon. I had tel call at 7:10am from person concerned about noise argueing from tent
A32: NAME | B32: MOBILE | C32: COMMENT
A33: NAME | B33: MOBILE | C33: COMMENT
A34: Nathan & Josie | B34: 2380465190 | C34: On 12/8/14 @ 1030 several people came to the office to report their concerns as Josie punched Nathan in the face and they were fighting again. I went over to find all their stuff strewn over TCF. I've told them off and to clean up as they were upsetting other campers. Went back 30 mins later, Josie was still at it, so explained whatever the reason, it was no excuse to shout and ball all the time.
A35: Osborne | C35: stayed July 13 left 3 dogs in caravan - barking all afternoon did not ans mobile or text message
A36: Oswald | B36: 07966 516 804 | C36: They know people in Thornhill (Ayres) who stayed with them see note, if Oswald back then NO visitors
A37: Oswald | B37: 07966 516 804 | C37: They know people in Thornhill (Ayres) who stayed with them see note, if Oswald back then NO visitors
A38: Rankin - Peter | B38: 7843 7780 750 | C38: Stayed 4n from 19 March 14 - booked on day then arrived late 7.30pm in dark then wanted hardstand, stella said call in office in morning - he did'nt then 2 days later said so hardstanding not all booked!
A39: Smith | B39: 01277636216 /07836662000 | C39: 04/06/2014:
A40: Tiplady | C40: older couple with MH ok but family with 2 tents VERY disrespectful and noisy felt threatened | D40: 42933 | E40: Pip
A41: Tucker | B41: 41590 | C41: very rude to Leoni on phone - did not want to pay before arrival said they would write bad review - great | D41: Stella - He has put a very nice review on google and said will be back!
A42: Vincent | B42: 07519 3711 38 | C42: Complained about a caravan alarm very rude then left site at 2115
A43: Window | C43: left leaving 2 bagfull of rubbish on pitch
A44: Worrall | C44: Left early for ferry Sun 26 July at 05:55am opened gate but not barrier and drove straight through damaged barrier
A45: Osman | B45: SO19 2QJ - No 2 | F45: 720
A46: Ball | B46: Bank Hol wk end | C46: not noisy but complained about road & pitch - refunded aftert 5 mins to get rid of them
A48: Hammond | C48: 24 July for 4n - had 2 x 14yrs messing around with door codes ladies not working not sure if them or not also complaint about throwing stones
A49: Archer | C49: No noisy but complained the minute she walked in the office!
A50: Green | B50: from Scotland | C50: Not keen to let them back in - proffesional moaner it seems looking to see what she can moan about next
A51: Taylor | C51: Stayed 1 Sep 18 - complained no toilet rolls in gents - I checked and it had 5 out 6 rolls so only 1 missing but still had some other side
A52: Warren | C52: Stayed 2n 22 Sep

Sheet Ferry
A1: Adams | E1: back May 16
A2: Akers | E2: 43313
A3: Alexander | E3: 43282 | H3: POST CODE
A4: Alton - on the road | E4: booked on day no pitches so put on road next to pl 16
A5: Anderson | E5: 42186
A6: Anderson | E6: back Feb 16
A7: Andrews | C7: 01736 710 855
A8: Appleby | E8: 43009
A9: Arcangelo
A10: Archer | E10: 43191
A11: Atkin | E11: 43040
A12: Atkinson
A13: Aze | E13: 43252
A14: Bailey | E14: 42036
A15: Baker | E15: 42036
A16: Ball
A17: Bardill
A18: Barker | E18: 42461
A19: Barlow | E19: back Nov 16
A20: Barlow | E20: 42948
A21: Barnard | E21: 43252
A22: Barnes
A23: Barr | E23: 42552
A24: Barrett | E24: 42887
A25: Barrow | E25: 42675
A26: Bartlett | E26: 43374
A27: Bates | E27: 43160
A28: Batman | E28: 42217
A29: Battisson | E29: 42948
A30: Baxter | E30: 43160
A31: Bayley | E31: 42917
A32: Bayley | E32: 42948
A33: Beacham | E33: 43101
A34: Beacham - no show
A35: Beattie | E35: June 18 back Aug & Sep
A36: Bell
A37: Bentley | E37: 42156
A38: Bentley | E38: 42339
A39: berrow | E39: 43252
A40: Berry | E40: 42125
A41: Berry | E41: 45047
A42: Best | E42: 42552
A43: Beven | E43: 42186
A44: Billington | E44: 43101
A45: Bilvirstone | E45: 42887
A46: Binns | E46: 45108 | H46: WR6 6AR
A47: Birt | E47: 42887
A48: Blunt
A49: Bodenham | E49: 43132
A50: Bolton
A51: Bowyer | E51: back June 16
A52: Bradbury | E52: 42370
A53: Brady | E53: 37104
A54: Braybrook | E54: 42401
A55: Breton | E55: 42552
A56: Brice | E56: 43221
A57: Brieton | E57: 42552
A58: Briney | E58: 43132
A59: Brint | E59: 43374
A60: Bromley | E60: Back April 18
A61: Broom | E61: back Jan 18 | H61: NR14 7EU
A62: Brown | E62: 42856
A63: Brown | E63: 43101
A64: Brown | E64: 43132
A65: Brown Eira | E65: 42217
A66: Buckley
A67: Bunn | E67: 43282
A68: Burrell | E68: 42767
A69: Burton | E69: 42156
A70: Bussell | E70: 42522
A71: Butler | B71: Pip these need to copied then paste from the | E71: 43221
A72: Butterfield | E72: 37073
A73: Bye | E73: 43221
A74: Byiers | E74: 42278
A75: Cackett | E75: 40756
A76: Cackett | E76: 42948
A77: Cahill | E77: 42948
A78: Cairnie | E78: back June 16
A79: Cairns | E79: 01/06/2018 - back Jan 19
A80: Cameron | E80: 42156
A81: Capewell | E81: 42217
A82: Carroll | E82: 42552
A83: Cartwright
A84: Cartwright | E84: Back Apri 18
A85: Cass
A86: Cassidy | E86: 43313
A87: Caulfield
A88: Cawood | E88: 42552 | F88: IOW
A89: Chadwick | E89: 42370
A90: Chadwick | E90: 42370
A91: Chadwick | E91: 43221
A92: Chapman | E92: 42005
A93: Cheadle | E93: Apirl 18
A94: Childs | E94: back off ferry MaRCH 17
A95: Chipperton | E95: back Nov 17
A96: Chipperton | E96: back March 18
A97: Churchill | E97: 43221
A98: Clark | E98: 42705
A99: Clark | E99: 43132
A100: Clay | E100: 42491
...

Sheet Data Base
A1: Adams | C1: 01481 253029 | D1: stayed b4 - from Gurnsey came back oct 13
A2: Adams
A3: Alan Worthington | D3: Linda Birchwood recommended - owner of caravan park Wareham, stayed whilst working on a boat in Hamble
A4: Allen | D4: back March 17
A5: Allen | D5: ACSI
A6: Andy Cole | B6: 0795 111 8928 | D6: andycole15@talktalk.net | F6: TW2 5GH
A7: Armitstead | C7: Armitstead cont….. | D7: Mitsabushi worker - March 18 | G7: 288
A8: Armstrong | D8: back march 17 & Nov 17 back Jan 18
A9: Ayres - James | D9: Stayed few times 2013 live in France back 22 April 14 - back Oct 18 | J9: House name
A10: Baker | B10: 07850 214 846
A11: Balmer | B11: <avbjersey@gmail.com> | D11: back each wk for 2 or 3 nights | G11: 765 | H11: TR12 6BZ
A12: Bannister - Roger | D12: stayed June 18
A13: Barber Mrs | B13: 07883 149 881
A14: Barker | B14: 07729 733 899 | C14: 01792 404713 | D14: Back in Oct 13
A15: Barnes
A16: Barry | D16: stayed Jan 2016 came off ferry - wardens in 2015 at Wareham owners Sarah & Tony - going to Wales now
A17: Bartlett - Michael | B17: 07918 185 240
A18: Bassett - AD91 EZ Jane & Chris | B18: 0784 0244617
A19: Bateson | D19: Every year stay in Oct - plumb in to water
A20: Bateson, Henry | B20: Pat: 01379 687629 | D20: Stays in Stella's caravans prior to yacht races
A21: Bayliss | C21: Sec 071 | D21: caravan mess, 3 cats mess in awning | G21: address: 92 Magellan House, Armouries Way, Leeds LS10 1JG
A22: Beaumont - Thelma & John | B22: 0770 246 9016 | C22: 01524 770448 | D22: 2 |+ dog + car 23' M/H - family near by | G22: Doctor
A23: Beddow | D23: back March 17
A24: Beddow | D24: Back Feb & May 18
A25: Bee | C25: 077 115 127 90 | D25: stayed twice in Nov 15
A26: Bee | D26: back Oct 17
A27: Beer | D27: rock up for 7n March 17 - near disabled | I27: Back again for 13n July 15
A28: Bellinger | C28: 01865 727744 | D28: from Oxford - stayed Nov 13 said will be back loved it
A29: Bennett
A30: Bessant | B30: clive.bessant@gmail.com | D30: Interested in being wardens
A31: Bickerton | B31: 01270 569513 | C31: always Plot 7 | D31: back in July 14 - Stella gave £25 discount as booked for 12 nights
A32: Birch | D32: back May 18
A33: Birch (Leah) owe for ex adults | D33: Own Park Homes - developing Riverside July 16
A34: Birtles | D34: May b/hol 18
A35: Bissell - David | B35: 0753 4734607 | C35: plot 5 | D35: back sep 2016 grandaughters birthday | I35: April
A36: Blackburn | B36: 01235 759 491 | C36: 07711 864 304 | D36: son nearby stayed 2015 back Apr 16 for christening
A37: Blackburn | D37: son lives in Netley
A38: Blair | D38: back Jan 15 from Portsmouth
A39: Blewden | D39: stayed May 18 | I39: 42979
A40: Blewett | D40: back March 15
A41: Boeing | D41: stayed Aug 17 back Aug 18
A42: Bolle cont.. | D42: Cees from Holland | F42: 43009 | H42: 845
A43: Bone | B43: 7920140720 | D43: 29' came 2012 for wife to have heart op in General Hos
A44: Booth | D44: Back June 17
A45: Bowden | D45: Back feb 18
A46: Bowles | D46: 4659 5073 5182 2044 | F46: Bailey 555
A47: Bowman | B47: 07836 259 659 | C47: 01442 265891
A48: Bowness
A49: Box | D49: Family near by stayed 2016 will be back next year in school holidays
A50: Brawn | B50: 077 390 39687 | C50: 01795 870106 | D50: 30'M/H son lives in Shotters Cl off Botley Rd
A51: Bray | B51: 0777 375 1286 | D51: stayed in 2013-back June 2014
A52: Bridgwater m- DO NOT MOVE BOOKED OCT 2014 | C52: 0115 925 4882 | D52: back 2015 & Apr 2016 & 2017 | F52: Carol & Alan | H52: PLOT 12 requested each time
A53: Broadbent - TIMBERLAND | C53: TIMBERLAND | D53: stayed oct 15 in a Timberland had it 8yrs really nice
A54: Broome | D54: back oct 17
A55: Broomfield | D55: stayed Nov 16 back in Dec 2n - back again Dec 17
A56: Brown - John & Sue | B56: 782 566 9238 | C56: BB4 2013 | D56: Likes to watch cruise ships sail out | G56: back June 17 & Oct 17
A57: Brown - Pauline | D57: Cruise and stay May & Oct 18 | J57: 868
A58: Brown Group - from Porsmouth they had a lovely time July they were ok no noise
A59: Bryant | D59: acsi
A60: Buckingham
A61: Buckingham/Hall
A62: Buckley - SEASONAL | B62: 07790 570012 | C62: 01706 656068 | D62: Vic and Jan, Daughter died in Dec 2012 he still comes down to see grandchildren
A63: Bulpitt | C63: back March 16 | D63: Tony & Moira know Ken Yeoman from Tugs | I63: 42217
A64: Bunker | D64: back July 15
A65: Burch | D65: for IOW stayed 5n here
A66: Burgess | B66: 0781 455 6190 | C66: 0154 367 6558 | D66: back in 2014
A67: Burnard - Sonia | D67: Sonia very kindly offered to put review on google - if she comes back free wk-end
A68: Burnett | D68: 43132
A69: Burrell | C69: 01726 6369 0 | D69: back in July 13
A70: Burt | D70: comes every year for boat show 11n
A71: Butt - Christine | B71: 07849 228064 | D71: plot 30 looking for house in area to get Callum in school here
A72: Button - do not move | D72: back Jan 18
A73: Buxton | B73: 07769 357728 | C73: 01789 450610 | D73: stayed wk only pitch left pl 23 so bit noisy as nere rd
A74: Bye | D74: stayed Dec 2015 & 2016 - xmas shopping
A75: Bye | D75: back dec 17 come every yr xmas shopping
A76: Cadden | B76: 0797 171 2924 | D76: son at Soton Uni
A77: Cambling | D77: back in Jan 17 with Dyer
A78: Candy - Justin & Ann | B78: 07884 265 075 | C78: 01244 638552 | D78: stayed again Nov 13 - twice in sep 16 then Oct as dad had fall
A79: Carroll | D79: son just moved to Swanwick they live Kent liked site Sep 16
A80: Carruthers - Stuart | B80: 0790 999 2382 | D80: Stuart work at RYC Hamble | F80: TE36 5NU | H80: No 2
A81: Cartwright
A82: Chadwick | D82: Here for regattas & then store until end of July 18
A83: Chalk | D83: Back Sep 18 - son at Uni
A84: Cheesman
A85: Christiano | D85: stayed |March to look at Uni - if re book check age of children as look like over 16yrs
A86: Claridge | B86: 07765 214 467 | C86: 01242 234212
A87: Clarke | B87: 07825 870 535
A88: Clarke | D88: 2 gay guys ok - Andrew mental health nurse also works with Autistic
A89: Clarke | D89: 43252
A90: Clarke - David | C90: wk at hosp | D90: back 2 Nov 17
A91: Clay | D91: back April 17
A92: Clews | D92: :David Clews [clews@me.com] [add contact]
A93: Clifton | D93: stayed Nov 14 back May 15
A94: Coe | D94: back Sep & Oct 18 | F94: LD1 5PF
A95: Coleman | D95: BB4 came back May 16 had BBQ with load of visitors did not ask or pay - actually they are ok and have family near
A96: Colin Millmam | B96: 0781 5826 152 | D96: work with John Talbot 4751 2900 8269 2880 | H96: 298
A97: Colin Millmam | C97: BF7 7SJ No.133 | D97: March 17 - 298
A98: Colin Wilson | B98: 7787 576 737 | D98: Colin goes home wk ends to Darlington
A99: Conlon | C99: 079141 54494 | D99: Back Nov 17
A100: Cooper | D100: 7 lads 2 cars stayed July 13 they were all ok no noise & polite
...

Sheet ALERTS
A1: 41640 | C1: =TODAY() -> 43430 | E1: =C1-A1 -> 1790 | G1: 41275 | H1: 0 | I1: =G41+1 -> 41316 | J1: =H41+1 -> 41 | K1: =I41+1 -> 41357 | L1: =J41+1 -> 82 | M1: =K41+1 -> 41398 | N1: =L41+1 -> 123 | O1: =M41+1 -> 41439 | P1: =N41+1 -> 164 | ... X1: =V41+1 -> 328
A2: TO SET AN ALERT: | G2: 41276 | H2: 1 | I2: =I1+1 -> 41317 | J2: =J1+1 -> 42 | K2: =K1+1 -> 41358 | L2: =L1+1 -> 83 | M2: =M1+1 -> 41399 | N2: =N1+1 -> 124 | O2: =O1+1 -> 41440 | P2: =P1+1 -> 165 | ... X2: =X1+1 -> 329
G3: 41277 | H3: 2 | I3: =I2+1 -> 41318 | J3: =J2+1 -> 43 | K3: =K2+1 -> 41359 | L3: =L2+1 -> 84 | M3: =M2+1 -> 41400 | N3: =N2+1 -> 125 | O3: =O2+1 -> 41441 | P3: =P2+1 -> 166 | ... X3: =X2+1 -> 330
A4: 1/. | B4: There are 3 available alerts in any one month | G4: 41278 | H4: 3 | I4: =I3+1 -> 41319 | J4: =J3+1 -> 44 | K4: =K3+1 -> 41360 | L4: =L3+1 -> 85 | M4: =M3+1 -> 41401 | N4: =N3+1 -> 126 | O4: =O3+1 -> 41442 | P4: =P3+1 -> 167 | ... X4: =X3+1 -> 331
G5: 41279 | H5: 4 | I5: =I4+1 -> 41320 | J5: =J4+1 -> 45 | K5: =K4+1 -> 41361 | L5: =L4+1 -> 86 | M5: =M4+1 -> 41402 | N5: =N4+1 -> 127 | O5: =O4+1 -> 41443 | P5: =P4+1 -> 168 | ... X5: =X4+1 -> 332
A6: 2/. | B6: In the chart below select an empty (i.e. unused) box | G6: 41280 | H6: 5 | I6: =I5+1 -> 41321 | J6: =J5+1 -> 46 | K6: =K5+1 -> 41362 | L6: =L5+1 -> 87 | M6: =M5+1 -> 41403 | N6: =N5+1 -> 128 | O6: =O5+1 -> 41444 | P6: =P5+1 -> 169 | ... X6: =X5+1 -> 333
B7: for the month when the alert should pop up and | G7: 41281 | H7: 6 | I7: =I6+1 -> 41322 | J7: =J6+1 -> 47 | K7: =K6+1 -> 41363 | L7: =L6+1 -> 88 | M7: =M6+1 -> 41404 | N7: =N6+1 -> 129 | O7: =O6+1 -> 41445 | P7: =P6+1 -> 170 | ... X7: =X6+1 -> 334
B8: type in the green box the alert that you want, for | G8: 41282 | H8: 7 | I8: =I7+1 -> 41323 | J8: =J7+1 -> 48 | K8: =K7+1 -> 41364 | L8: =L7+1 -> 89 | M8: =M7+1 -> 41405 | N8: =N7+1 -> 130 | O8: =O7+1 -> 41446 | P8: =P7+1 -> 171 | ... X8: =X7+1 -> 335
B9: example, MoT PAJERO | G9: 41283 | H9: 8 | I9: =I8+1 -> 41324 | J9: =J8+1 -> 49 | K9: =K8+1 -> 41365 | L9: =L8+1 -> 90 | M9: =M8+1 -> 41406 | N9: =N8+1 -> 131 | O9: =O8+1 -> 41447 | P9: =P8+1 -> 172 | ... X9: =X8+1 -> 336
G10: 41284 | H10: 9 | I10: =I9+1 -> 41325 | J10: =J9+1 -> 50 | K10: =K9+1 -> 41366 | L10: =L9+1 -> 91 | M10: =M9+1 -> 41407 | N10: =N9+1 -> 132 | O10: =O9+1 -> 41448 | P10: =P9+1 -> 173 | ... X10: =X9+1 -> 337
A11: 3/. | B11: From the chart opposite choose the date when you | G11: 41285 | H11: 10 | I11: =I10+1 -> 41326 | J11: =J10+1 -> 51 | K11: =K10+1 -> 41367 | L11: =L10+1 -> 92 | M11: =M10+1 -> 41408 | N11: =N10+1 -> 133 | O11: =O10+1 -> 41449 | P11: =P10+1 -> 174 | ... X11: =X10+1 -> 338
B12: want the alert to appear, and type the day number | G12: 41286 | H12: 11 | I12: =I11+1 -> 41327 | J12: =J11+1 -> 52 | K12: =K11+1 -> 41368 | L12: =L11+1 -> 93 | M12: =M11+1 -> 41409 | N12: =N11+1 -> 134 | O12: =O11+1 -> 41450 | P12: =P11+1 -> 175 | ... X12: =X11+1 -> 339
B13: in the box next to the warning. | G13: 41287 | H13: 12 | I13: =I12+1 -> 41328 | J13: =J12+1 -> 53 | K13: =K12+1 -> 41369 | L13: =L12+1 -> 94 | M13: =M12+1 -> 41410 | N13: =N12+1 -> 135 | O13: =O12+1 -> 41451 | P13: =P12+1 -> 176 | ... X13: =X12+1 -> 340
G14: 41288 | H14: 13 | I14: =I13+1 -> 41329 | J14: =J13+1 -> 54 | K14: =K13+1 -> 41370 | L14: =L13+1 -> 95 | M14: =M13+1 -> 41411 | N14: =N13+1 -> 136 | O14: =O13+1 -> 41452 | P14: =P13+1 -> 177 | ... X14: =X13+1 -> 341
A15: 4/. | B15: Wait for the alert to pop-up on the month-page ! | G15: 41289 | H15: 14 | I15: =I14+1 -> 41330 | J15: =J14+1 -> 55 | K15: =K14+1 -> 41371 | L15: =L14+1 -> 96 | M15: =M14+1 -> 41412 | N15: =N14+1 -> 137 | O15: =O14+1 -> 41453 | P15: =P14+1 -> 178 | ... X15: =X14+1 -> 342
G16: 41290 | H16: 15 | I16: =I15+1 -> 41331 | J16: =J15+1 -> 56 | K16: =K15+1 -> 41372 | L16: =L15+1 -> 97 | M16: =M15+1 -> 41413 | N16: =N15+1 -> 138 | O16: =O15+1 -> 41454 | P16: =P15+1 -> 179 | ... X16: =X15+1 -> 343
C17: ALERTS | D17: DAY No's | G17: 41291 | H17: 16 | I17: =I16+1 -> 41332 | J17: =J16+1 -> 57 | K17: =K16+1 -> 41373 | L17: =L16+1 -> 98 | M17: =M16+1 -> 41414 | N17: =N16+1 -> 139 | O17: =O16+1 -> 41455 | P17: =P16+1 -> 180 | ... X17: =X16+1 -> 344
A18: JAN | E18: =IF($C$1-$A$1>D18,C18,"") -> 0 | G18: 41292 | H18: 17 | I18: =I17+1 -> 41333 | J18: =J17+1 -> 58 | K18: =K17+1 -> 41374 | L18: =L17+1 -> 99 | M18: =M17+1 -> 41415 | N18: =N17+1 -> 140 | O18: =O17+1 -> 41456 | P18: =P17+1 -> 181 | ... X18: =X17+1 -> 345
A19: JAN | E19: =IF($C$1-$A$1>D19,C19,"") -> 0 | G19: 41293 | H19: 18 | I19: =I18+1 -> 41334 | J19: =J18+1 -> 59 | K19: =K18+1 -> 41375 | L19: =L18+1 -> 100 | M19: =M18+1 -> 41416 | N19: =N18+1 -> 141 | O19: =O18+1 -> 41457 | P19: =P18+1 -> 182 | ... X19: =X18+1 -> 346
A20: JAN | E20: =IF($C$1-$A$1>D20,C20,"") -> 0 | G20: 41294 | H20: 19 | I20: =I19+1 -> 41335 | J20: =J19+1 -> 60 | K20: =K19+1 -> 41376 | L20: =L19+1 -> 101 | M20: =M19+1 -> 41417 | N20: =N19+1 -> 142 | O20: =O19+1 -> 41458 | P20: =P19+1 -> 183 | ... X20: =X19+1 -> 347
A21: FEB | E21: =IF($C$1-$A$1>D21,C21,"") -> 0 | G21: 41295 | H21: 20 | I21: =I20+1 -> 41336 | J21: =J20+1 -> 61 | K21: =K20+1 -> 41377 | L21: =L20+1 -> 102 | M21: =M20+1 -> 41418 | N21: =N20+1 -> 143 | O21: =O20+1 -> 41459 | P21: =P20+1 -> 184 | ... X21: =X20+1 -> 348
A22: FEB | E22: =IF($C$1-$A$1>D22,C22,"") -> 0 | G22: 41296 | H22: 21 | I22: =I21+1 -> 41337 | J22: =J21+1 -> 62 | K22: =K21+1 -> 41378 | L22: =L21+1 -> 103 | M22: =M21+1 -> 41419 | N22: =N21+1 -> 144 | O22: =O21+1 -> 41460 | P22: =P21+1 -> 185 | ... X22: =X21+1 -> 349
A23: FEB | E23: =IF($C$1-$A$1>D23,C23,"") -> 0 | G23: 41297 | H23: 22 | I23: =I22+1 -> 41338 | J23: =J22+1 -> 63 | K23: =K22+1 -> 41379 | L23: =L22+1 -> 104 | M23: =M22+1 -> 41420 | N23: =N22+1 -> 145 | O23: =O22+1 -> 41461 | P23: =P22+1 -> 186 | ... X23: =X22+1 -> 350
A24: MAR | E24: =IF($C$1-$A$1>D24,C24,"") -> 0 | G24: 41298 | H24: 23 | I24: =I23+1 -> 41339 | J24: =J23+1 -> 64 | K24: =K23+1 -> 41380 | L24: =L23+1 -> 105 | M24: =M23+1 -> 41421 | N24: =N23+1 -> 146 | O24: =O23+1 -> 41462 | P24: =P23+1 -> 187 | ... X24: =X23+1 -> 351
A25: MAR | E25: =IF($C$1-$A$1>D25,C25,"") -> 0 | G25: 41299 | H25: 24 | I25: =I24+1 -> 41340 | J25: =J24+1 -> 65 | K25: =K24+1 -> 41381 | L25: =L24+1 -> 106 | M25: =M24+1 -> 41422 | N25: =N24+1 -> 147 | O25: =O24+1 -> 41463 | P25: =P24+1 -> 188 | ... X25: =X24+1 -> 352
A26: MAR | E26: =IF($C$1-$A$1>D26,C26,"") -> 0 | G26: 41300 | H26: 25 | I26: =I25+1 -> 41341 | J26: =J25+1 -> 66 | K26: =K25+1 -> 41382 | L26: =L25+1 -> 107 | M26: =M25+1 -> 41423 | N26: =N25+1 -> 148 | O26: =O25+1 -> 41464 | P26: =P25+1 -> 189 | ... X26: =X25+1 -> 353
A27: APR | E27: =IF($C$1-$A$1>D27,C27,"") -> 0 | G27: 41301 | H27: 26 | I27: =I26+1 -> 41342 | J27: =J26+1 -> 67 | K27: =K26+1 -> 41383 | L27: =L26+1 -> 108 | M27: =M26+1 -> 41424 | N27: =N26+1 -> 149 | O27: =O26+1 -> 41465 | P27: =P26+1 -> 190 | ... X27: =X26+1 -> 354
A28: APR | E28: =IF($C$1-$A$1>D28,C28,"") -> 0 | G28: 41302 | H28: 27 | I28: =I27+1 -> 41343 | J28: =J27+1 -> 68 | K28: =K27+1 -> 41384 | L28: =L27+1 -> 109 | M28: =M27+1 -> 41425 | N28: =N27+1 -> 150 | O28: =O27+1 -> 41466 | P28: =P27+1 -> 191 | ... X28: =X27+1 -> 355
A29: APR | E29: =IF($C$1-$A$1>D29,C29,"") -> 0 | G29: 41303 | H29: 28 | I29: =I28+1 -> 41344 | J29: =J28+1 -> 69 | K29: =K28+1 -> 41385 | L29: =L28+1 -> 110 | M29: =M28+1 -> 41426 | N29: =N28+1 -> 151 | O29: =O28+1 -> 41467 | P29: =P28+1 -> 192 | ... X29: =X28+1 -> 356
... A37: JUL | E37: =IF($C$1-$A$1>D37,C37,"") -> 0 | G37: 41311 | H37: 36 | I37: =I36+1 -> 41352 | J37: =J36+1 -> 77 | K37: =K36+1 -> 41393 | L37: =L36+1 -> 118 | M37: =M36+1 -> 41434 | N37: =N36+1 -> 159 | O37: =O36+1 -> 41475 | P37: =P36+1 -> 200 | ... X37: =X36+1 -> 364
A38: JUL | E38: =IF($C$1-$A$1>D38,C38,"") -> 0 | G38: 41312 | H38: 37 | I38: =I37+1 -> 41353 | J38: =J37+1 -> 78 | K38: =K37+1 -> 41394 | L38: =L37+1 -> 119 | M38: =M37+1 -> 41435 | N38: =N37+1 -> 160 | O38: =O37+1 -> 41476 | P38: =P37+1 -> 201 | ... V38: =V37+1 -> 324
A39: AUG | E39: =IF($C$1-$A$1>D39,C39,"") -> 0 | G39: 41313 | H39: 38 | I39: =I38+1 -> 41354 | J39: =J38+1 -> 79 | K39: =K38+1 -> 41395 | L39: =L38+1 -> 120 | M39: =M38+1 -> 41436 | N39: =N38+1 -> 161 | O39: =O38+1 -> 41477 | P39: =P38+1 -> 202 | ... V39: =V38+1 -> 325
A40: AUG | E40: =IF($C$1-$A$1>D40,C40,"") -> 0 | G40: 41314 | H40: 39 | I40: =I39+1 -> 41355 | J40: =J39+1 -> 80 | K40: =K39+1 -> 41396 | L40: =L39+1 -> 121 | M40: =M39+1 -> 41437 | N40: =N39+1 -> 162 | O40: =O39+1 -> 41478 | P40: =P39+1 -> 203 | ... V40: =V39+1 -> 326
A41: AUG | E41: =IF($C$1-$A$1>D41,C41,"") -> 0 | G41: 41315 | H41: 40 | I41: =I40+1 -> 41356 | J41: =J40+1 -> 81 | K41: =K40+1 -> 41397 | L41: =L40+1 -> 122 | M41: =M40+1 -> 41438 | N41: =N40+1 -> 163 | O41: =O40+1 -> 41479 | P41: =P40+1 -> 204 | ... V41: =V40+1 -> 327
A42: SEP | E42: =IF($C$1-$A$1>D42,C42,"") -> 0
A43: SEP | E43: =IF($C$1-$A$1>D43,C43,"") -> 0
A44: SEP | E44: =IF($C$1-$A$1>D44,C44,"") -> 0
A45: OCT | E45: =IF($C$1-$A$1>D45,C45,"") -> 0
A46: OCT | E46: =IF($C$1-$A$1>D46,C46,"") -> 0
A47: OCT | E47: =IF($C$1-$A$1>D47,C47,"") -> 0
A48: NOV | E48: =IF($C$1-$A$1>D48,C48,"") -> 0
A49: NOV | E49: =IF($C$1-$A$1>D49,C49,"") -> 0
A50: NOV | E50: =IF($C$1-$A$1>D50,C50,"") -> 0
A51: DEC | E51: =IF($C$1-$A$1>D51,C51,"") -> 0
A52: DEC | E52: =IF($C$1-$A$1>D52,C52,"") -> 0
A53: DEC | E53: =IF($C$1-$A$1>D53,C53,"") -> 0

Sheet Sheet1
